 Dungeon Crawl Stone Soup version 0.24-a0-230-g536ed4e33c (webtiles) character file.

Game seed: 18409851233152993619

1276522 Redear the Conqueror (level 27, -3/273 HPs)
             Began as a Minotaur Monk on Apr 2, 2019.
             Was the Champion of the Shining One.
             Killed by divine providence
             ... invoked by a greater mummy
              (13 damage)
             ... on level 3 of the Tomb of the Ancients on Apr 3, 2019.
             The game lasted 13:26:52 (105009 turns).

Redear the Conqueror (Minotaur Monk)              Turns: 105009, Time: 13:26:52

Health: -3/273     AC: 44    Str: 31 (33) XL:     27
Magic:  18/33      EV: 21    Int:  7 (9)  God:    the Shining One [******]
Gold:   9813       SH: 40    Dex: 16 (17) Spells: 18/40 levels left

rFire    + + +     SeeInvis .   X - +9 broad axe (holy)
rCold    + + .     Gourm    .   E - +7 large shield {reflect} {Reflect}
rNeg     + + +     Faith    .   h - +15 plate armour of the Forgotten Scars {Slay+4}
rPois    +         Spirit   .   G - -1 hat of Truth {rElec rC+}
rElec    +         Reflect  +   s - scarf {repulsion} {rMsl}
rCorr    .         Harm     .   g - +1 pair of gloves
MR       +++..                  J - +1 pair of boots "Nulif" {rF+ Dex+4 Slay+2}
Stlth    ..........             y - amulet "Xablonur" {Reflect rElec rF++ MR+ Str-4 SH+5}
HPRegen  0.55/turn              d - ring "Vygor" {rPois Str+8 Int+3}
MPRegen  0.23/turn              p - ring of the Octopus King {rF+ AC+1 EV+1 Str+1 Int+1 Dex+1}

@: silence, very slightly contaminated, glowing, repel missiles
A: retaliatory headbutt, horns 2, blurry vision 1, clumsy 1, cold resistance 1,
deterioration 2, dopey 1, fire resistance 1, low mp 1, shaggy fur 1
}: 14/15 runes: decaying, slimy, silver, iron, obsidian, icy, bone, abyssal,
demonic, glowing, magical, fiery, dark, gossamer
a: Renounce Religion


You were on level 3 of the Tomb of the Ancients.
You worshipped the Shining One.
The Shining One was exalted by your worship.
You were hungry.

You visited 18 branches of the dungeon, and saw 86 of its levels.
You visited Pandemonium 2 times, and saw 21 of its levels.
You visited the Abyss 3 times.
You also visited: Ice Cave and Desolation.

You collected 12986 gold pieces.
You spent 2992 gold pieces at shops.
You donated 181 gold pieces to Zin.

Inventory:

Hand Weapons
 w - a +3 antimagic trident
 F - a +8 fustibalus of freezing
 X - a +9 broad axe of holy wrath (weapon)
Missiles
 u - 2 javelins of returning (quivered) {+f@Q1}
 A - 7 throwing nets {=f}
 O - 14 javelins of penetration {=f}
 S - 372 sling bullets
 T - 5 silver javelins {=f}
Armour
 g - a +1 pair of gloves (worn)
 h - the +15 plate armour of the Forgotten Scars (worn) {Slay+4}
   (You bought it in a shop on level 4 of the Vaults)

   It affects your accuracy and damage with ranged weapons and melee attacks
   (+4).
 s - a scarf of repulsion (worn) {rMsl}
 C - the +0 pair of boots of Roixzutse {MP+9 Int+5}
   (You found it on level 7 of the Iron City of Dis)

   It affects your intelligence (+5).
   It affects your magic capacity (+9).
 E - a +7 large shield of reflection (worn) {Reflect}
 G - the -1 hat of Truth (worn) {rElec rC+}
   (You found it on level 14 of the Dungeon)

   It protects you from cold.
   It insulates you from electricity.
 J - the +1 pair of boots "Nulif" (worn) {rF+ Dex+4 Slay+2}
   (You found it on level 5 of the Vaults)

   It affects your dexterity (+4).
   It affects your accuracy and damage with ranged weapons and melee attacks
   (+2).
   It protects you from fire.
Jewellery
 d - the ring "Vygor" (left hand) {rPois Str+8 Int+3}
   (You found it in Pandemonium)

   [ring of intelligence]

   It affects your strength (+8).
   It affects your intelligence (+3).
   It protects you from poison.
 j - the ring "Aqoodupu" {Fire MR+ MP+9 Dex-2 SInv}
   (You took it off a tengu reaver on level 2 of the Depths)

   [ring of fire]

   It enhances your fire magic.
   It affects your dexterity (-2).
   It protects you from fire.
   It makes you vulnerable to cold.
   It affects your resistance to hostile enchantments.
   It affects your magic capacity (+9).
   It lets you see invisible.
 m - the ring "Niloassede" {Wiz rN+ SInv}
   (You found it on level 5 of the Pits of Slime)

   [ring of wizardry]

   It improves your spell success rate.
   It protects you from negative energy.
   It lets you see invisible.
 o - an uncursed amulet of rage
 p - a ring of the Octopus King (right hand) {rF+ AC+1 EV+1 Str+1 Int+1 Dex+1}
   (You found it on level 7 of the Iron City of Dis)

   [ring of protection from fire]

   It affects your AC (+1).
   It affects your evasion (+1).
   It affects your strength (+1).
   It affects your intelligence (+1).
   It affects your dexterity (+1).
   It protects you from fire.
 y - the amulet "Xablonur" (around neck) {Reflect rElec rF++ MR+ Str-4 SH+5}
   (You found it on level 3 of the Elven Halls)

   [amulet of reflection]

   It shields you and reflects attacks.
   It affects your strength (-4).
   It greatly protects you from fire.
   It insulates you from electricity.
   It affects your resistance to hostile enchantments.
   It affects your SH (+5).
 I - the ring of Keroa {rF+ rC+ Stlth+}
   (You found it on level 5 of the Pits of Slime)

   [ring of stealth]

   It protects you from fire.
   It protects you from cold.
   It makes you more stealthy.
 L - the amulet of Oxeoc {Faith Int+5 Dex+4}
   (You took it off a vault guard on level 5 of the Vaults)

   [amulet of faith]

   It allows you to gain divine favour quickly.
   It affects your intelligence (+5).
   It affects your dexterity (+4).
 N - the ring "Xuyxiosi" {MR+ MP+9}
   (You found it on level 5 of the Pits of Slime)

   [ring of magical power]

   It affects your resistance to hostile enchantments.
   It affects your magic capacity (+9).
 P - the ring of Hedonism {rCorr Dex+2}
   (You found it on level 7 of Cocytus)

   [ring of resist corrosion]

   It affects your dexterity (+2).
 V - the ring "Zunano" {rC++ rN+ Str-2 Dex+2 SInv}
   (You found it on level 3 of the Crypt)

   [ring of positive energy]

   It affects your strength (-2).
   It affects your dexterity (+2).
   It greatly protects you from cold.
   It protects you from negative energy.
   It lets you see invisible.
Wands
 a - a wand of acid (38)
 z - a wand of scattershot (11)
 D - a wand of digging (13)
Scrolls
 e - 2 scrolls of fear
 i - 17 scrolls of identify
 l - 17 scrolls of immolation {!r}
 q - 2 scrolls of silence
 r - 36 scrolls of remove curse
 t - 4 scrolls of teleportation
 Q - 2 scrolls of magic mapping {!r}
Potions
 n - a potion of ambrosia
 v - 21 potions of curing
 x - 2 potions of resistance
 H - 4 potions of flight
 K - a potion of cancellation
 U - 2 potions of agility
 W - 3 potions of brilliance
 Y - 8 potions of lignification {!q}
Miscellaneous
 M - a lamp of fire
Comestibles
 c - 42 rations


   Skills:
 O Level 27 Fighting
 - Level 23.3 Axes
 - Level 16.7 Throwing
 O Level 27 Armour
 - Level 17.2 Dodging
 - Level 1.5 Stealth
 O Level 27 Shields
 - Level 7.4 Spellcasting
 - Level 5.7 Hexes
 - Level 7.1 Charms
 - Level 12.8 Summonings
 + Level 20.0 Translocations
 - Level 5.3 Transmutations
 - Level 5.3 Earth Magic
 - Level 22.8 Invocations
 - Level 2.1 Evocations


You had 18 spell levels left.
You knew the following spells:

 Your Spells              Type           Power        Failure   Level  Hunger
b - Blink                 Tloc           N/A          1%          2    ##.....
e - Lesser Beckoning      Tloc           ####......   1%          3    ###....
g - Apportation           Tloc           ####..       0%          1    None
q - Aura of Abjuration    Summ           ###.......   9%          5    ######.
r - Portal Projectile     Hex/Tloc       ###...       1%          3    ###....
w - Passwall              Tmut/Erth      ##......     10%         2    ##.....
x - Mephitic Cloud        Conj/Pois/Air  #.......     86%         3    ###....
z - Spectral Weapon       Hex/Chrm       ##......     12%         3    ###....

Your spell library contained the following spells:

 Spells                   Type           Power        Failure   Level  Hunger
 Summon Butterflies       Summ           ###.....     1%          1    None
 Summon Small Mammal      Summ           ###.         1%          1    None
 Call Imp                 Summ           ###.....     1%          2    ##.....
 Shroud of Golubria       Chrm/Tloc      ###.......   1%          2    ##.....
 Call Canine Familiar     Summ           ###.....     1%          3    ###....
 Gell's Gravitas          Tloc           ####......   1%          3    ###....
 Recall                   Summ/Tloc      N/A          1%          3    ###....
 Teleport Other           Tloc           ####....     1%          3    ###....
 Passage of Golubria      Tloc           N/A          1%          4    ####...
 Summon Forest            Summ/Tloc      ####......   1%          5    ######.
 Dispersal                Tloc           ####......   2%          6    #######
 Summon Guardian Golem    Hex/Summ       ###.....     3%          3    ###....
 Confusing Touch          Hex            ##....       5%          1    None
 Corona                   Hex            ##.....      5%          1    None
 Beastly Appendage        Tmut           ##....       6%          1    None
 Sandblast                Erth           ##....       6%          1    None
 Slow                     Hex            ##......     9%          2    ##.....
 Summon Demon             Summ           ###.......   9%          5    ######.
 Sticks to Snakes         Tmut           ##......     10%         2    ##.....
 Force Lance              Conj/Tloc      ###.....     10%         4    ####...
 Confuse                  Hex            ##......     16%         3    ###....
 Tukima's Dance           Hex            ##......     16%         3    ###....
 Ensorcelled Hibernation  Hex/Ice        #.....       26%         2    ##.....
 Summon Mana Viper        Hex/Summ       ###.....     34%         5    ######.
 Ozocubu's Armour         Chrm/Ice       #.......     36%         3    ###....
 Regeneration             Chrm/Necr      #.........   36%         3    ###....
 Summon Ice Beast         Ice/Summ       ##......     38%         4    ####...
 Summon Lightning Spire   Summ/Air       ##......     38%         4    ####...
 Shadow Creatures         Summ           N/A          41%         6    #######
 Dazzling Spray           Conj/Hex       #.....       47%         3    ###....
 Inner Flame              Hex/Fire       #.......     47%         3    ###....
 Cause Fear               Hex            ##........   47%         4    ####...
 Animate Skeleton         Necr           N/A          50%         1    None
 Flame Tongue             Conj/Fire      #....        50%         1    None
 Freeze                   Ice            #...         50%         1    None
 Magic Dart               Conj           #...         50%         1    None
 Pain                     Necr           #...         50%         1    None
 Sting                    Conj/Pois      #...         50%         1    None
 Spider Form              Tmut/Pois      #.........   50%         3    ###....
 Stone Arrow              Conj/Erth      #.....       50%         3    ###....
 Malign Gateway           Summ/Tloc      ####......   50%         7    #######
 Leda's Liquefaction      Hex/Erth       ##........   52%         4    ####...
 Petrify                  Tmut/Erth      ##......     54%         4    ####...
 Ignite Poison            Fire/Tmut/Pois #.......     63%         3    ###....
 Poisonous Vapours        Pois/Air       #.....       65%         2    ##.....
 Searing Ray              Conj           #.....       65%         2    ##.....
 Throw Flame              Conj/Fire      #.....       65%         2    ##.....
 Throw Frost              Conj/Ice       #.....       65%         2    ##.....
 Controlled Blink         Tloc           N/A          71%         8    #######
 Disjunction              Tloc           ####......   71%         8    #######
 Conjure Flame            Conj/Fire      #.......     86%         3    ###....
 Vampiric Draining        Necr           #.........   86%         3    ###....
 Yara's Violent Unravell  Hex/Tmut       ##........   86%         5    ######.
 Fulminant Prism          Conj/Hex       #.........   87%         4    ####...
 Blade Hands              Tmut           ##........   87%         5    ######.
 Lee's Rapid Deconstruct  Erth           ##........   87%         5    ######.
 Ice Form                 Ice/Tmut       #.......     88%         4    ####...
 Monstrous Menagerie      Summ           ###.......   94%         7    #######
 Summon Greater Demon     Summ           ###.......   94%         7    #######
 Summon Hydra             Summ           ###.......   94%         7    #######
 Iskenderun's Battlesphe  Conj/Chrm      #.......     98%         5    ######.
 Animate Dead             Necr           N/A          99%         4    ####...
 Iskenderun's Mystic Bla  Conj           #.......     99%         4    ####...
 Olgreb's Toxic Radiance  Pois           #.......     99%         4    ####...
 Sticky Flame             Conj/Fire      #.......     99%         4    ####...
 Throw Icicle             Conj/Ice       #.......     99%         4    ####...
 Alistair's Intoxication  Tmut/Pois      #.......     99%         5    ######.
 Borgnjor's Vile Clutch   Necr/Erth      #.........   99%         5    ######.
 Irradiate                Conj/Tmut      #.........   99%         5    ######.
 Metabolic Englaciation   Hex/Ice        #.........   99%         5    ######.
 Silence                  Hex/Air        #.........   99%         5    ######.
 Agony                    Necr           #.......     100%        5    ######.
 Bolt of Draining         Conj/Necr      #.........   100%        5    ######.
 Bolt of Magma            Conj/Fire/Erth #.........   100%        5    ######.
 Fireball                 Conj/Fire      #.........   100%        5    ######.
 Venom Bolt               Conj/Pois      #.........   100%        5    ######.
 Bolt of Fire             Conj/Fire      #.........   100%        6    #######
 Death Channel            Necr           #.........   100%        6    #######
 Deflect Missiles         Chrm/Air       #.........   100%        6    #######
 Freezing Cloud           Conj/Ice/Air   #.........   100%        6    #######
 Hydra Form               Tmut           ##........   100%        6    #######
 Invisibility             Hex            ##......     100%        6    #######
 Iron Shot                Conj/Erth      #.........   100%        6    #######
 Simulacrum               Ice/Necr       #.........   100%        6    #######
 Statue Form              Tmut/Erth      ##.......    100%        6    #######
 Dragon Form              Tmut           ##........   100%        7    #######
 Orb of Destruction       Conj           #.........   100%        7    #######
 Ring of Flames           Chrm/Fire      #.........   100%        7    #######
 Spellforged Servitor     Conj/Summ      ##........   100%        7    #######
 Discord                  Hex            ##........   100%        8    #######
 Ignition                 Fire           #.........   100%        8    #######
 Summon Horrible Things   Summ           ###.......   100%        8    #######
 Dragon's Call            Summ           ###.......   100%        9    #######
 Shatter                  Erth           ##........   100%        9    #######


Dungeon Overview and Level Annotations

Branches:
Dungeon (15/15)            Temple (1/1) D:7            Lair (6/6) D:11
  Swamp (4/4) Lair:2       Spider (4/4) Lair:2        Slime (5/5) Lair:5
    Orc (2/2) D:12            Elf (3/3) Orc:2        Vaults (5/5) D:14
  Crypt (3/3) Vaults:3       Tomb (3/3) Crypt:3      Depths (5/5) D:15
   Hell (1/1)                 Dis (7/7) Hell            Geh (7/7) Hell
    Coc (7/7) Hell            Tar (7/7) Hell            Zot (3/5) Depths:5

Altars:
Ashenzari
Cheibriados
Dithmenos
Elyvilon
Fedhas
Hepliaklqana
Kikubaaqudgha
Makhleb
Nemelex Xobeh
Okawaru
Qazlal
Ru
Sif Muna
Trog
Uskayaw
Vehumet
Wu Jian
Xom
Yredelemnul
Zin
The Shining One
Jiyva

Shops:
D:6 *   Orc:2 =!}%   Elf:2 }   Elf:3 *   Vaults:4 *   Depths:2 *

Portals:
Hell: Depths:1 Depths:2 Depths:3 Depths:4 Depths:5
Abyss: Depths:2 Depths:4
Pandemonium: Depths:3 Depths:4 Depths:5
Ziggurat: Depths:4
Trove: D:11 (give 14 scrolls of teleportation)

Annotations:
Lair:1 exclusion: hydra
Vaults:3 mirror


Innate Abilities, Weirdness & Mutations

You reflexively headbutt those who attack you in melee.
You have a pair of horns on your head.
Scrolls take you a little longer to read.
You are clumsy. (Dex -2)
Your flesh is cold resistant. (rC+)
Your body often deteriorates upon taking damage.
You are dopey. (Int -2)
Your flesh is heat resistant. (rF+)
Your magical capacity is low. (-10% MP)
You are covered in fur. (AC +1)


Message History

The death scarab barely misses your angel.
You block the emperor scorpion's attack. x3
You take 9 damage, and have 10/273 hp.
Unknown command.
Unknown command.
Unknown command.
You slash the guardian mummy!
The guardian mummy convulses.
You destroy the guardian mummy!
You feel your power returning.
You slash the emperor scorpion!
You feel extremely nervous for a moment...
Nothing appears to happen.
The death scarab bites your angel but does no damage.
Your daeva blocks the death scarab's attack.
The greater mummy is lost in a daze. x2
Your daeva calls down the wrath of the Shining One upon the death scarab.
The death scarab is smitten.
The greater mummy is engulfed in freezing vapours.
The greater mummy points at you and mumbles some strange words.
Something smites you!
You die...

#####.. ##† . #. .. ##M
... ########.Z ....
......ss.. .....
..........
###^..##############..M##
........@sM.sS.M...Z....M
.......AAsMAMsM.†........
.%......s..S.ss.....^....
#########################


You could see 4 greater mummies, 3 emperor scorpions, 2 mana vipers, a guardian
mummy (dazed), 4 death scarabs, 2 friendly daevas and a friendly angel.

Levels and vault maps discovered:
D:1:      dpeg_arrival_simpleton_a, layout_loops_corners
D:2:      layout_basic
D:3:      minmay_razor_zed, layout_basic, first_ration
D:4:      wander_river, layout_basic, uniq_blork_the_orc
D:5:      layout_cave_pools, minitemple, uniq_prince_ribbit1, uniq_edmund,
          uniq_pikel
D:6:      layout_basic, serial_shops, shop, uniq_menkaure
D:7:      layout_gridville, minmay_temple_entry_grid, serial_undead,
          serial_undead_c, serial_undead_e, serial_undead_a, serial_undead_b
D:8:      layout_loops_ring, gammafunk_ghost_arena
D:9:      layout_rooms, david_nohive_1, bloody_trog
D:10:     layout_irregular_city, columned_hall_lemuel, uniq_sonja
D:11:     layout_small_grid, erik_lair_orcish_takeover,
          nicolae_trove_entry_path_of_doom, minmay_misc_feat_nine_boxes
D:12:     minmay_spotlight, layout_loops_ring, erik_orc_4
D:13:     layout_stronghold
D:14:     layout_irregular_city, grunt_vaults_entry_tiered,
          chequers_serial_rivers_room_a, ebering_ghost_funeral_grove,
          minmay_nine_imps, uniq_kirke
D:15:     grunt_enter_depths_snipers, layout_loops_ring, serial_bayou_pond_b,
          uniq_josephine
Temple:   nicolae_temple_figure_eight
Lair:1:   layout_cave_pods, uniq_harold
Lair:2:   layout_gridlike, minmay_swamp_entry_eels, spider_nest_entry_webs
Lair:3:   layout_hall_layers, portal_ice_cave_entry_imps, enter_volcano_1,
          chequers_serial_rivers_large_b, beast_lair_carwin_10,
          serial_bayou_shore_b, uniq_fannar
Lair:4:   layout_loops_ring, serial_rivers, chequers_serial_rivers_micro_e,
          chequers_serial_rivers_micro_d, chequers_serial_rivers_micro_d,
          chequers_serial_rivers_small_b, chequers_serial_rivers_micro_d,
          chequers_serial_rivers_micro_d, chequers_serial_rivers_micro_b,
          serial_bayou_shore_b
Lair:5:   layout_long_grid, minmay_slime_entry_oklob_open, special_room
          [special_room_mythical_zoo], uniq_urug
Lair:6:   evilmike_catoblepas_cave, layout_concentric_octagons, uniq_nessos
Swamp:1:  layout_basic_swamp, nicolae_swamp_treefoil, swamp_pool5,
          hangedman_swamp_cone
Swamp:2:  layout_basic_swamp, serial_swamp_ruin, evilmike_swamp_ruin_rubble_2,
          evilmike_swamp_ruin_house_4, infiniplex_staircase_pool
Swamp:3:  layout_falls_marsh, evilmike_swamp_ruin_house_3, swamp_pool5,
          uniq_nikola
Swamp:4:  swamp_alternative, layout_basic_swamp
Spider:1: layout_spider_delve
Spider:2: layout_spider_delve
Spider:3: layout_spider_delve, uniq_arachne, uniq_aizul
Spider:4: grunt_spider_rune_circles, uniq_agnes
Slime:1:  layout_caves
Slime:2:  layout_caves
Slime:3:  layout_caves
Slime:4:  layout_caves, cheibrodos_slime_lost_civilization_6
Slime:5
Orc:1:    layout_diamond_mine, nicolae_orc_stony_grotto,
          statue_in_the_mist_lemuel
Orc:2:    grunt_orc_tribal_feast, layout_caves, basic_altar
Elf:1:    eino_elf_arrival_altar, layout_loops_corners,
          portal_desolation_entry_ruin, basic_altar, minivault_28,
          grunt_ministairs_6
Elf:2:    layout_geoelf_grid, serial_shops, shop
Elf:3:    minmay_elf_hall_four_x, layout_geoelf_grid, serial_shops,
          shop_fountains, grunt_ministairs_12
Vaults:1: ontoclasm_vaults_hangar, nicolae_vaults_circle_grid_a,
          hangedman_vaults_hat, v_misc_8, vaults_dpeg_hooks,
          nicolae_vaults_little_squares_6, vaults_room_grid,
          vaults_room_grunt_arrival_ludios, ontoclasm_vaults_eye, v_misc_11,
          hangedman_vaults_trim, nicolae_vaults_diagonal_hallway_7,
          layout_vaults_big_room
Vaults:2: v_pattern_2, nicolae_vaults_triangles, nicolae_vaults_statue_guard,
          v_rooms_2, vaults_mumra_hexcomb, nicolae_vaults_what_the_h,
          ontoclasm_vaults_tryst, v_misc_8, hangedman_vaults_stretched_pinwheel,
          nicolae_vaults_big_ls, hangedman_vaults_stretched_pinwheel,
          layout_vaults_omnibox
Vaults:3: minmay_crypt_entry_necro_gods, v_pattern_1, grunt_vaults_diagonal,
          vaults_dpeg_diagonal, nicolae_vaults_yaktaur_gun_rack,
          grunt_vaults_funnel, v_misc_26, nicolae_vaults_mini_display_case,
          layout_vaults_quadrants, serial_shops,
          nicolae_shop_overgrown_old_shop, uniq_xtahua, uniq_mennas
Vaults:4: v_misc_8, hangedman_vaults_unwind, nicolae_vaults_network_square,
          vaults_room_fours, v_misc_19, nicolae_vaults_ring_of_whatevers,
          nicolae_vaults_little_squares_4, v_misc_9, vaults_room_door_ring,
          nicolae_vaults_diagonal_hallway_6, hangedman_vaults_restitches,
          vaults_room_hallway, ontoclasm_vaults_spin,
          nicolae_vaults_little_squares_3, st_hourglassy, v_alt_pattern_1,
          layout_vaults_omnicross, serial_shops, shop, mu_enter_wizlab_4,
          uniq_frederick, uniq_margery
Vaults:5
Crypt:1:  layout_basic, basic_altar, grunt_megastairs_4,
          grunt_crypt_arrival_split
Crypt:2:  layout_rooms
Crypt:3:  church_of_pain_bobbens, layout_chaotic_city,
          tomb_entry_forgotten_bobbens, basic_altar
Tomb:1
Tomb:2
Tomb:3:   uniq_khufu
Depths:1: layout_gridlike, lightli_too_deep, lemuel_crystal_altar,
          serial_sigils_hangedman_confine, grunt_decor_cap, minmay_crystal_room,
          lemuel_nasty_fountain, uniq_saint_roka
Depths:2: minmay_the_grid_octo_triangle [minmay_the_grid_octo_77,
          minmay_the_grid_octo_prize_single_spiral,
          minmay_the_grid_octo_pinwheel], layout_gridville,
          infiniplex_staircase_spiral, abyss_entry_small_statue_room,
          hell_entry, serial_shops, shop
Depths:3: hangedman_stitches_corridor, layout_gridlike,
          grunt_pan_entry_in_and_out, hell_entry
Depths:4: nicolae_whirlpool, layout_cave_pools, enter_ziggurat_e,
          rand_demon_pan_entry_9, hell_entry, abyss_entry_crystal,
          hangedman_abyss_or_decor_stabs, gammafunk_ghost_necromancy,
          serial_sigils, serial_sigils_hangedman_gut,
          serial_sigils_hangedman_shear, serial_sigils_hangedman_scratch,
          serial_sigils_hangedman_clutch
Depths:5: grunt_zot_entry_tricorne, layout_cave_pools, hangedman_coc_ice_floe,
          pan_entry, hangedman_abyss_or_decor_slice, nicolae_twisting_strands
Hell
Dis:1:    layout_regular_city
Dis:2:    layout_gridville
Dis:3:    layout_chaotic_city, nrook_loot_triangle, lemuel_elevator
Dis:5:    layout_regular_city
Dis:6:    layout_chaotic_city, grunt_megastairs_3
Dis:7:    iron_city_of_dis [dis_mu, dis_wall_6], layout_chaotic_city
Geh:1:    layout_gehenna_lava_caves
Geh:2:    layout_gehenna_pools_basic, nicolae_geh_sunburst
Geh:3:    layout_gehenna_pools_basic, lemuel_hellion_isle
Geh:4:    layout_gehenna_pools_basic
Geh:5:    layout_gehenna_lava_caves
Geh:6:    layout_gehenna_pools_box
Geh:7:    geh_grunt
Coc:1:    layout_cocytus_delve, hangedman_elemental_corridor
Coc:2:    layout_ice_bergs
Coc:3:    layout_ice_bergs
Coc:5:    layout_ice_bergs
Coc:6:    layout_cocytus_water_paths
Coc:7:    coc_grunt
Tar:1:    layout_grid_maze, door_vault
Tar:2:    layout_honeycomb
Tar:3:    layout_cathedral_of_symmetry, lemuel_nasty_pond
Tar:4:    layout_honeycomb
Tar:5:    layout_grid_maze, nicolae_tar_cuneiform_city
Tar:6:    layout_grid_maze
Tar:7:    tar_grunt_cathedral
Zot:1:    layout_basic
Zot:2:    evilmike_crystal_ball_defense, layout_twisted_circle
Zot:3:    gammafunk_sealed_library, layout_basic, ebering_ghost_xom,
          evilmike_ambush [evilmike_ambush_outer_basic,
          evilmike_ambush_inner_basic]
Abyss:1:  serial_sigils_hangedman_quiver
Abyss:2:  hangedman_steaming_rock
Abyss:4:  minivault_27, dshaligram_kb_abyss_rune_zappy_water_cross
Pan:      evilmike_mini_pan_layers, layout_pan_divisions_a
          [pan_division_quadrant_a2, pan_division_quadrant_a5,
          pan_division_quadrant_a1, pan_division_quadrant_a3,
          pan_division_octagon_rings]
IceCv:    ice_cave_statue_garden_chambered
Desolation

Notes
Turn   | Place    | Note
-------+----------+-------------------------------------------
     0 | D:1      | Redear the Minotaur Monk began the quest for the Orb.
     0 | D:1      | Reached XP level 1. HP: 19/19 MP: 0/0
     4 | D:1      | Identified a +0 dagger
    62 | D:1      | Identified a +0 club
   146 | D:1      | Reached XP level 2. HP: 26/27 MP: 1/1
   207 | D:1      | Reached skill level 1 in Armour
   262 | D:1      | Identified a +0 whip
   373 | D:1      | Reached skill level 4 in Fighting
   418 | D:1      | Identified a +0 club
   420 | D:1      | Identified a +1 short sword of flaming
   423 | D:1      | Reached skill level 4 in Axes
   719 | D:1      | Identified a +0 dagger
   795 | D:1      | Identified a +0 club
   799 | D:1      | Identified a cursed -3 club
   802 | D:1      | Reached XP level 3. HP: 33/33 MP: 2/2
   811 | D:1      | Identified a +0 dagger
   891 | D:1      | Identified a +0 club
  1151 | D:1      | Identified a +0 chain mail (You found it on level 1 of the
                  | Dungeon)
  1338 | D:2      | Identified a +0 dagger
  1441 | D:2      | Reached skill level 2 in Armour
  1441 | D:2      | Reached skill level 4 in Dodging
  1441 | D:2      | Reached XP level 4. HP: 38/41 MP: 3/3
  1480 | D:2      | Identified a +0 dagger
  1480 | D:2      | Identified a +1 short sword of venom
  1699 | D:2      | Identified a +0 dagger
  2220 | D:3      | Identified a +0 short sword
  2319 | D:3      | Identified a cursed -3 short sword
  2319 | D:3      | Identified a +0 blowgun
  2473 | D:3      | Identified a +0 club
  2552 | D:3      | Identified a +0 club
  2607 | D:3      | Identified a +0 club
  2616 | D:3      | Reached XP level 5. HP: 46/47 MP: 4/4
  2752 | D:3      | Identified a +0 club
  2792 | D:3      | Identified a +0 club
  2846 | D:3      | Identified a +0 hunting sling
  2846 | D:3      | Identified a +0 dagger of speed
  3056 | D:4      | Reached skill level 5 in Fighting
  3056 | D:4      | Reached skill level 5 in Axes
  3056 | D:4      | Reached skill level 3 in Armour
  3066 | D:4      | HP: 12/48 [poisoned by a scorpion]
  3073 | D:4      | HP: 10/48 [poisoned by a scorpion]
  3080 | D:4      | HP: 9/48 [poisoned by a scorpion]
  3088 | D:4      | HP: 8/48 [poisoned by a scorpion]
  3089 | D:4      | Identified 6 scrolls of identify
  3089 | D:4      | Identified a scroll of noise
  3090 | D:4      | Identified 2 scrolls of remove curse
  3091 | D:4      | Identified 2 potions of ambrosia
  3092 | D:4      | Identified a scroll of immolation
  3093 | D:4      | Identified a scroll of blinking
  3094 | D:4      | Identified a potion of brilliance
  3328 | D:4      | Reached XP level 6. HP: 49/56 MP: 5/5
  3363 | D:4      | Identified a +0 hand axe
  3363 | D:4      | Identified a +0 leather armour
  3390 | D:4      | Identified a +0 mace
  3390 | D:4      | Identified a +0 robe
  3390 | D:4      | Noticed Blork the orc
  3412 | D:4      | Killed Blork the orc
  3430 | D:4      | Identified a +0 cloak (You found it on level 3 of the
                  | Dungeon)
  3435 | D:4      | Identified a +0 pair of boots (You found it on level 4 of
                  | the Dungeon)
  3533 | D:4      | Identified a +0 falchion
  3533 | D:4      | Identified a +0 dagger
  3533 | D:4      | Identified a +0 robe
  3533 | D:4      | Identified a +0 short sword
  3533 | D:4      | Identified a +0 leather armour
  3533 | D:4      | Identified a +0 dagger
  3533 | D:4      | Identified a +0 leather armour
  3537 | D:4      | Reached skill level 5 in Dodging
  4033 | D:5      | Entered Level 5 of the Dungeon
  4076 | D:5      | Reached skill level 4 in Armour
  4091 | D:5      | Noticed Prince Ribbit
  4101 | D:5      | Identified a +0 hand axe
  4112 | D:5      | Identified a +0 dagger
  4112 | D:5      | Identified a +0 leather armour
  4124 | D:5      | Killed Prince Ribbit
  4124 | D:5      | Reached skill level 6 in Fighting
  4124 | D:5      | Reached XP level 7. HP: 30/63 MP: 6/6
  4124 | D:5      | Identified a +0 dagger
  4124 | D:5      | Identified a +0 leather armour
  4127 | D:5      | Identified a +0 dagger
  4127 | D:5      | Identified a cursed +0 robe
  4348 | D:5      | Identified a +0 dagger
  4348 | D:5      | Identified a +0 robe
  4355 | D:5      | Identified a +0 dagger
  4355 | D:5      | Identified a +0 robe
  4356 | D:5      | Reached skill level 6 in Axes
  4374 | D:4      | HP: 12/63 [something/magic dart (11)]
  4393 | D:4      | HP: 7/63 [orc wizard/magic dart (11)]
  4693 | D:5      | Found a hazy altar of Hepliaklqana.
  4693 | D:5      | Identified the cursed +1 broad axe "Hujiwnakk" {protect,
                  | +Fly rN+ Str-3 Int+2}
  4694 | D:5      | Found a stormy altar of Qazlal.
  4700 | D:5      | Reached skill level 5 in Armour
  4722 | D:5      | Identified a +1 whip of flaming
  4722 | D:5      | Identified a +0 robe
  4722 | D:5      | Noticed Pikel
  4739 | D:5      | Identified a +0 animal skin
  4781 | D:5      | Identified a +0 animal skin
  4783 | D:5      | Identified a +0 animal skin
  4783 | D:5      | Identified a +0 animal skin
  4797 | D:5      | Identified a +5 flail of holy wrath
  4797 | D:5      | Identified a +1 ring mail of poison resistance
  4797 | D:5      | Identified an uncursed amulet of faith
  4797 | D:5      | Noticed Edmund
  4906 | D:5      | Killed Pikel
  4906 | D:5      | Reached skill level 7 in Fighting
  4906 | D:5      | Reached skill level 7 in Axes
  4906 | D:5      | Reached skill level 6 in Dodging
  4906 | D:5      | Reached XP level 8. HP: 54/73 MP: 7/7
  4933 | D:5      | Identified a +0 hand axe
  4933 | D:5      | Identified a +0 leather armour
  5003 | D:5      | Identified a +0 whip
  5019 | D:5      | Reached skill level 6 in Armour
  5038 | D:5      | Killed Edmund
  5124 | D:5      | Found a snail-covered altar of Cheibriados.
  5125 | D:5      | Found an ancient bone altar of Kikubaaqudgha.
  5125 | D:5      | Found a radiant altar of Vehumet.
  5125 | D:5      | Found a basalt altar of Yredelemnul.
  5127 | D:5      | Found an ornate altar of the Wu Jian Council.
  5128 | D:5      | Found an iron altar of Okawaru.
  5130 | D:5      | Found a blossoming altar of Fedhas.
  5621 | D:6      | Identified a +0 dagger
  5621 | D:6      | Identified a cursed +0 robe
  5622 | D:6      | Identified a +0 club
  5622 | D:6      | Identified a +0 club
  5623 | D:6      | Identified a +2 spear
  5623 | D:6      | Identified a +0 robe
  5623 | D:6      | Identified a cursed +4 mace
  5623 | D:6      | Identified a +0 robe
  5623 | D:6      | Identified a +2 short sword of freezing
  5623 | D:6      | Identified a +0 robe
  5623 | D:6      | Identified a +4 hand axe
  5623 | D:6      | Identified a +0 robe
  5628 | D:6      | Identified a +2 shortbow of flaming
  5963 | D:5      | Identified 2 potions of berserk rage
  5964 | D:5      | Identified a potion of resistance
  5965 | D:5      | Identified a scroll of amnesia
  5966 | D:5      | Identified 2 potions of mutation
  5967 | D:5      | Identified 2 potions of heal wounds
  5968 | D:5      | Identified 2 potions of cancellation
  5969 | D:5      | Identified a scroll of fear
  5971 | D:5      | Identified a ring of magical power (You found it on level 2
                  | of the Dungeon)
  5972 | D:5      | Identified a ring of intelligence (You found it on level 4
                  | of the Dungeon)
  5973 | D:5      | Redear: ??minotaur
  5973 | D:5      | beem: minotaur[1/5]: Horns, all that sort of thing. Nasty
                  | things that gore you, and are chosen to be guardians for
                  | Labyrinths.
  5973 | D:5      | Redear: ??minotaur [2
  5973 | D:5      | beem: minotaur[2/5]: Also a bashy player race.
  5973 | D:5      | Redear: ??minotaur [3
  5973 | D:5      | beem: minotaur[3/5]:
                  | http://www.gunnerkrigg.com/comics/00000030.jpg
  5973 | D:5      | Redear: ??minotaur [4
  5973 | D:5      | beem: minotaur[4/5]:
                  | http://cs416320.vk.me/v416320592/5452/2RmMEqZNzAk.jpg
  5973 | D:5      | Redear: ??minotaur [5
  5973 | D:5      | beem: minotaur[5/5]: https://i.imgur.com/73mBTPL.jpg
  5973 | D:5      | Redear: ??minotaur [6
  5973 | D:5      | beem: I don't have a page labeled minotaur[6] in my
                  | learndb.
  6057 | D:6      | Noticed Menkaure
  6066 | D:6      | Killed Menkaure
  6103 | D:6      | Reached skill level 7 in Dodging
  6375 | D:6      | Identified a cursed +3 halberd of freezing
  6375 | D:6      | Identified a +0 robe
  6514 | D:6      | Reached XP level 9. HP: 64/81 MP: 8/8
  6553 | D:6      | Found Kisof's General Store.
  6557 | D:6      | Bought a potion of cancellation for 88 gold pieces
  6557 | D:6      | Bought a potion of heal wounds for 55 gold pieces
  6557 | D:6      | Bought a potion of might for 44 gold pieces
  6557 | D:6      | Bought 2 scrolls of fog for 44 gold pieces
  6584 | D:6      | Identified a +0 robe
  6818 | D:7      | Identified a cursed +3 spear of freezing
  6818 | D:7      | Identified a +0 robe
  6818 | D:7      | Identified a +0 short sword
  6818 | D:7      | Identified a +0 chain mail
  6830 | D:6      | Reached skill level 8 in Fighting
  6830 | D:6      | Reached skill level 8 in Axes
  6878 | D:6      | Reached skill level 7 in Armour
  6957 | D:7      | Found a staircase to the Ecumenical Temple.
  6988 | Temple   | Entered the Ecumenical Temple
  7172 | Temple   | Became a worshipper of Makhleb the Destroyer
  7172 | Temple   | Reached * piety under Makhleb
  7172 | Temple   | Reached ** piety under Makhleb
  7269 | D:7      | Reached skill level 1 in Throwing
  7282 | D:7      | Identified a +0 shortbow
  7321 | D:7      | Identified a +0 short sword
  7333 | D:7      | Identified a +0 short sword
  7371 | D:7      | Identified a +0 short sword of electrocution
  7371 | D:7      | Identified a +0 ring mail
  7383 | D:7      | Identified a +0 halberd
  7383 | D:7      | Identified a +0 plate armour
  7383 | D:7      | Identified a +1 mace of protection
  7383 | D:7      | Identified a +0 ring mail
  7383 | D:7      | Identified a +0 flail
  7383 | D:7      | Identified a +0 scale mail
  7383 | D:7      | Identified a +0 hand axe
  7439 | D:7      | Identified a +0 dagger
  7507 | D:7      | Reached skill level 2 in Throwing
  7529 | D:7      | Reached skill level 8 in Dodging
  7561 | D:7      | Identified a cursed +2 short sword
  7561 | D:7      | Identified a +0 robe
  7660 | D:7      | Identified a cursed +0 flail
  7660 | D:7      | Identified a +0 robe
  8206 | D:8      | Noticed CrazyMind's ghost (novice DsNe)
  8206 | D:8      | Identified a +0 dagger
  8207 | D:8      | Found a transporter.
  8210 | D:8      | Found a transporter.
  8264 | D:8      | Identified a +0 club
  8265 | D:8      | Identified a +0 whip
  8268 | D:8      | Identified a +0 club
  8269 | D:8      | Identified a +0 short sword
  8269 | D:8      | Identified a cursed -1 chain mail
  8277 | D:8      | Reached skill level 8 in Armour
  8415 | D:8      | Reached skill level 9 in Fighting
  8415 | D:8      | Reached skill level 9 in Axes
  8461 | D:8      | Reached skill level 3 in Throwing
  8682 | D:8      | Identified a +2 ring mail of poison resistance (You found
                  | it on level 7 of the Dungeon)
  8742 | D:8      | Killed CrazyMind's ghost
  8742 | D:8      | Reached XP level 10. HP: 76/88 MP: 9/9
  8821 | D:8      | Identified 2 potions of agility
  8822 | D:8      | Identified 2 potions of flight
  8857 | D:9      | Identified a +0 club
  8858 | D:9      | Identified a +0 trident
  8858 | D:9      | Identified a +0 ring mail
  8868 | D:9      | Reached *** piety under Makhleb
  8872 | D:9      | Identified a cursed +0 club
  8873 | D:9      | Identified a +0 club
  8873 | D:9      | Identified a +0 spear
  8873 | D:9      | Identified a +0 club
  8985 | D:9      | Reached skill level 4 in Throwing
  9201 | D:9      | Identified a +0 blowgun
  9202 | D:9      | Identified a +0 dagger
  9202 | D:9      | Identified a +0 animal skin
  9202 | D:9      | Identified a cursed +0 short sword
  9202 | D:9      | Identified a cursed +0 short sword
  9212 | D:9      | Identified a +0 whip
  9221 | D:9      | Reached skill level 9 in Dodging
  9259 | D:9      | Identified a +0 blowgun
  9338 | D:9      | Reached skill level 9 in Armour
  9398 | D:9      | Identified a +0 dagger
  9439 | D:9      | Found a bloodstained altar of Trog.
  9478 | D:9      | Identified a +0 pair of gloves (You found it on level 9 of
                  | the Dungeon)
  9546 | D:9      | Reached skill level 1 in Shields
  9753 | D:9      | Reached skill level 2 in Shields
  9762 | D:9      | Reached **** piety under Makhleb
  9764 | D:9      | Reached skill level 3 in Shields
  9776 | D:9      | Reached skill level 4 in Shields
  9791 | D:9      | Reached skill level 5 in Shields
  9896 | D:10     | Entered Level 10 of the Dungeon
  9896 | D:10     | Identified a cursed +0 dagger
  9896 | D:10     | Identified a cursed +0 robe
  9896 | D:10     | Identified a +0 dagger
  9896 | D:10     | Identified a +0 robe
  9896 | D:10     | Identified a +0 hand axe
  9933 | D:10     | Reached skill level 6 in Shields
  9993 | D:10     | Identified a ring of teleportation (You found it on level 9
                  | of the Dungeon)
 10000 | D:10     | Identified a +0 buckler (You found it on level 9 of the
                  | Dungeon)
 10062 | D:10     | Identified a +0 dagger
 10062 | D:10     | Identified a +0 robe
 10063 | D:10     | Identified a +0 flail
 10065 | D:10     | Identified a +0 dagger
 10065 | D:10     | Identified a +0 robe
 10065 | D:10     | Identified a +0 vampiric dagger
 10065 | D:10     | Identified a +0 leather armour
 10114 | D:10     | Identified a +0 giant club
 10138 | D:10     | Reached skill level 7 in Shields
 10149 | D:10     | Reached XP level 11. HP: 86/96 MP: 10/10
 10200 | D:10     | Identified a +0 dagger of draining
 10200 | D:10     | Identified a +0 blowgun
 10200 | D:10     | Noticed Sonja
 10205 | D:10     | Identified a +0 club
 10205 | D:10     | Identified a +0 ring mail
 10210 | D:10     | Identified a +0 scale mail
 10212 | D:10     | Identified a +0 glaive
 10212 | D:10     | Identified a +0 plate armour
 10217 | D:10     | Identified a +0 troll leather armour
 10217 | D:10     | Reached skill level 8 in Shields
 10219 | D:10     | Identified a cursed +0 club
 10219 | D:10     | Identified a +0 leather armour
 10225 | D:10     | Reached ***** piety under Makhleb
 10230 | D:10     | Identified 5 scrolls of teleportation
 10421 | D:11     | Noticed a six-headed hydra
 10486 | D:11     | Identified a +0 club
 10486 | D:11     | Identified a +0 hand axe
 10624 | D:11     | Noticed a brown ugly thing
 10644 | D:11     | HP: 22/96 [acid (6)]
 10645 | D:11     | Killed a brown ugly thing
 10645 | D:11     | Reached skill level 9 in Shields
 10784 | D:11     | Identified a +0 flail
 10784 | D:11     | Identified a +0 leather armour
 10962 | D:11     | Found a portal to a secret trove of treasure.
 11101 | D:11     | Identified a +0 dire flail
 11101 | D:11     | Identified a +0 plate armour
 11117 | D:11     | Identified a +0 whip
 11117 | D:11     | Identified a +0 arbalest
 11117 | D:11     | Identified a +0 chain mail
 11315 | D:11     | Identified a +0 war axe
 11315 | D:11     | Identified a +0 ring mail
 11315 | D:11     | Identified a +0 leather armour
 11315 | D:11     | Identified a +0 dagger
 11315 | D:11     | Identified a +0 robe
 11323 | D:11     | Identified a +0 dagger
 11323 | D:11     | Identified a +0 leather armour
 11326 | D:11     | Identified a +0 dagger
 11326 | D:11     | Identified a +0 robe
 11388 | D:11     | Identified a +0 giant club
 11388 | D:11     | Identified a +0 giant club
 11388 | D:11     | Noticed a two-headed ogre
 11401 | D:11     | Killed a two-headed ogre
 11401 | D:11     | Reached skill level 10 in Fighting
 11401 | D:11     | Reached skill level 10 in Axes
 11568 | D:11     | Identified a +0 whip
 11568 | D:11     | Identified a +0 shortbow
 11571 | D:11     | Identified a +2 vampiric dagger
 11571 | D:11     | Identified a +0 robe
 11636 | D:11     | Found a staircase to the Lair.
 11704 | D:11     | Identified a +0 dagger of protection
 11704 | D:11     | Identified a +0 robe
 11712 | D:11     | Identified a +0 troll leather armour
 11845 | D:12     | Reached skill level 5 in Throwing
 12049 | D:12     | Identified a +0 spear
 12049 | D:12     | Identified a +0 robe
 12049 | D:12     | Identified a +4 short sword
 12049 | D:12     | Identified a +0 robe
 12070 | D:12     | Identified a +0 troll leather armour
 12083 | D:12     | Identified a cursed +0 scimitar
 12083 | D:12     | Identified a +0 robe
 12139 | D:12     | Reached skill level 10 in Shields
 12145 | D:12     | Identified a +0 club
 12145 | D:12     | Identified a +0 ring mail of fire resistance
 12149 | D:12     | Identified a +0 flail
 12149 | D:12     | Identified a +0 dagger
 12149 | D:12     | Identified a +0 robe
 12198 | D:12     | Identified a +3 short sword
 12199 | D:12     | Identified a +0 dagger
 12199 | D:12     | Identified a +0 robe
 12202 | D:12     | Identified a +0 giant spiked club
 12204 | D:12     | HP: 18/98 [orc priest/divine providence (15)]
 12205 | D:12     | Identified a +0 mace
 12205 | D:12     | Identified a +0 leather armour
 12206 | D:12     | Identified a +0 giant spiked club
 12206 | D:12     | Identified a +0 dagger
 12206 | D:12     | Identified a +0 hunting sling
 12206 | D:12     | Identified a +0 buckler
 12207 | D:12     | Identified +0 acid dragon scales
 12207 | D:12     | Identified a cursed -3 club
 12405 | D:12     | Identified a +0 scimitar
 12405 | D:12     | Identified a +0 robe
 12447 | D:12     | Identified a +0 giant club
 12447 | D:12     | Identified a +0 giant club
 12447 | D:12     | Noticed a two-headed ogre
 12462 | D:12     | Killed a two-headed ogre
 12549 | D:12     | Identified a +0 plate armour
 12643 | D:12     | Reached skill level 10 in Armour
 12845 | D:12     | Identified a +0 dagger
 12845 | D:12     | Identified a +0 chain mail
 12876 | D:12     | Identified a +0 short sword
 12912 | D:12     | Identified a +0 flail
 12912 | D:12     | Identified a +0 scale mail
 12923 | D:12     | Identified a +0 shortbow
 12924 | D:12     | Identified a +0 short sword
 12924 | D:12     | Identified a +0 longbow
 12924 | D:12     | Noticed a centaur warrior
 12946 | D:12     | Identified a +0 shortbow
 12950 | D:12     | Identified a +0 shortbow
 12951 | D:12     | Killed a centaur warrior
 12951 | D:12     | Reached XP level 12. HP: 88/108 MP: 11/11
 12984 | D:12     | Identified a +0 flail
 12984 | D:12     | Identified a +0 plate armour
 13011 | D:12     | Identified a +0 dagger
 13011 | D:12     | Identified a +0 robe
 13029 | D:12     | Identified a +0 club
 13029 | D:12     | Identified a +0 mace
 13032 | D:12     | Found a staircase to the Orcish Mines.
 13039 | D:12     | Identified a +0 club
 13046 | D:12     | Identified a +0 short sword
 13084 | D:12     | HP: 26/108 [something (8)]
 13090 | D:12     | HP: 22/108 [something (8)]
 13096 | D:12     | HP: 27/108 [something (4)]
 13099 | D:11     | Identified a +0 flail
 13329 | D:13     | Identified a +0 trident
 13329 | D:13     | Identified a +0 chain mail
 13329 | D:13     | Identified a +0 dagger
 13329 | D:13     | Identified a +0 robe
 13337 | D:13     | Noticed a catoblepas
 13338 | D:13     | Reached skill level 6 in Throwing
 13372 | D:13     | Identified a +0 longbow
 13372 | D:13     | Noticed a centaur warrior
 13382 | D:13     | HP: 21/108 [centaur warrior/arrow (14)]
 13393 | D:13     | HP: 4/108 [catoblepas (29)]
 13399 | D:12     | HP: 6/108 [something (8)]
 13404 | D:12     | HP: 13/108 [something (10)]
 13410 | D:12     | HP: 10/108 [something (6)]
 14720 | D:13     | Reached skill level 11 in Fighting
 14720 | D:13     | Reached skill level 11 in Axes
 14776 | D:13     | Identified a +1 flail of protection
 14776 | D:13     | Identified a +0 scale mail
 14839 | D:13     | Identified an uncursed ring of protection from magic
 14888 | D:13     | Noticed a six-headed hydra
 14947 | D:13     | Identified a ring of stealth (You found it on level 13 of
                  | the Dungeon)
 15030 | D:13     | Identified a cursed -1 shortbow
 15032 | D:13     | Identified a +0 shortbow
 15032 | D:13     | Identified a +0 shortbow
 15033 | D:13     | Identified a +0 shortbow
 15033 | D:13     | Identified a +0 shortbow
 15035 | D:13     | Identified a +0 shortbow
 15055 | D:13     | HP: 24/110 [acid (10)]
 15064 | D:13     | Identified a cursed -2 giant spiked club
 15064 | D:13     | Identified a +0 giant club
 15064 | D:13     | Noticed a two-headed ogre
 15068 | D:13     | Identified a +0 shortbow
 15068 | D:13     | Noticed a centaur warrior
 15068 | D:13     | HP: 19/110 [centaur warrior/arrow (9)]
 15531 | D:13     | Killed a two-headed ogre
 15564 | D:13     | Killed a catoblepas
 16139 | D:14     | Reached skill level 11 in Shields
 16184 | D:14     | Identified a +0 shortbow
 16188 | D:14     | Identified a +3 shortbow
 16191 | D:14     | Identified a +0 shortbow
 16197 | D:14     | Noticed Kirke
 16197 | D:14     | Identified a +0 shortbow
 16198 | D:14     | Identified 2 potions of lignification
 16241 | D:14     | Killed Kirke
 16241 | D:14     | Reached skill level 7 in Throwing
 16241 | D:14     | Reached skill level 11 in Armour
 16245 | D:14     | Identified a +0 shortbow
 16245 | D:14     | Identified a +0 shortbow
 16257 | D:14     | Reached ****** piety under Makhleb
 16307 | D:14     | Found a runed translucent door.
 16313 | D:14     | Noticed temitten's ghost (journeyman MfGl)
 16313 | D:14     | Identified the +8 spear of Miorom {pierce, rC+}
 16319 | D:14     | Identified a +0 spear
 16333 | D:14     | Identified a +0 giant spiked club
 16397 | D:14     | Paralysed by fainting for 10 turns
 16613 | D:11     | Killed a seven-headed hydra
 16636 | D:11     | Identified a potion of invisibility
 16637 | D:11     | Identified 2 scrolls of magic mapping
 16638 | D:11     | Identified a scroll of enchant armour
 16643 | Lair:1   | Entered Level 1 of the Lair of Beasts
 16949 | Lair:1   | Identified a +0 scimitar
 16949 | Lair:1   | Identified a +0 chain mail
 16949 | Lair:1   | Noticed Harold
 16975 | Lair:1   | Killed Harold
 17033 | Lair:1   | Noticed a seven-headed hydra
 17279 | Lair:1   | Identified a +3 plate armour (You found it on level 1 of
                  | the Lair of Beasts)
 17614 | Lair:1   | Reached skill level 12 in Fighting
 17893 | Lair:2   | Reached skill level 1 in Invocations
 17893 | Lair:2   | Reached XP level 13. HP: 113/118 MP: 12/12
 17905 | Lair:2   | Reached skill level 2 in Invocations
 18003 | Lair:2   | Reached skill level 3 in Invocations
 18076 | Lair:2   | Reached skill level 4 in Invocations
 18348 | Lair:2   | Found a hole to the Spider Nest.
 18414 | Lair:2   | Reached skill level 5 in Invocations
 18451 | Lair:2   | Found a staircase to the Swamp.
 18794 | Lair:2   | Identified a ring of dexterity (You found it on level 2 of
                  | the Lair of Beasts)
 18796 | Lair:2   | Identified a ring of protection from cold (You found it on
                  | level 2 of the Lair of Beasts)
 18809 | Lair:2   | Reached skill level 6 in Invocations
 19163 | Lair:3   | Found a frozen archway.
 19206 | IceCv    | Entered an ice cave
 19268 | IceCv    | Reached skill level 7 in Invocations
 19775 | IceCv    | Identified a scroll of enchant weapon
 19776 | IceCv    | Identified a potion of degeneration
 19787 | IceCv    | Identified a ring of protection from fire (You found it on
                  | level 2 of the Lair of Beasts)
 19797 | IceCv    | Got brightly glowing ice dragon scales
 19809 | IceCv    | Identified the +15 ice dragon scales of the Thinker {rF-
                  | rC++ rN+ Str-3 Dex+2} (You found it in an ice cave)
 20038 | Lair:3   | Reached skill level 8 in Invocations
 20155 | Lair:3   | Identified a +0 quarterstaff of freezing
 20155 | Lair:3   | Identified a +2 robe of cold resistance
 20155 | Lair:3   | Identified an uncursed ring of ice
 20155 | Lair:3   | Noticed Fannar
 20188 | Lair:3   | Killed Fannar
 20604 | Lair:4   | Reached skill level 9 in Invocations
 20672 | Lair:4   | HP: 24/118 [eight-headed hydra (11)]
 20890 | Lair:4   | Identified a ring of resist corrosion (You found it in an
                  | ice cave)
 21242 | Lair:4   | Identified a +0 large shield (You found it on level 4 of
                  | the Lair of Beasts)
 21378 | Lair:4   | Reached skill level 10 in Invocations
 22014 | Lair:5   | Reached skill level 12 in Shields
 22121 | Lair:5   | Identified a +1 battleaxe of chopping
 22121 | Lair:5   | Identified a +2 chain mail of cold resistance
 22121 | Lair:5   | Noticed Urug
 22284 | Lair:5   | Found a staircase to the Slime Pits.
 22645 | Lair:5   | Reached XP level 14. HP: 123/126 MP: 20/20
 22827 | Lair:5   | Identified a ring of poison resistance (You found it on
                  | level 4 of the Lair of Beasts)
 22857 | Lair:5   | Gained mutation: You are covered in fur. (AC +1) [potion of
                  | mutation]
 22857 | Lair:5   | Gained mutation: You are partially covered in molten
                  | scales. (AC +2) [potion of mutation]
 23067 | Lair:5   | Killed Urug
 23451 | Lair:5   | Reached skill level 13 in Shields
 23451 | Lair:5   | Reached skill level 11 in Invocations
 23590 | Lair:6   | Entered Level 6 of the Lair of Beasts
 23711 | Lair:6   | Identified a potion of magic
 23712 | Lair:6   | Identified an amulet of rage (You found it on level 6 of
                  | the Lair of Beasts)
 24062 | Lair:6   | Reached skill level 14 in Shields
 24100 | Lair:6   | Identified a +2 longbow of flaming
 24100 | Lair:6   | Identified a +0 centaur barding
 24100 | Lair:6   | Noticed Nessos
 24150 | Lair:6   | Killed Nessos
 24150 | Lair:6   | Reached skill level 12 in Invocations
 24965 | Lair:6   | Identified a scroll of vulnerability
 24974 | Lair:6   | Identified a ring of see invisible (You found it on level 6
                  | of the Lair of Beasts)
 25265 | Lair:6   | Identified a +5 hand crossbow (You found it on level 6 of
                  | the Lair of Beasts)
 25485 | Spider:1 | Entered Level 1 of the Spider Nest
 25486 | Spider:1 | Noticed an emperor scorpion
 25507 | Spider:1 | Killed an emperor scorpion
 25517 | Spider:1 | Reached skill level 15 in Shields
 25571 | Spider:1 | Reached XP level 15. HP: 132/132 MP: 23/23
 25683 | Spider:1 | Reached skill level 13 in Invocations
 26133 | Spider:1 | You fall through a shaft!
 26616 | Spider:2 | HP: 32/132 [emperor scorpion (8)]
 26622 | Spider:2 | HP: 27/132 [poisoned by an emperor scorpion]
 26629 | Spider:2 | HP: 27/132 [poisoned by an emperor scorpion]
 26630 | Spider:2 | Reached skill level 16 in Shields
 26637 | Spider:2 | HP: 28/132 [poisoned by an emperor scorpion]
 27226 | Spider:1 | Noticed an entropy weaver
 27480 | Spider:1 | Noticed a ghost moth
 27517 | Spider:1 | Killed a ghost moth
 27579 | Spider:1 | Reached skill level 12 in Axes
 27637 | Spider:1 | Got a steaming short sword
 27775 | Spider:1 | Killed an entropy weaver
 27981 | Spider:3 | Noticed an entropy weaver
 28106 | Spider:3 | Noticed Arachne
 28107 | Spider:3 | Identified a +0 demon whip
 28116 | Spider:3 | Killed Arachne
 28161 | Spider:3 | Noticed an entropy weaver
 28450 | Spider:3 | Noticed Aizul
 28452 | Spider:3 | Identified a +0 flail
 28462 | Spider:2 | Reached skill level 12 in Armour
 28846 | Spider:3 | Identified a +2 demon whip of venom
 28851 | Spider:3 | Killed an entropy weaver
 28853 | Spider:3 | Killed Aizul
 28875 | Spider:3 | Killed an entropy weaver
 29240 | Spider:3 | Identified a +0 large shield (You found it on level 3 of
                  | the Spider Nest)
 29281 | Spider:4 | Entered Level 4 of the Spider Nest
 29844 | Spider:3 | HP: 33/134 [emperor scorpion (2)]
 29849 | Spider:3 | HP: 29/134 [poisoned by an emperor scorpion]
 29854 | Spider:3 | HP: 27/134 [poisoned by an emperor scorpion]
 29860 | Spider:3 | HP: 25/134 [poisoned by an emperor scorpion]
 29865 | Spider:3 | HP: 24/134 [poisoned by an emperor scorpion]
 29872 | Spider:3 | HP: 24/134 [poisoned by an emperor scorpion]
 29880 | Spider:3 | HP: 25/134 [poisoned by an emperor scorpion]
 30203 | Spider:3 | Reached XP level 16. HP: 41/141 MP: 25/25
 30691 | Spider:4 | Reached skill level 13 in Fighting
 30788 | Spider:4 | Identified a +3 lajatang of protection
 30788 | Spider:4 | Identified a +0 robe
 30788 | Spider:4 | Noticed Agnes
 30801 | Spider:4 | Killed Agnes
 30801 | Spider:4 | Reached skill level 13 in Axes
 30892 | Spider:4 | Reached skill level 17 in Shields
 31282 | Spider:3 | HP: 26/144 [emperor scorpion (15)]
 32075 | Spider:4 | Reached skill level 13 in Armour
 32116 | Spider:4 | Got a gossamer rune of Zot
 32271 | Lair:2   | Identified the +1 short sword "Vanwokh" {antimagic, +Blink
                  | rElec} (You found it on level 1 of the Spider Nest)
 32338 | Swamp:1  | Entered Level 1 of the Swamp
 32598 | Swamp:1  | Identified +0 swamp dragon scales
 33526 | Swamp:2  | Noticed a thorn hunter
 33540 | Swamp:2  | Identified a +0 spear
 33540 | Swamp:2  | Identified a +0 buckler
 33545 | Swamp:2  | Killed a thorn hunter
 33681 | Swamp:2  | Identified a scarf of repulsion (You found it on level 2 of
                  | the Swamp)
 33718 | Swamp:2  | Identified +0 swamp dragon scales
 33996 | Swamp:3  | Identified a +0 spear
 34009 | Swamp:3  | Identified +0 swamp dragon scales
 34012 | Swamp:3  | Reached skill level 14 in Fighting
 34040 | Swamp:3  | Reached skill level 14 in Axes
 34167 | Swamp:3  | Identified a +2 rapier of electrocution
 34167 | Swamp:3  | Identified a +1 cloak
 34167 | Swamp:3  | Identified a +0 pair of gloves
 34167 | Swamp:3  | Noticed Nikola
 34210 | Swamp:3  | Killed Nikola
 34354 | Swamp:3  | HP: 29/146 [ghost crab] (9)]
 34773 | Swamp:3  | Identified +0 swamp dragon scales
 35185 | Swamp:3  | Identified 2 scrolls of random uselessness
 35197 | Swamp:4  | Entered Level 4 of the Swamp
 35220 | Swamp:4  | Noticed a thorn hunter
 35240 | Swamp:4  | Killed a thorn hunter
 35262 | Swamp:4  | Identified a +0 quarterstaff
 35262 | Swamp:4  | Identified a +0 robe
 35419 | Swamp:4  | Identified +0 swamp dragon scales
 35552 | Swamp:4  | Reached XP level 17. HP: 133/154 MP: 26/26
 35571 | Swamp:4  | Reached skill level 14 in Armour
 35678 | Swamp:4  | Identified a +0 spear
 35753 | Swamp:4  | Identified a +0 spear
 35753 | Swamp:4  | Identified a +0 robe
 35753 | Swamp:4  | Identified a +0 spear
 35753 | Swamp:4  | Identified a +0 scale mail
 35867 | Swamp:4  | Reached skill level 18 in Shields
 35983 | Swamp:4  | Identified +0 swamp dragon scales
 36320 | Swamp:4  | Got a decaying rune of Zot
 36876 | Lair:2   | Identified a ring of flight (You found it on level 1 of the
                  | Swamp)
 37060 | Slime:1  | Entered Level 1 of the Pits of Slime
 37066 | Slime:1  | Noticed an acid blob
 37342 | Lair:5   | HP: 37/154 [acid (8)]
 37351 | Lair:5   | HP: 24/154 [acid blob (12)]
 37353 | Lair:5   | HP: 8/154 [acid (8)]
 38172 | Lair:5   | Killed an acid blob
 38419 | Orc:1    | Entered Level 1 of the Orcish Mines
 38419 | Orc:1    | Identified a +0 flail
 38419 | Orc:1    | Identified a +0 plate armour
 38419 | Orc:1    | Identified a +0 short sword
 38419 | Orc:1    | Identified a +0 leather armour
 38419 | Orc:1    | Identified a +0 dagger
 38419 | Orc:1    | Identified a +0 robe
 38688 | Orc:1    | Identified a +0 falchion
 38690 | Orc:1    | Identified a +0 dagger
 38690 | Orc:1    | Identified a +0 robe
 38690 | Orc:1    | Identified a cursed -3 flail
 38691 | Orc:1    | Identified a +0 mace
 38691 | Orc:1    | Identified a +0 ring mail
 38943 | Orc:2    | Entered Level 2 of the Orcish Mines
 38943 | Orc:2    | Identified a +0 whip
 38943 | Orc:2    | Identified a +0 mace
 38943 | Orc:2    | Identified a +0 leather armour
 38960 | Orc:2    | Identified a +0 club
 38960 | Orc:2    | Identified a +0 leather armour
 38963 | Orc:2    | Identified a +0 short sword
 38966 | Orc:2    | Identified a +0 morningstar
 38966 | Orc:2    | Identified a +0 chain mail
 38968 | Orc:2    | Identified a +0 battleaxe
 38968 | Orc:2    | Identified a +0 plate armour
 38970 | Orc:2    | Identified a +0 mace
 38970 | Orc:2    | Identified a +0 plate armour
 38972 | Orc:2    | Identified a +0 mace
 38972 | Orc:2    | Identified a +0 short sword
 38973 | Orc:2    | Identified a +0 halberd
 38973 | Orc:2    | Identified a +0 chain mail
 38973 | Orc:2    | Identified a +0 dagger
 38973 | Orc:2    | Identified a +0 robe
 38973 | Orc:2    | Identified a +0 hand axe
 38973 | Orc:2    | Identified a +0 chain mail
 38977 | Orc:2    | Identified a +0 falchion
 38977 | Orc:2    | Identified a +0 ring mail
 38980 | Orc:2    | Identified a +0 dagger
 38980 | Orc:2    | Identified a +0 robe
 38980 | Orc:2    | Identified a +2 vampiric short sword
 38992 | Orc:2    | Identified a +0 war axe
 38992 | Orc:2    | Identified a +2 plate armour of cold resistance
 38997 | Orc:2    | Identified a +0 hand axe
 39002 | Orc:2    | Identified a +0 war axe
 39002 | Orc:2    | Identified a +0 leather armour
 39002 | Orc:2    | Identified a +0 leather armour
 39004 | Orc:2    | Identified a +0 flail
 39005 | Orc:2    | Identified a +0 dagger
 39005 | Orc:2    | Identified a +0 robe
 39005 | Orc:2    | Identified a +0 flail
 39006 | Orc:2    | Identified a +2 vampiric dagger
 39006 | Orc:2    | Identified a +0 robe
 39010 | Orc:2    | Identified a +0 mace
 39010 | Orc:2    | Identified a +0 chain mail
 39014 | Orc:2    | Identified a +0 short sword
 39144 | Orc:2    | Identified a +0 short sword
 39144 | Orc:2    | Identified a +0 plate armour
 39144 | Orc:2    | Identified a +0 short sword
 39144 | Orc:2    | Identified a +0 leather armour
 39144 | Orc:2    | Identified a +0 dagger
 39144 | Orc:2    | Identified a +0 robe
 39144 | Orc:2    | Identified a +0 flail
 39145 | Orc:2    | Identified a +0 leather armour
 39178 | Orc:2    | Found a staircase to the Elven Halls.
 39277 | Orc:2    | Identified a +0 dagger
 39277 | Orc:2    | Identified a +0 dagger
 39277 | Orc:2    | Identified a +2 robe of cold resistance
 39278 | Orc:2    | Identified a +0 whip
 39278 | Orc:2    | Identified a +0 halberd
 39278 | Orc:2    | Identified a +0 flail
 39278 | Orc:2    | Identified a +0 flail
 39279 | Orc:2    | Identified a +0 war axe
 39279 | Orc:2    | Identified a +0 plate armour
 39280 | Orc:2    | Identified a +0 flail
 39280 | Orc:2    | Identified a +0 plate armour
 39280 | Orc:2    | Identified a cursed -1 dagger
 39280 | Orc:2    | Identified a +0 robe
 39280 | Orc:2    | Identified a +0 flail
 39280 | Orc:2    | Identified a +0 mace
 39281 | Orc:2    | Identified a +0 long sword
 39281 | Orc:2    | Identified a +0 plate armour
 39281 | Orc:2    | Identified a +0 club
 39281 | Orc:2    | Identified a +0 scale mail
 39281 | Orc:2    | Identified a +0 whip
 39281 | Orc:2    | Identified a +0 dagger
 39281 | Orc:2    | Identified a +0 robe
 39285 | Orc:2    | Identified a +0 short sword
 39285 | Orc:2    | Identified a +0 leather armour
 39304 | Orc:2    | Reached skill level 15 in Fighting
 39311 | Orc:2    | Identified a +0 dagger of speed
 39317 | Orc:2    | Identified a +0 ring mail
 39390 | Orc:2    | Identified a +0 giant club
 39390 | Orc:2    | Identified a +0 giant spiked club
 39453 | Orc:2    | Found a shimmering altar of Xom.
 39625 | Orc:2    | Identified a +0 flail
 39625 | Orc:2    | Identified a +0 leather armour
 39625 | Orc:2    | Identified a +0 mace
 39625 | Orc:2    | Identified a +0 plate armour
 39628 | Orc:2    | Identified a +0 short sword
 39628 | Orc:2    | Identified a +0 ring mail
 39640 | Orc:2    | Reached skill level 15 in Axes
 39644 | Orc:2    | Identified a +0 battleaxe
 39644 | Orc:2    | Identified a +0 plate armour
 39647 | Orc:2    | Identified a +0 hand axe
 39647 | Orc:2    | Identified a +0 leather armour
 39647 | Orc:2    | Identified a +0 dagger
 39647 | Orc:2    | Identified a +0 robe
 39648 | Orc:2    | Identified a cursed -1 hand axe
 39648 | Orc:2    | Identified a +0 chain mail of poison resistance
 39648 | Orc:2    | Identified a +0 dagger
 39648 | Orc:2    | Identified a +0 ring mail
 39649 | Orc:2    | Identified a +0 dagger
 39649 | Orc:2    | Identified a +0 robe
 39649 | Orc:2    | Identified a cursed -3 trident
 39649 | Orc:2    | Identified a +0 chain mail
 39654 | Orc:2    | Identified a +0 flail
 39655 | Orc:2    | Identified a +0 war axe
 39655 | Orc:2    | Identified a +0 plate armour
 39658 | Orc:2    | Identified a +1 great mace
 39658 | Orc:2    | Identified a +0 plate armour
 39662 | Orc:2    | Identified a +0 halberd
 39662 | Orc:2    | Identified a +0 chain mail
 39665 | Orc:2    | Identified a +0 dagger
 39665 | Orc:2    | Identified a +1 robe of magic resistance
 39668 | Orc:2    | Identified a +0 dagger
 39668 | Orc:2    | Identified a +0 robe
 40053 | Orc:2    | Identified a +0 dagger
 40053 | Orc:2    | Identified a +0 ring mail
 40055 | Orc:2    | Identified a +0 mace
 40057 | Orc:2    | Identified a +0 club
 40060 | Orc:2    | Identified a +0 dagger of electrocution
 40061 | Orc:2    | Identified a +0 mace
 40423 | Orc:2    | Redear: ??lignification
 40423 | Orc:2    | beem: potion of lignification[1/2]: Causes temporary
                  | uncancellable (but cancellationable!) {tree form}.
 40423 | Orc:2    | Redear: ??lignification [2
 40423 | Orc:2    | beem: tree form[1/3]: Immobile form with -Tele, +50% HP, 20
                  | + XL/2 AC, minimal EV, rN+++, rPois, torment immunity, and
                  | gives +12 base UC damage. Unlike statue form, tree form
                  | does NOT give rot or poison immunity.
 40455 | Orc:2    | Identified a +0 dagger
 40455 | Orc:2    | Identified a +0 robe
 40456 | Orc:2    | Identified a +0 mace
 40468 | Orc:2    | Found Amyhist's Jewellery Emporium.
 40468 | Orc:2    | Found Liru's Distillery.
 40480 | Orc:2    | Found Yfined's Gadget Emporium.
 40480 | Orc:2    | Found Uniojaq's Food Shop.
 40579 | Orc:1    | Identified a +0 giant club
 40696 | Orc:1    | Identified a +0 giant club
 40874 | Orc:2    | Bought a potion of heal wounds for 75 gold pieces
 40874 | Orc:2    | Bought a potion of haste for 150 gold pieces
 40874 | Orc:2    | Bought a potion of curing for 45 gold pieces
 40874 | Orc:2    | Bought a potion of curing for 45 gold pieces
 40938 | Elf:1    | Entered Level 1 of the Elven Halls
 40943 | Elf:1    | Identified a +0 long sword
 40943 | Elf:1    | Identified a +0 long sword
 40943 | Elf:1    | Identified a +2 leather armour of fire resistance
 40971 | Elf:1    | Found a radiant altar of Vehumet.
 40972 | Elf:1    | Identified a +0 long sword
 40972 | Elf:1    | Identified a +0 long sword
 40972 | Elf:1    | Identified a +0 leather armour
 40981 | Elf:1    | Identified a +0 long sword
 40981 | Elf:1    | Identified a +0 leather armour
 40985 | Elf:1    | Identified a +0 long sword
 40985 | Elf:1    | Identified a +0 ring mail
 41019 | Elf:1    | Identified a +0 rapier
 41019 | Elf:1    | Identified a +0 chain mail
 41089 | Elf:1    | Identified a +0 long sword
 41091 | Elf:1    | Identified a +2 vampiric glaive
 41091 | Elf:1    | Identified a +0 short sword
 41091 | Elf:1    | Identified a +3 dagger
 41092 | Elf:1    | Identified a +2 short sword of protection
 41101 | Elf:1    | Identified a +0 falchion
 41101 | Elf:1    | Identified a +0 leather armour
 41141 | Elf:1    | Identified a +0 flail
 41141 | Elf:1    | Identified a +0 plate armour
 41141 | Elf:1    | Identified a +0 trident
 41178 | Elf:1    | Found a ruined gateway.
 41210 | Elf:1    | Found an ancient bone altar of Kikubaaqudgha.
 41218 | Desolati | Entered the Desolation of Salt
 41220 | Desolati | Identified a +0 great mace
 41220 | Desolati | Identified a +0 scale mail
 41225 | Desolati | Identified a +0 short sword
 41225 | Desolati | Identified a +2 robe of the Archmagi
 41227 | Desolati | Identified a +0 club
 41227 | Desolati | Identified a +0 robe
 41266 | Desolati | Reached skill level 15 in Armour
 41269 | Desolati | Identified a +0 quarterstaff
 41269 | Desolati | Identified a cursed +0 robe
 41269 | Desolati | Identified a +0 dire flail
 41269 | Desolati | Identified a +0 scale mail
 41269 | Desolati | Identified a cursed +0 club
 41269 | Desolati | Identified a +0 robe
 41269 | Desolati | Identified a +0 spear of venom
 41269 | Desolati | Identified a +0 robe
 41335 | Desolati | Identified a cursed -3 spear
 41335 | Desolati | Identified a +0 robe
 41349 | Desolati | Identified a +0 rapier
 41349 | Desolati | Identified a +0 robe
 41396 | Desolati | Identified a +0 short sword
 41396 | Desolati | Identified a cursed +0 robe
 41412 | Desolati | Identified a +0 scimitar
 41412 | Desolati | Identified a +0 leather armour
 41412 | Desolati | Identified a +0 club
 41412 | Desolati | Identified a +0 robe
 41412 | Desolati | Identified a +0 great mace
 41412 | Desolati | Identified a +1 scale mail of fire resistance
 41413 | Desolati | Identified a +2 scimitar of venom
 41413 | Desolati | Identified a +0 leather armour
 41415 | Desolati | Identified a +0 spear
 41415 | Desolati | Identified a +0 robe
 41736 | Desolati | Got a smoking silver amulet
 41757 | Desolati | Got an encrusted halberd
 41759 | Desolati | Identified the +6 halberd of Instant Death {flame, rElec
                  | rPois Str-5} (You found it in the Desolation of Salt)
 41798 | Desolati | Identified a +0 pair of boots of running (You found it in
                  | the Desolation of Salt)
 41802 | Desolati | Got a bloodstained chain mail
 41804 | Desolati | Identified the +3 chain mail "Hag Habb" {Dex+2} (You found
                  | it in the Desolation of Salt)
 41805 | Desolati | Identified the amulet "Biwimora" {Spirit rElec rC+++ rN+
                  | Str-2} (You found it in the Desolation of Salt)
 41826 | Desolati | Identified a +0 spear
 41826 | Desolati | Identified a +0 robe
 41869 | Desolati | HP: 36/157 [servant of whispers/bolt of lightning (21)]
 41927 | Desolati | Identified a +0 long sword
 41927 | Desolati | Identified a +0 robe
 41931 | Desolati | Identified a +0 long sword
 41931 | Desolati | Identified a +0 robe
 41975 | Desolati | Identified a +0 spear
 41975 | Desolati | Identified a +0 robe
 41977 | Desolati | Identified a +0 mace
 41977 | Desolati | Identified a +0 scale mail
 41981 | Desolati | Identified a +0 dagger
 41981 | Desolati | Identified a +0 robe
 41981 | Desolati | Identified a +0 long sword
 41981 | Desolati | Identified a +0 robe
 41995 | Desolati | Reached XP level 18. HP: 67/166 MP: 27/27
 42010 | Desolati | Identified a +0 short sword
 42010 | Desolati | Identified a +0 robe
 42074 | Desolati | Identified a +0 flail
 42122 | Desolati | Identified a +0 double sword
 42122 | Desolati | Identified a +0 ring mail
 42142 | Desolati | Reached skill level 19 in Shields
 42146 | Desolati | Identified a +1 quarterstaff of draining
 42146 | Desolati | Identified a +0 robe
 42176 | Desolati | HP: 34/166 [saltling (15)]
 42577 | Desolati | Identified a +0 morningstar
 42577 | Desolati | Identified a +0 scale mail
 42591 | Desolati | Reached skill level 16 in Fighting
 42642 | Desolati | Identified Gavetun's Catalogue of Augmentations and
                  | Darkness
 42685 | Desolati | Reached skill level 16 in Axes
 42871 | Desolati | Identified Gunuatib's Guide on Toxic Displacement
 43093 | Elf:1    | Identified a +1 halberd of protection
 43134 | Elf:1    | Identified a +0 long sword
 43134 | Elf:1    | Identified a cursed +0 dagger
 43134 | Elf:1    | Identified a +0 leather armour
 43134 | Elf:1    | Identified a +6 hand axe of distortion
 43134 | Elf:1    | Identified a +1 morningstar of protection
 43136 | Elf:1    | Identified a +0 dagger of venom
 43136 | Elf:1    | Identified a +2 ring mail of poison resistance
 43140 | Elf:1    | Identified a +0 dire flail of draining
 43141 | Elf:1    | Identified a +0 scimitar
 43141 | Elf:1    | Identified a +0 leather armour
 43144 | Elf:1    | Identified a +0 rapier
 43144 | Elf:1    | Identified a +0 short sword
 43144 | Elf:1    | Identified a +0 shortbow
 43144 | Elf:1    | Identified a +0 leather armour
 43144 | Elf:1    | Identified a +0 long sword
 43144 | Elf:1    | Identified a +0 leather armour
 43145 | Elf:1    | Identified a +0 short sword
 43196 | Elf:1    | Identified a cursed -1 rapier
 43196 | Elf:1    | Identified a +0 leather armour
 43310 | Elf:1    | Identified a +4 short sword of protection
 43502 | Elf:1    | Identified a +0 short sword
 43502 | Elf:1    | Identified a +0 leather armour
 43526 | Elf:1    | Identified a +0 flail of distortion
 43617 | Elf:1    | Identified a +0 short sword
 43874 | Elf:1    | Identified a +0 dagger
 43874 | Elf:1    | Identified a +0 longbow
 43874 | Elf:1    | Identified a +0 leather armour
 44163 | Elf:2    | Identified a +0 long sword
 44187 | Elf:2    | Identified a +0 rapier
 44187 | Elf:2    | Identified a +2 hand axe of flaming
 44230 | Elf:2    | Identified a +0 long sword
 44230 | Elf:2    | Identified a +0 long sword
 44267 | Elf:2    | Identified a cursed +0 rapier
 44284 | Elf:2    | Identified a +3 long sword of holy wrath
 44319 | Elf:2    | Identified a +1 rapier of flaming
 44391 | Elf:2    | Identified a cursed +0 dagger
 44391 | Elf:2    | Identified a +0 robe
 44414 | Elf:2    | Identified a +0 rapier
 44414 | Elf:2    | Identified a +0 chain mail
 44429 | Elf:2    | Found Ywkaro Gait's Gadget Shop.
 44457 | Elf:2    | Identified a +0 short sword
 44511 | Elf:2    | Identified a cursed -1 dagger
 44511 | Elf:2    | Identified a +1 vampiric scimitar
 44528 | Elf:2    | Reached skill level 16 in Armour
 44547 | Elf:2    | Identified a ring of fire (You found it on level 2 of the
                  | Elven Halls)
 44579 | Elf:2    | Identified a +0 dagger
 44700 | Elf:2    | Identified a +0 falchion
 44707 | Elf:2    | Identified a +0 falchion
 44719 | Elf:2    | Found a runed translucent gate.
 44719 | Elf:2    | Found a runed translucent gate.
 44719 | Elf:2    | Found a runed translucent gate.
 44734 | Elf:2    | Identified a +0 rapier
 44734 | Elf:2    | Identified a +0 ring mail
 44734 | Elf:2    | Identified a cursed -2 long sword
 44734 | Elf:2    | Identified a +0 longbow
 44734 | Elf:2    | Identified a cursed +0 chain mail
 44734 | Elf:2    | Identified a +0 dagger
 44734 | Elf:2    | Identified a +0 ring mail
 44773 | Elf:2    | Identified a +2 dire flail of protection
 44786 | Elf:2    | Identified a +4 long sword of slicing
 44830 | Elf:2    | Identified a +0 trident of holy wrath
 44832 | Elf:2    | Identified a +0 long sword
 44832 | Elf:2    | Identified a +0 short sword
 44832 | Elf:2    | Identified a +0 ring mail
 44832 | Elf:2    | Identified a +0 short sword
 44832 | Elf:2    | Identified a +0 short sword
 44832 | Elf:2    | Identified a cursed +0 leather armour
 44860 | Elf:2    | Identified a +0 mace of protection
 44885 | Elf:2    | Identified a +0 long sword
 44888 | Elf:2    | Identified a +4 mace of crushing
 44889 | Elf:2    | Identified a +0 trident
 44890 | Elf:2    | Identified a +2 vampiric bardiche
 44908 | Elf:2    | Identified a +0 trident
 45100 | Elf:2    | Identified a +0 short sword
 45132 | Elf:2    | Identified a +1 glaive of freezing
 45172 | Elf:2    | Identified a +0 short sword
 45195 | Elf:2    | Identified a +0 long sword
 45195 | Elf:2    | Identified a +0 leather armour
 45201 | Elf:2    | Identified a +0 rapier
 45265 | Elf:2    | Identified a +1 dire flail of protection
 45267 | Elf:2    | Identified a +2 short sword of protection
 45296 | Elf:2    | Identified a +0 long sword
 45296 | Elf:2    | Identified a +0 leather armour
 45297 | Elf:2    | Identified a +1 antimagic eveningstar
 45298 | Elf:2    | Identified a +4 flail of draining
 45298 | Elf:2    | Identified a +6 glaive of venom
 45300 | Elf:2    | Identified a +0 scimitar
 45300 | Elf:2    | Identified a +0 longbow
 45300 | Elf:2    | Identified a +0 chain mail
 45355 | Elf:2    | Identified a +0 short sword
 45384 | Elf:2    | Identified a +0 short sword
 45384 | Elf:2    | Identified a +0 leather armour
 45404 | Elf:2    | Identified a +0 short sword
 45404 | Elf:2    | Identified a +0 leather armour
 45560 | Elf:3    | Entered Level 3 of the Elven Halls
 45619 | Elf:3    | Identified a +0 dagger
 45619 | Elf:3    | Identified a +0 longbow
 45619 | Elf:3    | Identified a +0 leather armour
 45620 | Elf:3    | Identified a +0 dagger
 45620 | Elf:3    | Identified a +0 shortbow
 45620 | Elf:3    | Identified a +0 leather armour
 45620 | Elf:3    | Identified a +0 short sword
 45620 | Elf:3    | Identified a +0 shortbow
 45620 | Elf:3    | Identified a +0 leather armour
 45621 | Elf:3    | Identified a +0 dagger
 45621 | Elf:3    | Noticed a deep elf demonologist
 45621 | Elf:3    | Identified a +0 dagger
 45621 | Elf:3    | Identified a +0 long sword of holy wrath
 45628 | Elf:3    | Identified a +0 short sword of venom
 45628 | Elf:3    | Identified a +0 short sword
 45628 | Elf:3    | Identified a +0 rapier
 45628 | Elf:3    | Identified a +0 ring mail
 45630 | Elf:3    | Identified a +0 rapier
 45630 | Elf:3    | Identified a +0 rapier
 45630 | Elf:3    | Identified a +0 leather armour
 45634 | Elf:3    | Identified a +0 long sword of holy wrath
 45636 | Elf:3    | Identified a +0 rapier
 45636 | Elf:3    | Identified a +0 scale mail
 45637 | Elf:3    | Identified a +0 rapier
 45637 | Elf:3    | Noticed a deep elf demonologist
 45642 | Elf:3    | Identified a +0 rapier
 45642 | Elf:3    | Identified a +0 leather armour
 45645 | Elf:3    | Identified a +1 scythe of freezing
 45645 | Elf:3    | Identified a +0 short sword
 45646 | Elf:3    | Noticed a Brimstone Fiend
 45647 | Elf:3    | Noticed a Tzitzimitl
 45647 | Elf:3    | Identified a +0 rapier
 45647 | Elf:3    | Identified a +0 rapier
 45647 | Elf:3    | Identified a +0 leather armour
 45647 | Elf:3    | Identified a +0 long sword
 45647 | Elf:3    | Noticed a deep elf demonologist
 45648 | Elf:3    | Identified a +2 long sword of protection
 45648 | Elf:3    | Identified a +1 long sword of slicing
 45648 | Elf:3    | Identified a +0 dagger
 45648 | Elf:3    | Identified a +0 leather armour
 45650 | Elf:3    | Identified a +0 trident
 45650 | Elf:3    | Killed a deep elf demonologist
 45651 | Elf:3    | Identified a +1 demon trident of electrocution
 45651 | Elf:3    | Identified a +0 short sword
 45651 | Elf:3    | Noticed a deep elf sorcerer
 45651 | Elf:3    | Identified a +0 dagger
 45651 | Elf:3    | Identified a +0 shortbow
 45651 | Elf:3    | Identified a +0 leather armour
 45652 | Elf:3    | Identified a +2 long sword of holy wrath
 45652 | Elf:3    | Identified a +0 scale mail
 45652 | Elf:3    | Noticed a deep elf sorcerer
 45656 | Elf:3    | Identified a +0 rapier
 45656 | Elf:3    | Noticed a deep elf sorcerer
 45656 | Elf:3    | Identified a +0 dagger
 45656 | Elf:3    | Identified a +0 ring mail
 45658 | Elf:3    | HP: 41/168 [deep elf high priest/divine providence (9)]
 45661 | Elf:3    | Identified a +4 scythe of venom
 45667 | Elf:3    | Identified a +0 dagger
 45675 | Elf:3    | Identified a +0 short sword
 45675 | Elf:3    | Identified a +0 shortbow
 45675 | Elf:3    | Identified a +0 leather armour
 45680 | Elf:3    | Killed a deep elf sorcerer
 45687 | Elf:3    | Identified a +0 trident
 45687 | Elf:3    | Identified a cursed +0 trident
 45689 | Elf:3    | Identified a +0 dagger
 45693 | Elf:3    | Identified a +0 rapier
 45695 | Elf:3    | Identified a +0 long sword
 45695 | Elf:3    | Identified a +0 ring mail
 45697 | Elf:3    | Identified a +3 rapier
 45698 | Elf:3    | Identified a +0 long sword
 45698 | Elf:3    | Noticed a deep elf sorcerer
 45699 | Elf:3    | Identified a +0 dagger
 45699 | Elf:3    | Identified a +0 ring mail
 45699 | Elf:3    | Noticed a deep elf demonologist
 45699 | Elf:3    | Noticed a Tzitzimitl
 45702 | Elf:3    | Killed a deep elf sorcerer
 45704 | Elf:3    | Killed a deep elf sorcerer
 45711 | Elf:3    | Identified a +0 demon whip of draining
 45711 | Elf:3    | Identified a +0 long sword of draining
 45711 | Elf:3    | Noticed a deep elf sorcerer
 45712 | Elf:3    | Killed a deep elf demonologist
 45720 | Elf:3    | Identified a +0 dagger
 45720 | Elf:3    | Noticed a deep elf sorcerer
 45730 | Elf:3    | Killed a deep elf sorcerer
 45755 | Elf:3    | Identified the Catalogue of the Hidden Lies
 45763 | Elf:3    | Got a vibrating silver ring
 45765 | Elf:3    | Got a faintly glowing copper amulet
 45788 | Elf:3    | Identified the ring "Ude Jea" {+Inv rElec Stlth-} (You
                  | found it on level 3 of the Elven Halls)
 45789 | Elf:3    | Identified the amulet "Xablonur" {Reflect rElec rF++ MR+
                  | Str-4 SH+5} (You found it on level 3 of the Elven Halls)
 45794 | Elf:3    | Got a heavily runed plate armour
 45795 | Elf:3    | Identified the +9 plate armour "Xuso" {Str+2} (You found it
                  | on level 3 of the Elven Halls)
 45803 | Elf:3    | Got a faintly glowing hand axe
 45804 | Elf:3    | Identified the cursed +2 hand axe of Kokluap {drain, +Blink
                  | rPois rN+ Int-2} (You found it on level 3 of the Elven
                  | Halls)
 45818 | Elf:3    | Identified a ring of positive energy (You found it on level
                  | 3 of the Elven Halls)
 45826 | Elf:3    | Identified a ring of attention (You found it on level 3 of
                  | the Elven Halls)
 45848 | Elf:3    | Identified a +5 fustibalus of freezing (You found it on
                  | level 3 of the Elven Halls)
 45863 | Elf:3    | Identified a +0 long sword
 45863 | Elf:3    | Noticed a deep elf sorcerer
 45874 | Elf:3    | Identified a +0 long sword
 45874 | Elf:3    | Identified a cursed -3 long sword
 45874 | Elf:3    | Identified a +0 leather armour
 45874 | Elf:3    | Noticed a deep elf demonologist
 45874 | Elf:3    | Identified a +0 dagger
 45874 | Elf:3    | Identified a +0 leather armour
 45893 | Elf:3    | Identified a +0 dagger of venom
 45893 | Elf:3    | Identified a cursed +0 leather armour
 45893 | Elf:3    | Noticed a deep elf sorcerer
 45893 | Elf:3    | Noticed a Tzitzimitl
 45899 | Elf:3    | Killed a deep elf demonologist
 45908 | Elf:3    | Identified a +2 demon whip of freezing
 45912 | Elf:3    | Killed a deep elf sorcerer
 45912 | Elf:3    | Reached XP level 19. HP: 80/174 MP: 28/28
 45914 | Elf:3    | Killed a deep elf demonologist
 45914 | Elf:3    | Reached skill level 17 in Fighting
 45918 | Elf:3    | Killed a deep elf sorcerer
 45918 | Elf:3    | Reached skill level 17 in Axes
 45923 | Elf:3    | Killed a deep elf sorcerer
 45954 | Elf:3    | Identified a +0 rapier
 45954 | Elf:3    | Identified a +0 chain mail
 45958 | Elf:3    | Identified a +0 longbow
 45958 | Elf:3    | Identified a +0 short sword
 45958 | Elf:3    | Identified a +0 leather armour
 45961 | Elf:3    | Identified a +0 dagger
 45961 | Elf:3    | Identified a +0 ring mail
 45961 | Elf:3    | Noticed a deep elf sorcerer
 45966 | Elf:3    | Killed a deep elf sorcerer
 45981 | Elf:3    | Identified a +0 short sword
 45981 | Elf:3    | Identified a +0 ring mail
 45981 | Elf:3    | Noticed a deep elf sorcerer
 45983 | Elf:3    | HP: 24/177 [deep elf sorcerer/damnation (26)]
 45984 | Elf:3    | Killed a deep elf sorcerer
 45985 | Elf:3    | Identified a +1 demon whip of venom
 45986 | Elf:3    | Identified a +0 long sword of holy wrath
 45986 | Elf:3    | Identified a +0 chain mail
 45986 | Elf:3    | Noticed a deep elf sorcerer
 45987 | Elf:3    | Cast into level 2 of the Abyss (a deep elf sorcerer)
 46243 | Abyss:2  | Gained mutation: Scrolls take you much longer to read. [a
                  | neqoxec]
 46471 | Abyss:2  | Identified a +0 trident
 46471 | Abyss:2  | Identified a +0 robe
 46507 | Abyss:2  | Reached skill level 20 in Shields
 46529 | Abyss:2  | Found a corrupted altar of Lugonu.
 46597 | Abyss:2  | Identified a +0 flail
 46597 | Abyss:2  | Identified a +0 large shield
 46597 | Abyss:2  | Identified a +2 halberd
 46608 | Abyss:2  | Identified a +3 glaive
 46608 | Abyss:2  | Identified a +0 long sword
 46608 | Abyss:2  | Identified a +0 robe
 46690 | Abyss:2  | Gained mutation: Your magical capacity is low. (-10% MP) [a
                  | neqoxec]
 46697 | Elf:3    | Escaped the Abyss
 46703 | Elf:3    | Killed a deep elf sorcerer
 46710 | Elf:3    | Killed a deep elf sorcerer
 46710 | Elf:3    | Reached skill level 17 in Armour
 46748 | Elf:3    | Identified a +0 long sword
 46748 | Elf:3    | Noticed a deep elf demonologist
 46749 | Elf:3    | Identified a +0 trident
 46749 | Elf:3    | Identified a +0 longbow
 46749 | Elf:3    | Identified a +0 scale mail
 46788 | Elf:3    | Noticed a Brimstone Fiend
 46793 | Elf:3    | Killed a deep elf demonologist
 46808 | Elf:3    | Identified a cursed -1 dagger
 46813 | Elf:3    | Identified a +0 dagger
 46813 | Elf:3    | Identified a +0 ring mail
 46821 | Elf:3    | Identified a +0 trident
 46823 | Elf:3    | Identified a +0 short sword
 46826 | Elf:3    | Identified a +0 demon whip
 46856 | Elf:3    | Identified a +2 vampiric demon whip
 47107 | Elf:3    | Noticed an Ice Fiend
 47111 | Elf:3    | Killed a deep elf demonologist
 47239 | Elf:3    | Identified a +0 morningstar of holy wrath
 47240 | Elf:3    | Found the +7 Singing Sword {slice, sonic wave}
 47272 | Elf:3    | Identified the Disquisition on Darkness
 47301 | Elf:3    | Identified the Catalogue of the Lucky Traveller
 47341 | Elf:3    | Identified a ring of protection (You found it on level 3 of
                  | the Elven Halls)
 47441 | Elf:3    | Identified a +0 long sword
 47441 | Elf:3    | Identified a +0 shortbow
 47441 | Elf:3    | Identified a +0 leather armour
 47443 | Elf:3    | Identified a +0 short sword
 47443 | Elf:3    | Identified a +0 scale mail
 47443 | Elf:3    | Identified a +0 dagger
 47443 | Elf:3    | Identified a +0 leather armour
 47454 | Elf:3    | Identified a +0 short sword
 47454 | Elf:3    | Identified a +0 longbow
 47454 | Elf:3    | Identified a +0 leather armour
 47560 | Elf:3    | Identified a +0 long sword
 47560 | Elf:3    | Identified a +0 leather armour
 47561 | Elf:3    | Identified a +0 long sword
 47562 | Elf:3    | Identified a +0 short sword
 47562 | Elf:3    | Identified a +0 leather armour
 47565 | Elf:3    | Identified a +0 dagger
 47566 | Elf:3    | Found Anubobaono's General Store.
 47566 | Elf:3    | Identified a +0 short sword
 47566 | Elf:3    | Identified a +0 ring mail
 47570 | Elf:3    | Identified a +0 dagger
 47570 | Elf:3    | Identified a +0 shortbow
 47570 | Elf:3    | Identified a +0 leather armour
 47570 | Elf:3    | Identified a +0 dagger
 47570 | Elf:3    | Identified a +1 ring mail of poison resistance
 47570 | Elf:3    | Identified a +0 long sword
 47570 | Elf:3    | Identified a +1 trident of venom
 47580 | Elf:3    | Identified a +2 demon trident of flaming
 47765 | Elf:3    | Identified a +1 halberd of protection
 47766 | Elf:3    | Identified a +0 dagger
 47766 | Elf:3    | Identified a +0 longbow
 47766 | Elf:3    | Identified a +0 leather armour
 47773 | Elf:3    | Identified a +0 rapier
 47773 | Elf:3    | Identified a +0 leather armour
 47854 | Elf:3    | Bought a scroll of acquirement for 884 gold pieces
 47872 | Elf:3    | Identified a +2 large shield of reflection (You acquired it
                  | on level 3 of the Elven Halls)
 47883 | Elf:3    | Identified a +0 flail
 47883 | Elf:3    | Identified a +0 leather armour
 47885 | Elf:3    | Identified a +0 trident
 47885 | Elf:3    | Identified a +0 ring mail
 47885 | Elf:3    | Identified a +0 flail
 47885 | Elf:3    | Identified a +0 chain mail
 47885 | Elf:3    | Identified a +0 short sword
 47885 | Elf:3    | Identified a +0 scale mail
 47885 | Elf:3    | Identified a +0 leather armour
 47886 | Elf:3    | Identified a +0 mace
 47886 | Elf:3    | Identified a +0 chain mail
 47886 | Elf:3    | Identified a +0 short sword
 47891 | Elf:3    | Identified a +0 short sword
 47891 | Elf:3    | Identified a +0 leather armour
 47952 | Elf:3    | Identified a +1 pair of gloves (You found it on level 3 of
                  | the Elven Halls)
 48023 | Elf:3    | Identified a +0 trident of piercing
 48151 | Elf:3    | Identified a +4 battleaxe of freezing
 48689 | D:10     | Identified a +0 shortbow
 48709 | D:10     | Killed Sonja
 49018 | D:10     | Identified an amulet of inaccuracy (You found it on level
                  | 10 of the Dungeon)
 49702 | D:14     | Identified a cursed -3 club
 49704 | D:14     | Identified a +0 ring mail
 49705 | D:14     | Identified a +0 long sword
 49705 | D:14     | Identified a +0 chain mail
 49710 | D:14     | Identified +0 steam dragon scales
 49813 | D:14     | Identified a +0 mace
 49867 | D:14     | Identified a ring of strength (You found it on level 14 of
                  | the Dungeon)
 49923 | D:14     | Identified a +1 dagger of draining
 49923 | D:14     | Identified a +0 robe
 49954 | D:14     | Found a gate to the Vaults.
 49954 | D:14     | Identified a +0 arbalest
 49954 | D:14     | Identified a +0 dire flail
 49954 | D:14     | Identified a +0 plate armour
 49954 | D:14     | Identified a +0 dagger
 49954 | D:14     | Identified a +0 robe
 50163 | D:14     | Identified a +0 hand axe
 50164 | D:14     | Identified a +0 dagger
 50164 | D:14     | Identified a +0 robe
 50165 | D:14     | Identified a +0 dire flail
 50165 | D:14     | Identified a +0 plate armour
 50165 | D:14     | Identified a cursed +0 flail
 50518 | D:14     | Killed temitten's ghost
 50529 | D:14     | Identified a cursed -3 giant club
 50612 | D:14     | Identified a scroll of torment
 50614 | D:14     | Identified a scroll of brand weapon
 50628 | D:14     | Got a spiked hat
 50633 | D:14     | Identified the cursed -1 hat of Truth {rElec rC+} (You
                  | found it on level 14 of the Dungeon)
 50711 | D:15     | Entered Level 15 of the Dungeon
 50711 | D:15     | Identified a +0 long sword
 50711 | D:15     | Identified a +0 chain mail
 50711 | D:15     | Identified a +0 hand axe
 50711 | D:15     | Identified a +0 trident
 50711 | D:15     | Identified a +0 leather armour
 50712 | D:15     | Identified a +0 club
 50713 | D:15     | Identified a cursed -2 dagger
 50713 | D:15     | Identified a +0 ring mail
 50741 | D:15     | Identified a +0 hand axe
 50741 | D:15     | Identified a +0 leather armour
 50741 | D:15     | Identified a +0 hand axe
 50741 | D:15     | Identified a +0 leather armour
 50741 | D:15     | Identified a +0 war axe
 50741 | D:15     | Identified a +0 leather armour
 50897 | D:15     | Identified a +0 whip
 50901 | D:15     | Identified a +0 dagger
 50901 | D:15     | Identified a +0 robe
 50913 | D:15     | Identified a +0 dagger
 50913 | D:15     | Identified a +0 robe
 50923 | D:15     | Identified a +0 dire flail
 50923 | D:15     | Identified a +0 plate armour
 50934 | D:15     | Identified a +0 dagger
 50934 | D:15     | Identified a +0 leather armour
 50963 | D:15     | Identified a +0 shortbow
 51047 | D:15     | Reached skill level 18 in Fighting
 51203 | D:15     | Identified a +0 mace
 51203 | D:15     | Identified a +0 long sword
 51219 | D:15     | Identified a +0 mace
 51220 | D:15     | Identified a +0 short sword
 51221 | D:15     | Reached skill level 18 in Axes
 51253 | D:15     | Identified a +0 flail
 51367 | D:15     | Identified a +0 dagger
 51367 | D:15     | Identified a +0 robe
 51367 | D:15     | Noticed Josephine
 51377 | D:15     | Killed Josephine
 51396 | D:15     | Found a staircase to the Depths.
 51396 | D:15     | Identified a +0 arbalest
 51397 | D:15     | Identified a +0 longbow
 51398 | D:15     | Identified a +0 arbalest
 51545 | Depths:1 | Entered Level 1 of the Depths
 51576 | Depths:1 | Identified a +0 leather armour
 51576 | Depths:1 | Identified a cursed +0 flail
 51576 | Depths:1 | Identified a +0 leather armour
 51576 | Depths:1 | Identified a cursed -1 hand axe
 51576 | Depths:1 | Identified a cursed -3 dagger
 51576 | Depths:1 | Identified a +0 robe
 51576 | Depths:1 | Identified a +0 falchion
 51576 | Depths:1 | Identified a +0 scale mail
 51577 | Depths:1 | Identified a +1 whip of flaming
 51577 | Depths:1 | Identified a +0 leather armour
 51577 | Depths:1 | Identified a +0 flail
 51577 | Depths:1 | Identified a +0 flail
 51577 | Depths:1 | Identified a +0 halberd
 51577 | Depths:1 | Identified a +2 chain mail of cold resistance
 51577 | Depths:1 | Noticed Saint Roka
 51584 | Depths:1 | Identified a +0 scythe
 51585 | Depths:1 | Identified a +0 flail
 51585 | Depths:1 | Identified a cursed +0 plate armour
 51586 | Depths:1 | Identified a cursed -2 hand axe
 51595 | Depths:1 | Identified a +0 great sword of flaming
 51617 | Depths:1 | Killed Saint Roka
 51617 | Depths:1 | Reached skill level 14 in Invocations
 51617 | Depths:1 | Reached XP level 20. HP: 116/187 MP: 26/26
 51696 | Depths:1 | Got a pitted cloak
 51700 | Depths:1 | Identified the +1 cloak "Tuficuug" {Str+4} (You found it on
                  | level 1 of the Depths)
 51755 | D:15     | Identified a ring of evasion (You found it on level 15 of
                  | the Dungeon)
 51822 | Depths:1 | Identified a +2 glaive of flaming
 51822 | Depths:1 | Identified a +0 plate armour
 51822 | Depths:1 | Identified a +5 demon trident of piercing
 51822 | Depths:1 | Identified a +0 chain mail
 51822 | Depths:1 | Identified a +0 dagger
 51822 | Depths:1 | Identified a +0 robe
 51822 | Depths:1 | Identified a +0 glaive of draining
 51822 | Depths:1 | Identified a +0 plate armour
 51822 | Depths:1 | Identified a +4 broad axe of flaming
 51822 | Depths:1 | Identified a +0 chain mail
 51822 | Depths:1 | Identified a +0 dagger
 51822 | Depths:1 | Identified a +0 robe
 51822 | Depths:1 | Identified a +5 demon whip
 51822 | Depths:1 | Identified a +0 plate armour
 51834 | Depths:1 | Identified +0 ice dragon scales
 51953 | Depths:1 | Identified a +2 demon whip of electrocution
 51955 | Depths:1 | Found a gateway to Hell.
 51969 | Depths:1 | Reached skill level 21 in Shields
 52089 | Depths:1 | Identified a +0 troll leather armour
 52122 | Depths:1 | Identified a +0 dagger
 52122 | Depths:1 | Identified a +0 robe
 52167 | Depths:1 | Identified a +1 great sword of flaming
 52172 | Depths:1 | Identified a +2 battleaxe of freezing
 52295 | Depths:1 | Identified a +0 dagger of venom
 52295 | Depths:1 | Identified a +0 robe
 52349 | Depths:1 | Identified a +0 battleaxe of freezing
 52364 | Depths:1 | Found a sparkling altar of Nemelex Xobeh.
 52386 | Depths:1 | Got a brightly glowing triple crossbow
 52407 | Depths:1 | Identified a +0 arbalest
 52407 | Depths:1 | Identified a +0 arbalest
 52413 | Depths:1 | Identified a +0 arbalest
 52417 | Depths:1 | Identified a cursed -1 arbalest
 52419 | Depths:1 | Identified a +0 arbalest
 52650 | Depths:1 | Identified a +0 arbalest
 52650 | Depths:1 | Identified a +0 arbalest
 52650 | Depths:1 | Identified a +0 arbalest
 52650 | Depths:1 | Identified a +0 arbalest
 52784 | Depths:2 | Found Sireim's Assorted Antiques.
 52784 | Depths:2 | Identified a +0 shortbow
 52784 | Depths:2 | Identified a +0 shortbow
 52784 | Depths:2 | Identified a +0 shortbow
 52784 | Depths:2 | Identified a +2 shortbow of velocity
 52784 | Depths:2 | Identified a +0 shortbow
 52784 | Depths:2 | Identified a cursed -1 shortbow
 52784 | Depths:2 | Identified a +0 long sword
 52784 | Depths:2 | Identified a +0 leather armour
 52784 | Depths:2 | Identified a +2 shield of fire resistance
 52787 | Depths:2 | Identified a +0 shortbow
 52791 | Depths:2 | Identified a +0 troll leather armour
 52799 | Depths:2 | Identified a +0 troll leather armour
 52832 | Depths:2 | Bought a scroll of fear for 175 gold pieces
 52883 | Depths:2 | Identified a +0 rapier
 52883 | Depths:2 | Identified a +0 animal skin
 52887 | Depths:2 | Identified a +2 great sword
 52887 | Depths:2 | Identified a +0 leather armour
 52904 | Depths:2 | Identified a +0 rapier
 52904 | Depths:2 | Identified a +0 animal skin
 52947 | Depths:2 | Identified a +0 buckler
 52950 | Depths:2 | Identified a +1 battleaxe of freezing
 52953 | Depths:2 | Identified +0 ice dragon scales
 52954 | Depths:2 | Identified a +0 robe
 52963 | Depths:2 | Reached skill level 15 in Invocations
 52971 | Depths:2 | Identified a +0 troll leather armour
 52973 | Depths:2 | Identified a +4 halberd
 52973 | Depths:2 | Identified a +0 robe
 52975 | Depths:2 | Identified a +0 war axe
 52975 | Depths:2 | Identified a +0 animal skin
 52986 | Depths:2 | Noticed a lich
 53013 | Depths:2 | Killed a lich
 53048 | Depths:2 | Found a one-way gate to the infinite horrors of the Abyss.
 53189 | Depths:2 | Noticed a caustic shrike
 53213 | Depths:2 | HP: 30/187 [caustic shrike (19)]
 53214 | Depths:2 | HP: 11/187 [caustic shrike (6)]
 53215 | Depths:2 | HP: 2/187 [storm dragon/bolt of lightning (5)]
 53216 | Depths:2 | Identified +0 shadow dragon scales
 53982 | Depths:2 | Identified a +4 long sword of holy wrath
 53982 | Depths:2 | Identified a +0 ring mail
 53982 | Depths:2 | Identified a +0 buckler
 53982 | Depths:2 | Identified the ring "Aqoodupu" {Fire MR+ MP+9 Dex-2 SInv}
 53986 | Depths:2 | Noticed a lich
 54014 | Depths:2 | Noticed a Brimstone Fiend
 54014 | Depths:2 | Killed a lich
 54107 | Depths:2 | Got a jewelled hand axe
 54110 | Depths:2 | Identified the cursed +1 hand axe of Triumph {freeze, rC+}
                  | (You found it on level 2 of the Depths)
 54112 | Depths:2 | Noticed a lich
 54140 | Depths:2 | Killed a lich
 54146 | Depths:2 | Noticed a lich
 54154 | Depths:2 | Killed a lich
 54154 | Depths:2 | Reached skill level 22 in Shields
 54235 | Depths:2 | Killed a caustic shrike
 54250 | Depths:2 | Identified +0 storm dragon scales
 54359 | Depths:3 | Identified a +0 long sword
 54359 | Depths:3 | Identified a +0 robe
 54359 | Depths:3 | Identified a +0 battleaxe of freezing
 54403 | Depths:3 | Identified an amulet of magic regeneration (You found it on
                  | level 3 of the Depths)
 54438 | Depths:3 | Identified a +0 dire flail
 54438 | Depths:3 | Identified a +0 dire flail
 54438 | Depths:3 | Identified a +0 giant club
 54438 | Depths:3 | Identified a +0 giant club
 54438 | Depths:3 | Identified a +0 giant club
 54438 | Depths:3 | Identified a +0 giant club
 54449 | Depths:3 | Noticed a lich
 54464 | Depths:3 | Cast into level 4 of the Abyss (a lich)
 54488 | Abyss:4  | Identified a +0 trident
 54488 | Abyss:4  | Identified a +0 robe
 54550 | Abyss:4  | Got an abyssal rune of Zot
 54741 | Abyss:4  | Reached skill level 16 in Invocations
 54756 | Abyss:4  | Noticed a lich
 54784 | Abyss:4  | Killed a lich
 54796 | Depths:3 | Escaped the Abyss
 54806 | Depths:3 | Reached XP level 21. HP: 194/194 MP: 14/28
 54807 | Depths:3 | Killed a lich
 54808 | Depths:3 | Identified a +0 robe
 54816 | Depths:3 | Identified a +0 giant club
 54816 | Depths:3 | Identified a +0 giant club
 54830 | Depths:3 | Identified a +0 giant club
 54830 | Depths:3 | Identified a +0 giant club
 54832 | Depths:3 | Identified a cursed -2 dagger
 54832 | Depths:3 | Identified a +0 robe
 54915 | Depths:3 | Identified a +0 shortbow
 54981 | Depths:3 | Found the +12 Vampire's Tooth {vamp}
 55137 | Depths:3 | Identified a +0 dagger
 55137 | Depths:3 | Identified a +0 robe
 55205 | Depths:3 | Identified +0 fire dragon scales
 55223 | Depths:3 | Identified a +0 dagger of venom
 55223 | Depths:3 | Identified a +0 robe
 55311 | Depths:3 | Identified a +2 battleaxe of freezing
 55311 | Depths:3 | Identified a +3 rapier
 55311 | Depths:3 | Identified a +0 animal skin
 55361 | Depths:3 | Identified a +0 short sword
 55361 | Depths:3 | Identified a +0 great sword of flaming
 55426 | Depths:3 | Identified a +0 dagger
 55426 | Depths:3 | Identified a cursed +0 robe
 55435 | Depths:3 | Identified a +0 troll leather armour
 55508 | Depths:3 | Identified a +1 great sword of flaming
 55518 | Depths:3 | Reached skill level 23 in Shields
 55533 | Depths:3 | Identified a +0 dire flail
 55533 | Depths:3 | Identified a +0 dire flail
 55577 | Depths:3 | Identified a +0 dire flail
 55577 | Depths:3 | Identified a +0 dire flail
 55610 | Depths:3 | Noticed a lich
 55629 | Depths:3 | Killed a lich
 55649 | Depths:3 | Found a one-way gate leading to the halls of Pandemonium.
 55678 | Depths:3 | Identified a +0 arbalest
 55678 | Depths:3 | Identified a +0 robe
 55678 | Depths:3 | Identified a +0 war axe
 55678 | Depths:3 | Identified a +0 animal skin
 55678 | Depths:3 | Identified a +0 broad axe
 55678 | Depths:3 | Identified a cursed +0 animal skin
 55679 | Depths:3 | Identified a +2 dire flail of holy wrath
 55679 | Depths:3 | Identified a +0 dire flail
 55773 | Depths:3 | Identified a scroll of holy word
 55920 | Depths:3 | Identified a +0 rapier
 55920 | Depths:3 | Identified a cursed -2 animal skin
 55921 | Depths:3 | Identified a +0 lajatang
 55937 | Depths:3 | Identified +0 fire dragon scales
 55967 | Depths:3 | Identified a +8 quick blade
 55967 | Depths:3 | Identified a +0 robe
 55967 | Depths:3 | Identified a +0 buckler
 56007 | Depths:3 | Identified +0 shadow dragon scales
 56007 | Depths:3 | Reached skill level 17 in Invocations
 56128 | Depths:3 | Identified a +1 battleaxe of freezing
 56128 | Depths:3 | Identified a +0 arbalest
 56138 | Depths:3 | Identified +0 fire dragon scales
 56158 | Depths:3 | Identified a +0 spear
 56158 | Depths:3 | Identified a cursed -2 spear
 56158 | Depths:3 | Identified a +0 blowgun
 56159 | Depths:3 | Identified a +0 lajatang of protection
 56159 | Depths:3 | Identified a +0 robe
 56159 | Depths:3 | Identified a +2 spear of piercing
 56160 | Depths:3 | Identified a +1 war axe of freezing
 56160 | Depths:3 | Identified a +0 animal skin
 56160 | Depths:3 | Identified a +0 trident
 56160 | Depths:3 | Identified a +0 robe
 56239 | Depths:3 | HP: 34/194 [spriggan rider/+0 spear[a spriggan defender]
                  | (10)]
 56751 | Depths:3 | Identified a +1 pair of gloves (You found it on level 3 of
                  | the Depths)
 57143 | Depths:4 | Identified a +3 battleaxe of freezing
 57147 | Depths:4 | Identified a +0 robe
 57157 | Depths:4 | Identified a +0 halberd
 57157 | Depths:4 | Identified a +0 chain mail
 57263 | Depths:4 | Identified a +2 great sword
 57263 | Depths:4 | Identified a +0 chain mail
 57298 | Depths:4 | Identified a +0 giant club
 57298 | Depths:4 | Identified a +0 giant spiked club
 57298 | Depths:4 | Identified a +0 giant club
 57298 | Depths:4 | Identified a +0 giant club
 57299 | Depths:4 | Identified a +0 robe
 57299 | Depths:4 | Identified a +0 giant spiked club
 57299 | Depths:4 | Identified a +0 dire flail
 57301 | Depths:4 | Identified a +0 giant spiked club
 57301 | Depths:4 | Identified a +0 giant spiked club
 57301 | Depths:4 | Identified a +0 giant club
 57301 | Depths:4 | Identified a +0 giant club
 57302 | Depths:4 | Identified a +0 giant club
 57308 | Depths:4 | Identified a +2 trident of pain
 57408 | Depths:4 | Identified a +2 great sword of flaming
 57424 | Depths:4 | Reached skill level 24 in Shields
 57427 | Depths:4 | Identified a +0 arbalest
 57427 | Depths:4 | Identified a +0 arbalest
 57483 | Depths:4 | Found a gateway to a ziggurat.
 57502 | Depths:4 | Identified a +0 shortbow
 57507 | Depths:4 | Identified a +0 shortbow
 57507 | Depths:4 | Identified a +0 dagger
 57507 | Depths:4 | Identified a +0 robe
 57507 | Depths:4 | Identified a +0 halberd
 57508 | Depths:4 | Identified a +0 shortbow of flaming
 57510 | Depths:4 | Identified a +0 shortbow
 57512 | Depths:4 | Identified a +1 shortbow of flaming
 57512 | Depths:4 | Identified a +0 shortbow
 57522 | Depths:4 | Identified a +0 troll leather armour
 57555 | Depths:4 | Identified a +0 arbalest
 57566 | Depths:4 | Identified a +0 arbalest
 57572 | Depths:4 | Identified a +0 arbalest
 57572 | Depths:4 | Identified a +0 robe
 57583 | Depths:4 | Identified a +0 shortbow
 57694 | Depths:4 | Identified a +0 long sword
 57694 | Depths:4 | Identified a +0 leather armour
 57694 | Depths:4 | Identified a +0 shield
 57699 | Depths:4 | Identified a +0 dire flail
 57699 | Depths:4 | Identified a +0 dire flail
 57704 | Depths:4 | Identified a +0 shortbow
 57709 | Depths:4 | Identified a +0 robe
 57827 | Depths:4 | Identified a +2 cloak of invisibility (You found it on
                  | level 4 of the Depths)
 57993 | Depths:4 | Found a runed translucent gate.
 57997 | Depths:4 | Noticed an ancient lich
 58084 | Depths:4 | Identified a cursed +0 scimitar
 58084 | Depths:4 | Identified a +0 scale mail
 58098 | Depths:4 | Identified a +0 demon whip
 58223 | Depths:4 | Identified a +0 great sword of flaming
 58262 | Depths:4 | Found a runed translucent gate.
 58263 | Depths:4 | Found a runed translucent gate.
 58264 | Depths:4 | Noticed an ancient lich
 58264 | Depths:4 | Noticed Luoqi's ghost (adept SpEn)
 58337 | Depths:5 | Entered Level 5 of the Depths
 58352 | Depths:5 | Identified a +0 dire flail
 58352 | Depths:5 | Identified a +1 scale mail of fire resistance
 58359 | Depths:5 | Identified +0 ice dragon scales
 58361 | Depths:5 | Identified a +4 shortbow of flaming
 58378 | Depths:5 | Noticed a juggernaut
 58379 | Depths:5 | Identified +0 ice dragon scales
 58407 | Depths:5 | Killed a juggernaut
 58407 | Depths:5 | Reached XP level 22. HP: 189/202 MP: 30/30
 58417 | Depths:5 | Identified a +0 arbalest
 58424 | Depths:5 | Identified a +0 troll leather armour
 58424 | Depths:5 | Reached skill level 25 in Shields
 58436 | Depths:5 | Identified a +0 troll leather armour
 58463 | Depths:5 | Reached skill level 18 in Armour
 58562 | Depths:5 | Identified a scroll of silence
 58609 | Depths:5 | Identified a +1 great sword of flaming
 58615 | Depths:5 | Identified a +0 troll leather armour
 58629 | Depths:5 | Identified a +0 troll leather armour
 58635 | Depths:5 | Identified a +2 broad axe of flaming
 58635 | Depths:5 | Identified a +0 plate armour
 58657 | Depths:5 | Identified a +0 dagger
 58657 | Depths:5 | Identified a +0 cloak
 58688 | Depths:5 | Identified a +0 scimitar
 58811 | Depths:5 | Identified a +1 rapier of protection
 58811 | Depths:5 | Identified a +0 animal skin
 58811 | Depths:5 | Identified a +0 spear
 58811 | Depths:5 | Identified a cursed -2 spear
 58811 | Depths:5 | Identified a +0 spear
 58811 | Depths:5 | Identified a +0 buckler
 58811 | Depths:5 | Noticed a caustic shrike
 58811 | Depths:5 | Noticed a caustic shrike
 58811 | Depths:5 | Noticed a caustic shrike
 58811 | Depths:5 | Noticed a caustic shrike
 58811 | Depths:5 | Noticed a caustic shrike
 58812 | Depths:5 | Identified a +0 arbalest
 58875 | Depths:5 | Identified a cursed -2 quarterstaff
 58875 | Depths:5 | Identified a +0 animal skin
 58878 | Depths:5 | Identified a +0 troll leather armour
 58904 | Depths:5 | Identified a +0 war axe
 58904 | Depths:5 | Identified a +0 animal skin
 58905 | Depths:5 | Identified a +1 spear of venom
 58905 | Depths:5 | Identified a +0 scale mail
 58909 | Depths:5 | Identified a +0 troll leather armour
 58910 | Depths:5 | Identified a +0 troll leather armour
 58911 | Depths:5 | Identified a +0 spear
 58922 | Depths:5 | Identified a +0 troll leather armour
 58955 | Depths:5 | Identified a +0 troll leather armour
 58974 | Depths:5 | Identified a +0 troll leather armour
 58984 | Depths:5 | Identified a +0 great sword of flaming
 59002 | Depths:5 | Reached skill level 19 in Armour
 59048 | Depths:5 | Identified a +0 long sword
 59048 | Depths:5 | Identified a +0 war axe
 59048 | Depths:5 | Identified a +0 animal skin
 59076 | Depths:5 | Identified a cursed -2 war axe
 59076 | Depths:5 | Identified a cursed +0 animal skin
 59077 | Depths:5 | Identified a +0 hand axe
 59078 | Depths:5 | Found a gate to the Realm of Zot.
 59083 | Depths:5 | Identified a +0 battleaxe
 59139 | Depths:5 | HP: 49/201 [spark wasp/living lightning (5)]
 59152 | Depths:5 | HP: 28/201 [spark wasp (16)]
 59610 | Depths:4 | Learned a level 2 spell: Blink
 59614 | Depths:4 | Learned a level 3 spell: Lesser Beckoning
 59619 | Depths:4 | Learned a level 3 spell: Spectral Weapon
 59623 | Depths:4 | Learned a level 3 spell: Mephitic Cloud
 59747 | Depths:5 | Identified +0 fire dragon scales
 59747 | Depths:5 | Reached skill level 1 in Translocations
 59842 | Depths:5 | Identified a +0 rapier
 59842 | Depths:5 | Identified a +0 cloak
 59903 | Depths:5 | Reached skill level 2 in Translocations
 59936 | Depths:5 | Identified +0 storm dragon scales
 59958 | Depths:5 | Identified a +0 arbalest
 59960 | Depths:5 | Identified a +0 war axe
 59989 | Depths:5 | Reached skill level 3 in Translocations
 60024 | Depths:5 | Identified a +0 troll leather armour
 60453 | Zot:1    | Entered Level 1 of the Realm of Zot
 60453 | Zot:1    | Identified a scroll of summoning
 60466 | Zot:1    | Identified a +1 battleaxe of flaming
 60491 | Zot:1    | Identified a +0 trident
 60505 | Zot:1    | Reached skill level 4 in Translocations
 60558 | Zot:1    | Identified +0 storm dragon scales
 60685 | Zot:1    | Reached skill level 5 in Translocations
 60727 | Zot:1    | Identified +0 storm dragon scales
 60807 | Zot:1    | Identified +0 storm dragon scales
 60857 | Zot:1    | Identified a +0 rapier
 60857 | Zot:1    | Identified a +2 cloak
 60858 | Zot:1    | Identified a +0 mace
 60896 | Zot:1    | Identified a +0 long sword
 60896 | Zot:1    | Identified a +2 cloak
 60899 | Zot:1    | Identified a +0 dire flail
 60906 | Zot:1    | Reached skill level 6 in Translocations
 60933 | Zot:1    | Identified a +3 dire flail of protection
 60933 | Zot:1    | Identified a +0 cloak
 60933 | Zot:1    | Identified a +0 short sword
 60933 | Zot:1    | Identified a +2 cloak
 60933 | Zot:1    | Identified a +0 long sword
 60933 | Zot:1    | Identified a +0 short sword
 60933 | Zot:1    | Identified a +0 long sword
 60933 | Zot:1    | Identified a +0 cloak
 60940 | Zot:1    | Identified a cursed -1 dire flail
 60942 | Zot:1    | Identified a +0 flail
 60971 | Zot:1    | Identified a +0 mace
 61034 | Zot:1    | Reached skill level 7 in Translocations
 61405 | Zot:2    | Identified a +2 halberd of pain
 61484 | Zot:2    | Reached skill level 8 in Translocations
 61969 | Zot:2    | Noticed a curse toe
 61980 | Zot:2    | Killed a curse toe
 61980 | Zot:2    | Reached XP level 23. HP: 84/209 MP: 30/30
 62694 | Zot:3    | Identified a +0 cloak
 62694 | Zot:3    | Identified a +0 mace
 62694 | Zot:3    | Noticed a curse toe
 62694 | Zot:3    | Identified a +0 short sword
 62694 | Zot:3    | Identified a +0 trident of flaming
 62694 | Zot:3    | Identified a +0 halberd
 62694 | Zot:3    | Identified a +0 vampiric halberd
 62694 | Zot:3    | Identified a +0 flail
 62697 | Zot:3    | Identified a +0 trident
 62705 | Zot:2    | Reached skill level 9 in Translocations
 62837 | Zot:2    | Learned a level 3 spell: Portal Projectile
 62861 | Zot:2    | Identified a +0 scimitar
 62862 | Zot:2    | Identified a cursed +0 mace
 62863 | Zot:2    | Identified a +0 hand axe
 62865 | Zot:2    | Identified a +0 cloak
 62901 | Zot:2    | Reached skill level 1 in Hexes
 62901 | Zot:2    | Reached skill level 1 in Charms
 63221 | Vaults:1 | Entered Level 1 of the Vaults
 63237 | Vaults:1 | Identified a +0 giant club
 63237 | Vaults:1 | Identified a cursed -2 giant club
 63237 | Vaults:1 | Identified a +0 arbalest
 63237 | Vaults:1 | Identified a +0 arbalest of flaming
 63237 | Vaults:1 | Identified a +0 arbalest
 63237 | Vaults:1 | Identified a +2 morningstar of holy wrath
 63237 | Vaults:1 | Identified a cursed +0 scale mail
 63237 | Vaults:1 | Identified a +0 giant spiked club
 63238 | Vaults:1 | Identified a +0 arbalest
 63251 | Vaults:1 | Identified a +0 dire flail
 63251 | Vaults:1 | Identified a +0 ring mail
 63251 | Vaults:1 | Identified a +0 morningstar
 63251 | Vaults:1 | Identified a +0 leather armour
 63251 | Vaults:1 | Identified a cursed +0 robe
 63251 | Vaults:1 | Identified a +0 giant club
 63251 | Vaults:1 | Identified a +0 giant spiked club
 63251 | Vaults:1 | Identified a +0 arbalest
 63267 | Vaults:1 | Identified a +0 flail
 63267 | Vaults:1 | Identified a +0 ring mail
 63275 | Vaults:1 | Identified a +0 great mace
 63275 | Vaults:1 | Identified a cursed +0 chain mail
 63280 | Vaults:1 | Reached skill level 2 in Charms
 63281 | Vaults:1 | Reached skill level 2 in Hexes
 63282 | Vaults:1 | Identified a +0 great mace
 63282 | Vaults:1 | Identified a +0 ring mail
 63282 | Vaults:1 | Identified a +0 war axe
 63282 | Vaults:1 | Identified a +0 ring mail
 63282 | Vaults:1 | Identified a +1 battleaxe
 63282 | Vaults:1 | Identified a +0 plate armour
 63284 | Vaults:1 | Identified a +1 battleaxe
 63284 | Vaults:1 | Identified a +0 plate armour
 63317 | Vaults:1 | Identified a +0 rapier
 63317 | Vaults:1 | Identified a +0 leather armour
 63317 | Vaults:1 | Noticed a deep elf sorcerer
 63319 | Vaults:1 | Identified a +0 rapier
 63320 | Vaults:1 | Identified a +0 long sword
 63320 | Vaults:1 | Noticed a deep elf demonologist
 63321 | Vaults:1 | Identified a +0 dire flail
 63321 | Vaults:1 | Identified a +0 leather armour
 63321 | Vaults:1 | Identified a +0 scimitar
 63322 | Vaults:1 | Identified a +0 dagger
 63322 | Vaults:1 | Identified a +0 longbow
 63322 | Vaults:1 | Identified a +0 leather armour
 63327 | Vaults:1 | Killed a deep elf sorcerer
 63337 | Vaults:1 | Killed a deep elf demonologist
 63375 | Vaults:1 | Identified a +0 great sword
 63375 | Vaults:1 | Identified a +0 plate armour
 63380 | Vaults:1 | Identified a +0 arbalest
 63380 | Vaults:1 | Identified a +0 arbalest
 63380 | Vaults:1 | Identified a +0 arbalest
 63381 | Vaults:1 | Identified a +0 arbalest
 63383 | Vaults:1 | Identified a +0 arbalest
 63384 | Vaults:1 | Reached skill level 3 in Hexes
 63384 | Vaults:1 | Reached skill level 3 in Charms
 63458 | Vaults:1 | Identified a +0 short sword
 63458 | Vaults:1 | Identified a +0 arbalest of freezing
 63480 | Vaults:1 | Identified a +0 mace
 63480 | Vaults:1 | Identified a +0 chain mail
 63481 | Vaults:1 | Identified a +0 dagger
 63490 | Vaults:1 | Identified a +0 dagger
 63490 | Vaults:1 | Identified a +1 robe of cold resistance
 63493 | Vaults:1 | Identified a +0 battleaxe
 63493 | Vaults:1 | Identified a +0 chain mail
 63495 | Vaults:1 | Identified a +0 dagger
 63495 | Vaults:1 | Identified a +0 scale mail
 63497 | Vaults:1 | Identified a +0 war axe
 63497 | Vaults:1 | Identified a +0 chain mail
 63505 | Vaults:1 | Identified +0 ice dragon scales
 63556 | Vaults:1 | Identified a ring of wizardry (You found it on level 1 of
                  | the Vaults)
 63585 | Vaults:1 | Identified a cursed -1 short sword
 63586 | Vaults:1 | Identified a cursed -3 glaive
 63586 | Vaults:1 | Identified a +2 arbalest of velocity
 63586 | Vaults:1 | Identified a cursed +0 plate armour
 63636 | Vaults:1 | Identified a +0 flail
 63636 | Vaults:1 | Identified a +0 arbalest
 63637 | Vaults:1 | Identified a +3 halberd of venom
 63637 | Vaults:1 | Identified a +0 arbalest
 63637 | Vaults:1 | Identified a +0 plate armour
 63639 | Vaults:1 | Identified a +0 arbalest
 63639 | Vaults:1 | Identified a +0 arbalest
 63639 | Vaults:1 | Identified a +0 arbalest
 63640 | Vaults:1 | Identified a +0 arbalest
 63653 | Vaults:1 | Identified a +0 club
 63653 | Vaults:1 | Identified a +0 robe
 63658 | Vaults:1 | Identified a +0 giant spiked club
 63658 | Vaults:1 | Identified a +0 giant club
 63659 | Vaults:1 | Identified a +0 giant club
 63659 | Vaults:1 | Identified a +0 giant club
 63659 | Vaults:1 | Identified a +0 giant spiked club
 63660 | Vaults:1 | Identified a +0 giant club
 63660 | Vaults:1 | Identified a +0 giant club
 63660 | Vaults:1 | Identified a +0 giant spiked club
 63660 | Vaults:1 | Identified a cursed -3 giant spiked club
 63664 | Vaults:1 | Identified a +0 giant club
 63664 | Vaults:1 | Identified a +0 giant club
 63770 | Vaults:1 | Identified a +0 long sword
 63770 | Vaults:1 | Identified a +0 arbalest
 63770 | Vaults:1 | Identified a +0 plate armour
 63773 | Vaults:1 | Identified a +0 morningstar
 63773 | Vaults:1 | Identified a +0 ring mail
 63774 | Vaults:1 | Identified a +0 battleaxe
 63774 | Vaults:1 | Identified a +0 chain mail
 63774 | Vaults:1 | Identified a +0 broad axe
 63774 | Vaults:1 | Identified a +0 plate armour
 63775 | Vaults:1 | Identified a +0 flail
 63775 | Vaults:1 | Identified a +0 scale mail
 63779 | Vaults:1 | Reached skill level 4 in Charms
 63780 | Vaults:1 | Identified a +0 flail
 63780 | Vaults:1 | Identified a +0 arbalest
 63780 | Vaults:1 | Identified a +0 arbalest
 63781 | Vaults:1 | Identified a cursed -2 arbalest
 63788 | Vaults:1 | Reached skill level 4 in Hexes
 63840 | Vaults:1 | Identified a +2 antimagic great mace
 63840 | Vaults:1 | Identified a +2 ring mail of poison resistance
 63988 | Vaults:1 | Identified a +2 short sword of distortion
 63988 | Vaults:1 | Identified a +0 leather armour
 64018 | Vaults:1 | Identified a +0 dagger
 64018 | Vaults:1 | Identified a +0 shortbow
 64018 | Vaults:1 | Identified a +0 leather armour
 64019 | Vaults:1 | Identified a +0 rapier
 64019 | Vaults:1 | Identified a +0 scale mail
 64020 | Vaults:1 | Identified a +0 long sword
 64020 | Vaults:1 | Identified a +0 dagger of flaming
 64020 | Vaults:1 | Identified a +0 leather armour
 64024 | Vaults:1 | Identified a +0 trident
 64159 | Vaults:1 | Identified a +0 dagger
 64159 | Vaults:1 | Identified a +0 robe
 64198 | Vaults:1 | Identified a +2 glaive
 64198 | Vaults:1 | Identified a +0 plate armour
 64214 | Vaults:1 | Identified a +0 giant club
 64214 | Vaults:1 | Identified a +0 giant club
 64215 | Vaults:1 | Identified a +0 halberd
 64215 | Vaults:1 | Identified a +0 robe
 64215 | Vaults:1 | Identified a +0 giant spiked club
 64215 | Vaults:1 | Identified a +0 giant spiked club
 64215 | Vaults:1 | Identified a +0 giant club
 64215 | Vaults:1 | Identified a +0 giant club
 64216 | Vaults:1 | Identified a +0 giant club
 64216 | Vaults:1 | Identified a +0 giant club
 64306 | Vaults:1 | Identified a +0 halberd
 64331 | Vaults:1 | Identified a +0 arbalest
 64331 | Vaults:1 | Identified a +0 arbalest
 64331 | Vaults:1 | Identified a +0 arbalest
 64331 | Vaults:1 | Identified a +0 arbalest
 64331 | Vaults:1 | Identified a +0 arbalest
 64339 | Vaults:1 | Identified +0 fire dragon scales
 64343 | Vaults:1 | Reached skill level 5 in Charms
 64467 | Vaults:1 | Identified a +0 ring mail
 64533 | Vaults:1 | Identified a +0 flail
 64533 | Vaults:1 | Identified a +0 falchion
 64533 | Vaults:1 | Identified a +0 scale mail
 64645 | Vaults:2 | Identified a +0 long sword
 64645 | Vaults:2 | Identified a +0 ring mail
 64645 | Vaults:2 | Identified a +0 dire flail
 64645 | Vaults:2 | Identified a +0 leather armour
 64645 | Vaults:2 | Identified a +0 arbalest
 64645 | Vaults:2 | Identified a +0 arbalest
 64645 | Vaults:2 | Identified a +0 arbalest
 64645 | Vaults:2 | Identified a +0 arbalest
 64647 | Vaults:2 | Identified a +0 arbalest
 64658 | Vaults:2 | Identified a +0 falchion
 64658 | Vaults:2 | Identified a +0 arbalest of freezing
 64658 | Vaults:2 | Identified a +0 ring mail
 64661 | Vaults:2 | Identified a +0 giant club
 64670 | Vaults:2 | Identified a +0 long sword
 64670 | Vaults:2 | Identified a +0 ring mail
 64685 | Vaults:2 | Identified a +0 whip
 64685 | Vaults:2 | Identified a +0 robe
 64695 | Vaults:2 | Identified a +0 giant club
 64695 | Vaults:2 | Identified a +0 giant club
 64695 | Vaults:2 | Identified a +0 giant spiked club
 64695 | Vaults:2 | Identified a +0 leather armour
 64695 | Vaults:2 | Identified a +0 giant club
 64695 | Vaults:2 | Identified a +0 giant club
 64696 | Vaults:2 | Identified a +0 great sword
 64696 | Vaults:2 | Identified a +0 chain mail
 64696 | Vaults:2 | Identified a +0 club
 64696 | Vaults:2 | Identified a +0 chain mail
 64698 | Vaults:2 | Identified a +0 giant club
 64703 | Vaults:2 | Identified a +0 dagger
 64703 | Vaults:2 | Identified a +0 robe
 64709 | Vaults:2 | Identified a +0 mace
 64710 | Vaults:2 | Identified a +0 giant club
 64710 | Vaults:2 | Identified a +0 giant club
 64745 | Vaults:2 | Identified a +0 morningstar
 64745 | Vaults:2 | Identified a +0 ring mail
 64755 | Vaults:2 | Identified a +0 dire flail
 64755 | Vaults:2 | Identified a +0 chain mail
 64756 | Vaults:2 | Identified a +0 glaive
 64756 | Vaults:2 | Identified a +0 plate armour
 64756 | Vaults:2 | Identified a +0 flail
 64756 | Vaults:2 | Identified a +0 robe
 64756 | Vaults:2 | Identified a +0 dagger
 64756 | Vaults:2 | Identified a +2 robe of resistance
 64756 | Vaults:2 | Identified a +0 trident
 64756 | Vaults:2 | Identified a +0 plate armour
 64756 | Vaults:2 | Identified a cursed -3 trident
 64756 | Vaults:2 | Identified a +0 plate armour
 64907 | Vaults:2 | Identified a +0 dire flail
 64907 | Vaults:2 | Identified a +0 great mace
 64917 | Vaults:2 | Identified a +0 arbalest
 64917 | Vaults:2 | Identified a +0 arbalest
 64919 | Vaults:2 | Identified a +0 arbalest
 64927 | Vaults:2 | Reached skill level 5 in Hexes
 65025 | Vaults:2 | Reached skill level 6 in Charms
 65055 | Vaults:2 | Identified a +0 whip of electrocution
 65055 | Vaults:2 | Identified a +0 robe
 65057 | Vaults:2 | Identified a +0 great mace
 65057 | Vaults:2 | Identified a +0 ring mail
 65101 | Vaults:2 | Identified a cursed -2 war axe
 65101 | Vaults:2 | Identified a +0 ring mail
 65105 | Vaults:2 | Identified a +1 arbalest of flaming
 65105 | Vaults:2 | Identified a +0 arbalest
 65105 | Vaults:2 | Identified a +0 arbalest
 65105 | Vaults:2 | Identified a +0 short sword
 65105 | Vaults:2 | Identified a +0 war axe
 65105 | Vaults:2 | Identified a +0 halberd
 65105 | Vaults:2 | Identified a +0 long sword
 65119 | Vaults:2 | Identified a +0 hand axe
 65119 | Vaults:2 | Identified a +0 chain mail
 65122 | Vaults:2 | Identified a +0 flail
 65124 | Vaults:2 | Identified a +0 arbalest
 65125 | Vaults:2 | Identified a +0 arbalest
 65128 | Vaults:2 | Identified a +0 arbalest
 65134 | Vaults:2 | Identified a +2 great mace of protection
 65134 | Vaults:2 | Identified a +0 arbalest
 65134 | Vaults:2 | Identified a +0 plate armour
 65137 | Vaults:2 | Identified a +0 dagger
 65137 | Vaults:2 | Identified a +0 robe
 65152 | Vaults:2 | Identified a +0 dagger
 65152 | Vaults:2 | Identified a +0 club
 65167 | Vaults:2 | Identified a +0 hand axe
 65169 | Vaults:2 | Identified a +3 dagger
 65169 | Vaults:2 | Identified a +0 robe
 65262 | Vaults:2 | Identified a +0 great sword
 65262 | Vaults:2 | Identified a +0 chain mail
 65281 | Vaults:2 | Identified a +0 spear
 65281 | Vaults:2 | Identified a +0 robe
 65287 | Vaults:2 | Identified a cursed -3 giant club
 65289 | Vaults:2 | Identified a +0 mace
 65289 | Vaults:2 | Identified a +0 leather armour
 65297 | Vaults:2 | Identified a +0 giant spiked club
 65297 | Vaults:2 | Identified a +0 giant spiked club
 65298 | Vaults:2 | Identified a +2 bardiche
 65298 | Vaults:2 | Identified a +0 chain mail
 65298 | Vaults:2 | Identified a +1 dagger of venom
 65298 | Vaults:2 | Identified a +0 longbow
 65298 | Vaults:2 | Identified a +0 leather armour
 65298 | Vaults:2 | Identified a +0 giant spiked club
 65298 | Vaults:2 | Identified a +0 giant club
 65298 | Vaults:2 | Identified a +0 dagger
 65298 | Vaults:2 | Identified a +0 longbow
 65298 | Vaults:2 | Identified a +0 leather armour
 65299 | Vaults:2 | Identified a +0 dire flail
 65299 | Vaults:2 | Identified a cursed -2 giant club
 65299 | Vaults:2 | Identified a +0 short sword
 65299 | Vaults:2 | Identified a +0 leather armour
 65300 | Vaults:2 | Identified a +0 short sword
 65300 | Vaults:2 | Identified a +0 longbow
 65300 | Vaults:2 | Identified a +0 leather armour
 65303 | Vaults:2 | Identified a +0 giant club
 65374 | Vaults:2 | Identified a +0 flail
 65374 | Vaults:2 | Identified a +0 scale mail
 65375 | Vaults:2 | Identified a +0 flail
 65375 | Vaults:2 | Identified a +0 scale mail
 65377 | Vaults:2 | Identified a +0 war axe
 65377 | Vaults:2 | Identified a +0 arbalest
 65377 | Vaults:2 | Identified a +0 arbalest
 65377 | Vaults:2 | Identified a +0 arbalest
 65387 | Vaults:2 | Identified a +0 shortbow
 65387 | Vaults:2 | Identified a cursed -2 shortbow
 65387 | Vaults:2 | Identified a +0 falchion
 65387 | Vaults:2 | Identified a +0 ring mail
 65387 | Vaults:2 | Identified a +0 longbow
 65395 | Vaults:2 | Identified a +0 shortbow
 65395 | Vaults:2 | Identified a +2 arbalest of flaming
 65396 | Vaults:2 | Identified a +0 dire flail
 65396 | Vaults:2 | Identified a +0 dire flail
 65399 | Vaults:2 | Identified a +0 spear
 65399 | Vaults:2 | Identified a +0 robe
 65399 | Vaults:2 | Identified a cursed -3 giant club
 65399 | Vaults:2 | Identified a cursed -1 giant club
 65399 | Vaults:2 | Identified a +0 giant club
 65399 | Vaults:2 | Identified a +0 giant spiked club
 65399 | Vaults:2 | Identified a +0 giant club
 65399 | Vaults:2 | Identified a +0 giant club
 65399 | Vaults:2 | Identified a +0 dire flail
 65399 | Vaults:2 | Identified a +0 giant club
 65399 | Vaults:2 | Identified a +0 dire flail of holy wrath
 65399 | Vaults:2 | Identified a +0 giant spiked club
 65399 | Vaults:2 | Identified a cursed -1 giant club
 65399 | Vaults:2 | Identified a +0 antimagic dire flail
 65403 | Vaults:2 | Reached skill level 7 in Charms
 65612 | Vaults:2 | Identified a +2 short sword of venom
 65612 | Vaults:2 | Identified a +0 trident
 65612 | Vaults:2 | Identified a +0 flail
 66042 | Vaults:2 | Identified a +2 falchion of holy wrath
 66042 | Vaults:2 | Identified a +0 scale mail
 66042 | Vaults:2 | Identified a +0 spear
 66042 | Vaults:2 | Identified a +0 robe
 66042 | Vaults:2 | Identified a +0 giant spiked club
 66042 | Vaults:2 | Identified a +0 giant club
 66042 | Vaults:2 | Identified a cursed +0 giant spiked club
 66042 | Vaults:2 | Identified a +0 giant club
 66042 | Vaults:2 | Identified a +0 giant club
 66042 | Vaults:2 | Identified a +0 giant club
 66042 | Vaults:2 | Identified a +0 giant spiked club
 66042 | Vaults:2 | Identified a +0 giant club
 66042 | Vaults:2 | Identified a +0 giant club
 66042 | Vaults:2 | Identified a +0 giant club
 66042 | Vaults:2 | Identified a +0 giant spiked club
 66042 | Vaults:2 | Identified a +0 giant club
 66147 | Vaults:3 | Identified a +0 dagger
 66147 | Vaults:3 | Identified a +0 robe
 66148 | Vaults:3 | Identified a +0 halberd
 66148 | Vaults:3 | Identified a +0 chain mail
 66149 | Vaults:3 | Identified a +2 war axe
 66149 | Vaults:3 | Identified a +0 chain mail
 66149 | Vaults:3 | Identified a cursed -1 giant club
 66158 | Vaults:3 | Identified a +0 hand axe
 66158 | Vaults:3 | Identified a +0 ring mail
 66162 | Vaults:3 | Identified a +0 flail
 66199 | Vaults:3 | Identified a +0 arbalest
 66288 | Vaults:3 | Identified a cursed -2 short sword
 66288 | Vaults:3 | Identified a +0 leather armour
 66341 | Vaults:3 | Identified a +0 shortbow
 66359 | Vaults:3 | Identified a +0 war axe
 66359 | Vaults:3 | Identified a +0 arbalest
 66359 | Vaults:3 | Identified a +0 scale mail
 66363 | Vaults:3 | Identified a +0 great mace
 66363 | Vaults:3 | Identified a +0 leather armour
 66394 | Vaults:3 | Reached XP level 24. HP: 216/216 MP: 30/30
 66403 | Vaults:3 | Found the +2 cloak of the Thief {+Fog Slay-2 SInv Stlth+}
 66413 | Vaults:3 | Identified a +2 sacred scourge of holy wrath
 66413 | Vaults:3 | Identified a +0 large shield
 66413 | Vaults:3 | Noticed Mennas
 66416 | Vaults:3 | Identified a +0 great mace
 66416 | Vaults:3 | Identified a +0 ring mail
 66419 | Vaults:3 | Identified a +0 troll leather armour
 66429 | Vaults:3 | Killed Mennas
 66429 | Vaults:3 | Reached skill level 10 in Dodging
 66438 | Vaults:3 | Noticed Xtahua
 66440 | Vaults:3 | Redear: )
 66442 | Vaults:3 | Identified a +0 demon whip
 66444 | Vaults:3 | Identified a +0 arbalest
 66448 | Vaults:3 | Killed Xtahua
 66504 | Vaults:3 | Identified a +0 great mace
 66504 | Vaults:3 | Identified a +0 ring mail
 66510 | Vaults:3 | Identified a +2 great mace of protection
 66510 | Vaults:3 | Identified a +0 plate armour
 66553 | Vaults:3 | Found a staircase to the Crypt.
 66553 | Vaults:3 | Found a basalt altar of Yredelemnul.
 66554 | Vaults:3 | Found an ancient bone altar of Kikubaaqudgha.
 66589 | Vaults:3 | Identified a +4 great sword of slicing
 66589 | Vaults:3 | Identified a cursed +0 plate armour
 66636 | Vaults:3 | Identified a +0 war axe
 66636 | Vaults:3 | Identified a +1 scale mail of fire resistance
 66637 | Vaults:3 | Identified a +0 giant club
 66637 | Vaults:3 | Identified a +0 giant spiked club
 66638 | Vaults:3 | Identified a +0 giant spiked club
 66638 | Vaults:3 | Identified a +0 giant spiked club
 66640 | Vaults:3 | Identified a +0 club
 66640 | Vaults:3 | Identified a +0 robe
 66643 | Vaults:3 | Identified a cursed -3 giant club
 66643 | Vaults:3 | Identified a +0 giant club
 66643 | Vaults:3 | Identified a +0 giant spiked club
 66643 | Vaults:3 | Identified a +0 giant club
 66648 | Vaults:3 | Reached skill level 11 in Dodging
 66715 | Vaults:3 | Identified a +0 great mace
 66715 | Vaults:3 | Identified a +0 ring mail
 66736 | Vaults:3 | Found Burch's Antique Armour Shop.
 66737 | Vaults:3 | Identified a cursed -3 shortbow
 66737 | Vaults:3 | Identified a +0 shortbow
 66738 | Vaults:3 | Identified a +0 longbow
 66738 | Vaults:3 | Identified a +0 shortbow
 66738 | Vaults:3 | Identified a +0 shortbow
 66738 | Vaults:3 | Identified a +0 shortbow
 66789 | Vaults:3 | Identified a +0 giant club
 66789 | Vaults:3 | Identified a +0 giant club
 66791 | Vaults:3 | Identified a +0 giant club
 66791 | Vaults:3 | Identified a +0 giant club
 66791 | Vaults:3 | Identified a +0 flail
 66791 | Vaults:3 | Identified a +0 robe
 66796 | Vaults:3 | Identified a +0 giant club
 66796 | Vaults:3 | Identified a +0 giant club
 66810 | Vaults:3 | Identified a +0 dagger
 66810 | Vaults:3 | Identified a +0 robe
 66815 | Vaults:3 | Identified a +0 scimitar
 66815 | Vaults:3 | Identified a +0 plate armour
 66818 | Vaults:3 | Identified a +0 trident
 66818 | Vaults:3 | Identified a +0 plate armour
 66818 | Vaults:3 | Identified a +0 battleaxe
 66818 | Vaults:3 | Identified a cursed +0 chain mail
 66820 | Vaults:3 | Identified a +0 flail
 66820 | Vaults:3 | Identified a +0 ring mail
 66825 | Vaults:3 | Identified a +0 mace
 66834 | Vaults:3 | Identified a +1 long sword
 66834 | Vaults:3 | Identified a +0 arbalest
 66834 | Vaults:3 | Identified a +0 chain mail
 66919 | Vaults:3 | Identified a +0 mace
 66919 | Vaults:3 | Identified a +0 leather armour
 66919 | Vaults:3 | Identified a +0 club
 66919 | Vaults:3 | Identified a +0 robe
 67008 | Vaults:3 | Identified a +0 arbalest
 67026 | Vaults:3 | Identified a +0 arbalest
 67026 | Vaults:3 | Identified a +0 robe
 67026 | Vaults:3 | Identified a +1 arbalest of freezing
 67026 | Vaults:3 | Identified a +4 arbalest
 67027 | Vaults:3 | Identified a +0 glaive
 67027 | Vaults:3 | Identified a +2 arbalest of freezing
 67027 | Vaults:3 | Identified a +0 chain mail
 67122 | Vaults:3 | Identified a +0 shortbow
 67163 | Vaults:3 | Noticed an entropy weaver
 67176 | Vaults:3 | Killed an entropy weaver
 67194 | Vaults:3 | Identified a +0 hand axe
 67198 | Vaults:3 | Identified a +0 great mace
 67198 | Vaults:3 | Identified a +0 leather armour
 67198 | Vaults:3 | Identified a +0 flail
 67198 | Vaults:3 | Identified a +0 scale mail
 67198 | Vaults:3 | Identified a +0 broad axe
 67198 | Vaults:3 | Identified a +0 chain mail
 67198 | Vaults:3 | Identified a +0 shield
 67198 | Vaults:3 | Identified a +3 battleaxe of distortion
 67198 | Vaults:3 | Identified a +0 plate armour
 67198 | Vaults:3 | Identified a +1 great sword
 67198 | Vaults:3 | Identified a +0 plate armour
 67199 | Vaults:3 | Identified a +0 giant spiked club
 67203 | Vaults:3 | Identified a +0 long sword
 67203 | Vaults:3 | Identified a +0 chain mail
 67204 | Vaults:3 | Reached skill level 12 in Dodging
 67321 | Vaults:3 | Identified a +0 club
 67321 | Vaults:3 | Identified a +0 leather armour
 67322 | Vaults:3 | Identified a +0 short sword
 67322 | Vaults:3 | Identified a +0 plate armour
 67322 | Vaults:3 | Identified a +0 flail
 67322 | Vaults:3 | Identified a +0 leather armour
 67326 | Vaults:3 | Identified a +0 war axe
 67326 | Vaults:3 | Identified a +0 chain mail
 67330 | Vaults:3 | Identified a +0 flail
 67330 | Vaults:3 | Identified a +0 chain mail
 67363 | Vaults:3 | Identified a +1 dire flail of crushing
 67363 | Vaults:3 | Identified a +0 giant club
 67364 | Vaults:3 | Identified a +0 spear
 67364 | Vaults:3 | Identified a +0 robe
 67366 | Vaults:3 | Identified a +0 giant club
 67366 | Vaults:3 | Identified a +0 giant club
 67366 | Vaults:3 | Identified a +0 great mace
 67366 | Vaults:3 | Identified a +0 ring mail
 67366 | Vaults:3 | Identified a +0 giant spiked club
 67367 | Vaults:3 | Identified a +0 giant club
 67373 | Vaults:3 | Identified a +0 giant spiked club
 67434 | Vaults:4 | Identified a +0 falchion of holy wrath
 67434 | Vaults:4 | Identified a +0 scale mail
 67434 | Vaults:4 | Identified a +0 dire flail
 67434 | Vaults:4 | Identified a +0 dire flail
 67448 | Vaults:4 | Identified a +0 falchion
 67448 | Vaults:4 | Identified a +2 arbalest of velocity
 67448 | Vaults:4 | Identified a +0 ring mail
 67509 | Vaults:4 | Identified a +0 dire flail
 67509 | Vaults:4 | Identified a +0 dire flail
 67512 | Vaults:4 | Identified a +0 giant club
 67512 | Vaults:4 | Identified a +0 giant spiked club
 67515 | Vaults:4 | Identified a +0 giant spiked club
 67515 | Vaults:4 | Identified a +0 giant club
 67517 | Vaults:4 | Identified a +0 halberd
 67517 | Vaults:4 | Identified a cursed -1 robe
 67517 | Vaults:4 | Identified a +0 giant club
 67521 | Vaults:4 | Identified a +0 giant spiked club
 67521 | Vaults:4 | Identified a cursed -1 giant club
 67528 | Vaults:4 | Identified a +0 battleaxe
 67528 | Vaults:4 | Identified a +0 chain mail
 67546 | Vaults:4 | Reached skill level 13 in Dodging
 67589 | Vaults:4 | Identified a +0 trident
 67589 | Vaults:4 | Identified a +0 plate armour
 67589 | Vaults:4 | Identified a +0 club
 67591 | Vaults:4 | Identified a cursed -1 club
 67591 | Vaults:4 | Identified a +0 ring mail
 67593 | Vaults:4 | Identified a cursed -2 dagger
 67593 | Vaults:4 | Identified a +0 ring mail
 67594 | Vaults:4 | Identified a +2 halberd
 67594 | Vaults:4 | Identified a +0 arbalest
 67594 | Vaults:4 | Identified a +0 chain mail
 67698 | Vaults:4 | Identified a +0 arbalest
 67743 | Vaults:4 | Identified a +0 flail
 67743 | Vaults:4 | Identified a +0 leather armour
 67743 | Vaults:4 | Identified a +0 scimitar
 67743 | Vaults:4 | Identified a +0 chain mail
 67744 | Vaults:4 | Identified a +0 war axe
 67744 | Vaults:4 | Identified a +0 chain mail
 67744 | Vaults:4 | Identified a +0 short sword
 67744 | Vaults:4 | Identified a +0 chain mail
 67744 | Vaults:4 | Identified a +0 halberd
 67744 | Vaults:4 | Identified a +0 chain mail
 67744 | Vaults:4 | Identified a +0 ring mail
 67744 | Vaults:4 | Identified a +0 dagger
 67744 | Vaults:4 | Identified a +3 leather armour
 67810 | Vaults:4 | Identified a +0 dagger
 67810 | Vaults:4 | Identified a +0 leather armour
 67810 | Vaults:4 | Identified a +0 long sword
 67810 | Vaults:4 | Identified a cursed +0 leather armour
 67811 | Vaults:4 | Identified a +0 dagger
 67811 | Vaults:4 | Identified a +0 shortbow
 67811 | Vaults:4 | Identified a +0 leather armour
 67812 | Vaults:4 | Identified a +0 short sword
 67812 | Vaults:4 | Identified a +0 leather armour
 67813 | Vaults:4 | Identified a +0 long sword
 67950 | Vaults:4 | Found Yceen's Assorted Antiques.
 67950 | Vaults:4 | Identified a +4 great mace of venom
 67950 | Vaults:4 | Identified a +0 arbalest
 67950 | Vaults:4 | Identified a +0 plate armour
 67950 | Vaults:4 | Identified a +0 arbalest
 67950 | Vaults:4 | Identified a +0 arbalest
 67966 | Vaults:4 | Bought a scroll of magic mapping for 133 gold pieces
 67966 | Vaults:4 | Bought a potion of heal wounds for 190 gold pieces
 67966 | Vaults:4 | Bought a brightly glowing plate armour for 1064 gold pieces
 67976 | Vaults:4 | Identified the +15 plate armour of the Forgotten Scars
                  | {Slay+4} (You bought it in a shop on level 4 of the Vaults)
 67993 | Vaults:4 | TheNamelessOne: not bad
 67993 | Vaults:4 | Redear: тож так думаю
 67993 | Vaults:4 | Redear: норм шмотка)
 68008 | Vaults:4 | Identified a +0 giant club
 68008 | Vaults:4 | Identified a +0 giant club
 68009 | Vaults:4 | Redear: хотя с риситами стало хуже намного
 68009 | Vaults:4 | Identified a +0 giant club
 68009 | Vaults:4 | Identified a +0 giant spiked club
 68009 | Vaults:4 | Identified a +3 dire flail
 68020 | Vaults:4 | Identified a +0 giant club
 68020 | Vaults:4 | Identified a +0 giant spiked club
 68024 | Vaults:4 | Identified a +0 giant club
 68024 | Vaults:4 | Identified a +0 giant club
 68029 | Vaults:4 | Identified a +0 vampiric spear
 68029 | Vaults:4 | Identified a +0 robe
 68071 | Vaults:4 | Redear: пока так похожу
 68071 | Vaults:4 | Redear: в волт 5 точно с резами пойду
 68151 | Vaults:4 | Reached skill level 14 in Dodging
 68296 | Vaults:4 | Identified a +2 long sword of flaming
 68296 | Vaults:4 | Identified +0 fire dragon scales
 68296 | Vaults:4 | Noticed Margery
 68296 | Vaults:4 | Identified a +3 broad axe of distortion
 68296 | Vaults:4 | Identified a +0 chain mail
 68296 | Vaults:4 | Identified a +4 demon whip of flaming
 68296 | Vaults:4 | Identified a +0 chain mail
 68296 | Vaults:4 | Identified a +0 dagger
 68296 | Vaults:4 | Identified a +0 robe
 68296 | Vaults:4 | Identified a +0 glaive of flaming
 68296 | Vaults:4 | Identified a +0 plate armour
 68296 | Vaults:4 | Identified a +3 demon trident
 68296 | Vaults:4 | Identified a +0 plate armour
 68296 | Vaults:4 | Identified a +2 great sword of distortion
 68296 | Vaults:4 | Identified a +0 chain mail
 68297 | Vaults:4 | Identified a +0 demon blade of flaming
 68297 | Vaults:4 | Identified a +0 chain mail
 68297 | Vaults:4 | Identified a +2 halberd
 68297 | Vaults:4 | Identified a +0 plate armour
 68297 | Vaults:4 | Noticed Frederick
 68321 | Vaults:4 | Killed Margery
 68324 | Vaults:4 | Killed Frederick
 68372 | Vaults:4 | Identified a +0 arbalest
 68372 | Vaults:4 | Identified a +0 arbalest
 68374 | Vaults:4 | Identified a +0 arbalest
 68401 | Vaults:4 | Identified a +2 great sword of flaming
 68401 | Vaults:4 | Identified a cursed -3 arbalest
 68401 | Vaults:4 | Identified a +2 great mace of draining
 68401 | Vaults:4 | Identified a +0 chain mail
 68402 | Vaults:4 | Identified a +4 battleaxe of flaming
 68402 | Vaults:4 | Identified a +1 ring mail of poison resistance
 68402 | Vaults:4 | Identified a +0 falchion
 68402 | Vaults:4 | Identified a +0 ring mail
 68422 | Vaults:4 | Reached skill level 15 in Dodging
 68449 | Vaults:4 | Got a warped broad axe
 68454 | Vaults:4 | Identified the cursed +0 broad axe "Gaxugaun" {venom, rElec
                  | rC+} (You found it on level 4 of the Vaults)
 68822 | Vaults:5 | Entered Level 5 of the Vaults
 68822 | Vaults:5 | Identified a +2 arbalest of velocity
 68822 | Vaults:5 | Identified a +0 battleaxe
 68822 | Vaults:5 | Identified a +0 chain mail
 68822 | Vaults:5 | Identified a +0 short sword
 68826 | Vaults:5 | Identified a +3 great sword
 68826 | Vaults:5 | Identified a +0 chain mail
 68826 | Vaults:5 | Identified a cursed -1 flail
 68826 | Vaults:5 | Identified a +0 leather armour
 68828 | Vaults:5 | Identified a +0 glaive
 68828 | Vaults:5 | Identified a +0 chain mail
 68830 | Vaults:5 | Identified a +4 great sword of flaming
 68832 | Vaults:5 | Identified a +0 arbalest
 68832 | Vaults:5 | Identified a +5 trident of venom
 68832 | Vaults:5 | Identified a +0 leather armour
 68835 | Vaults:5 | Identified a +0 arbalest
 68836 | Vaults:5 | Identified a +0 arbalest
 68843 | Vaults:5 | Identified a +0 scimitar
 68843 | Vaults:5 | Noticed an ancient lich
 68843 | Vaults:5 | Identified a +0 great sword of flaming
 68843 | Vaults:5 | Identified a +0 long sword
 68843 | Vaults:5 | Noticed a deep elf demonologist
 68857 | Vaults:5 | Identified the +10 quarterstaff "Puecopoa" {crush, MR+
                  | Int+2}
 68857 | Vaults:5 | Identified a +0 arbalest
 68859 | Vaults:5 | Identified a +0 dire flail
 68859 | Vaults:5 | Identified a +0 great mace
 68860 | Vaults:5 | Identified a +0 halberd
 68860 | Vaults:5 | Identified a +0 scale mail
 68860 | Vaults:5 | Identified a +0 dire flail
 68860 | Vaults:5 | Identified a cursed +0 leather armour
 68860 | Vaults:5 | Identified a +0 long sword
 68860 | Vaults:5 | Identified a +0 short sword
 68860 | Vaults:5 | Identified a +0 leather armour
 68860 | Vaults:5 | Identified a +0 short sword
 68860 | Vaults:5 | Identified a +0 short sword
 68860 | Vaults:5 | Identified a +0 rapier
 68861 | Vaults:5 | Identified a +0 longbow
 68861 | Vaults:5 | Identified a +0 dagger
 68861 | Vaults:5 | Identified a +3 leather armour of cold resistance
 68893 | Vaults:5 | Reached skill level 16 in Dodging
 68907 | Vaults:5 | Identified a +0 halberd
 68907 | Vaults:5 | Identified a +0 arbalest
 68907 | Vaults:5 | Identified a +0 ring mail
 68913 | Vaults:5 | Identified a +0 mace
 68913 | Vaults:5 | Identified a +0 ring mail
 68914 | Vaults:5 | Identified a +0 long sword
 68916 | Vaults:5 | Identified a +0 rapier
 68924 | Vaults:5 | Identified a +0 dagger
 68924 | Vaults:5 | Identified a +0 chain mail
 68926 | Vaults:5 | Identified a +6 vampiric glaive
 68927 | Vaults:5 | Identified a +2 great sword of flaming
 68934 | Vaults:5 | Identified a +0 battleaxe
 68934 | Vaults:5 | Identified a +0 plate armour
 68936 | Vaults:5 | Identified a +0 war axe
 68936 | Vaults:5 | Identified a +0 chain mail
 68936 | Vaults:5 | Identified a +0 shield of fire resistance
 68995 | Vaults:5 | Identified a +0 dire flail
 68995 | Vaults:5 | Identified a +0 dire flail
 69011 | Vaults:5 | Identified Peazusmi's Almanac of Intoxication
 69054 | Vaults:5 | Identified a +2 cloak (You found it on level 5 of the
                  | Vaults)
 69062 | Vaults:5 | Identified a scarf of cloud immunity (You found it on level
                  | 5 of the Vaults)
 69067 | Vaults:5 | Got a warped ivory amulet
 69070 | Vaults:5 | Identified the amulet "Har Baom" {RegenMP rN+} (You found
                  | it on level 5 of the Vaults)
 69077 | Vaults:5 | Redear: бесит уже к середине игры
 69077 | Vaults:5 | Redear: вещей много инвентарь мальенькйи
 69115 | Vaults:5 | Identified a +2 dire flail
 69115 | Vaults:5 | Identified a +0 plate armour
 69115 | Vaults:5 | Identified a +0 long sword
 69115 | Vaults:5 | Identified a cursed +0 chain mail
 69115 | Vaults:5 | Identified a +0 shield
 69123 | Vaults:5 | Identified a +1 dire flail of draining
 69123 | Vaults:5 | Identified a +0 dire flail
 69131 | Vaults:5 | Identified a +0 battleaxe
 69131 | Vaults:5 | Identified a +0 chain mail
 69137 | Vaults:5 | Identified a +2 war axe
 69137 | Vaults:5 | Identified a cursed +0 chain mail
 69139 | Vaults:5 | Noticed a Brimstone Fiend
 69139 | Vaults:5 | Identified a +0 great sword
 69139 | Vaults:5 | Identified a +0 arbalest
 69139 | Vaults:5 | Identified a +0 plate armour
 69141 | Vaults:5 | Identified a +0 long sword
 69141 | Vaults:5 | Noticed a deep elf demonologist
 69143 | Vaults:5 | Identified a +0 long sword
 69143 | Vaults:5 | Identified a +0 ring mail
 69143 | Vaults:5 | Identified a +0 buckler
 69143 | Vaults:5 | Identified the amulet "Eniosu" {Harm *Drain rC++ Int-5}
 69143 | Vaults:5 | Identified a +1 battleaxe of freezing
 69145 | Vaults:5 | Noticed an ancient lich
 69146 | Vaults:5 | Identified a +0 great sword
 69146 | Vaults:5 | Identified a +0 chain mail
 69146 | Vaults:5 | Identified the +8 hand axe of Roll {vamp, rElec Dex+4}
 69146 | Vaults:5 | Identified a +3 blowgun
 69146 | Vaults:5 | Identified a cursed +0 leather armour
 69148 | Vaults:5 | Killed an ancient lich
 69151 | Vaults:5 | Identified a +3 demon whip of venom
 69155 | Vaults:5 | Identified a +3 great sword of holy wrath
 69155 | Vaults:5 | Identified a +0 arbalest
 69155 | Vaults:5 | Identified a +0 chain mail
 69184 | Vaults:5 | Killed an ancient lich
 69184 | Vaults:5 | Reached skill level 17 in Dodging
 69184 | Vaults:5 | Reached XP level 25. HP: 202/224 MP: 30/30
 69219 | Vaults:5 | Killed a deep elf demonologist
 69255 | Vaults:5 | Identified a +0 war axe
 69255 | Vaults:5 | Identified a +0 chain mail
 69266 | Vaults:5 | Identified a +0 arbalest
 69268 | Vaults:5 | Identified a +0 battleaxe
 69268 | Vaults:5 | Identified a +0 chain mail
 69271 | Vaults:5 | Reached skill level 20 in Armour
 69272 | Vaults:5 | Identified a +0 scimitar
 69272 | Vaults:5 | Identified a +3 leather armour
 69272 | Vaults:5 | Identified a +0 long sword
 69272 | Vaults:5 | Identified a +0 plate armour
 69272 | Vaults:5 | Identified a +0 great sword
 69272 | Vaults:5 | Identified a +0 plate armour
 69272 | Vaults:5 | Identified a +0 great mace
 69272 | Vaults:5 | Identified a +1 ring mail of cold resistance
 69272 | Vaults:5 | Identified a +0 great mace
 69272 | Vaults:5 | Identified a +0 dire flail
 69280 | Vaults:5 | Identified a +2 battleaxe
 69280 | Vaults:5 | Identified a +0 plate armour
 69311 | Vaults:5 | Identified a +0 arbalest
 69312 | Vaults:5 | Identified a +1 scimitar of flaming
 69312 | Vaults:5 | Identified a +0 plate armour
 69312 | Vaults:5 | Identified the ring "Caguts" {rPois rN+ MR+ Slay-4}
 69315 | Vaults:5 | Identified a +1 great sword of flaming
 69316 | Vaults:5 | Identified a +0 battleaxe
 69316 | Vaults:5 | Identified a cursed +0 chain mail
 69316 | Vaults:5 | Identified the amulet of Oxeoc {Faith Int+5 Dex+4}
 69317 | Vaults:5 | Identified a +0 scimitar of freezing
 69322 | Vaults:5 | Identified a +1 lajatang of electrocution
 69325 | Vaults:5 | Identified a +0 dire flail
 69325 | Vaults:5 | Identified a +0 dire flail
 69332 | Vaults:5 | Identified a +0 great mace
 69332 | Vaults:5 | Identified a +0 chain mail
 69336 | Vaults:5 | Identified a +0 long sword
 69336 | Vaults:5 | Identified a +0 scale mail
 69336 | Vaults:5 | Noticed a deep elf demonologist
 69340 | Vaults:5 | Identified a +1 glaive of protection
 69341 | Vaults:5 | Noticed a Brimstone Fiend
 69341 | Vaults:5 | Identified a +0 bardiche
 69341 | Vaults:5 | Identified a +0 plate armour
 69345 | Vaults:5 | Killed a deep elf demonologist
 69346 | Vaults:5 | Identified a +3 great mace of protection
 69346 | Vaults:5 | Identified a +2 ring mail of fire resistance
 69350 | Vaults:5 | Identified a +1 short sword of speed
 69353 | Vaults:5 | Killed a deep elf demonologist
 69359 | Vaults:5 | TheNamelessOne: скидывай хлам и отключи подбор ненужного
 69391 | Vaults:5 | TheNamelessOne: ванды всякие к примеру
 69391 | Vaults:5 | Redear: что имеется ввиду под хоамом
 69391 | Vaults:5 | TheNamelessOne: оружие
 69413 | Vaults:5 | TheNamelessOne: оружие
 69416 | Vaults:5 | Redear: что оружее
 69416 | Vaults:5 | TheNamelessOne: тридент и фустибалус
 69416 | Vaults:5 | Redear: фустибалус топчик на дальний бой
 69416 | Vaults:5 | TheNamelessOne: и слинг буллетс
 69416 | Vaults:5 | Redear: через портал прожект
 69416 | Vaults:5 | Redear: или что
 69429 | Vaults:5 | Reached skill level 21 in Armour
 69444 | Vaults:5 | TheNamelessOne: дампани
 69493 | Vaults:5 | Identified a +6 war axe of freezing
 69493 | Vaults:5 | Identified a +0 chain mail
 69494 | Vaults:5 | Identified a +0 arbalest
 69501 | Vaults:5 | Identified a +0 mace
 69501 | Vaults:5 | Identified a +0 ring mail
 69505 | Vaults:5 | Identified a +1 battleaxe of freezing
 69505 | Vaults:5 | Identified a +0 plate armour
 69529 | Vaults:5 | Identified +0 shadow dragon scales
 69548 | Vaults:5 | Identified a +2 rapier of draining
 69548 | Vaults:5 | Identified a cursed +0 leather armour
 69562 | Vaults:5 | Identified a cursed -1 short sword
 69575 | Vaults:5 | Identified a +1 broad axe of chopping
 69575 | Vaults:5 | Identified a +0 plate armour
 69608 | Vaults:5 | Identified a +0 dagger
 69608 | Vaults:5 | Identified a +0 robe
 69656 | Vaults:5 | Identified a +0 war axe
 69656 | Vaults:5 | Identified a +0 plate armour
 69658 | Vaults:5 | Noticed an ancient lich
 69660 | Vaults:5 | TheNamelessOne: свитки страха уже не нужны
 69662 | Vaults:5 | Identified a +0 long sword
 69662 | Vaults:5 | Identified a +2 plate armour of cold resistance
 69667 | Vaults:5 | Killed an ancient lich
 69668 | Vaults:5 | Identified a +0 long sword
 69668 | Vaults:5 | Identified a +0 leather armour
 69670 | Vaults:5 | Identified a +1 leather armour of poison resistance
 69688 | Vaults:5 | Identified a +0 great mace
 69688 | Vaults:5 | Identified a +0 chain mail
 69739 | Vaults:5 | Identified a +0 arbalest
 69740 | Vaults:5 | Identified a +0 long sword
 69741 | Vaults:5 | Identified a +0 giant club
 69741 | Vaults:5 | Identified a +0 giant club
 69743 | Vaults:5 | Identified a +2 battleaxe
 69743 | Vaults:5 | Identified a +0 ring mail
 69743 | Vaults:5 | Identified a +0 great mace
 69743 | Vaults:5 | Identified a +0 leather armour
 69745 | Vaults:5 | Reached skill level 22 in Armour
 69746 | Vaults:5 | Identified a +1 short sword of venom
 69746 | Vaults:5 | Identified a +0 robe
 69749 | Vaults:5 | Identified a +1 battleaxe
 69749 | Vaults:5 | Identified a +0 plate armour
 69750 | Vaults:5 | Identified a +0 battleaxe
 69750 | Vaults:5 | Identified a +0 plate armour
 69752 | Vaults:5 | Identified a +0 giant club
 69752 | Vaults:5 | Identified a +0 giant club
 69753 | Vaults:5 | Identified a +0 giant spiked club
 69761 | Vaults:5 | Identified a +3 war axe
 69761 | Vaults:5 | Identified a +0 plate armour
 69766 | Vaults:5 | Identified a +0 battleaxe
 69766 | Vaults:5 | Identified a +0 plate armour
 69874 | Vaults:5 | Identified a cursed -3 bardiche
 69874 | Vaults:5 | Identified a +4 scale mail of cold resistance
 69902 | Vaults:5 | Identified a +1 antimagic morningstar
 69998 | Vaults:5 | Found the +3 Elemental Staff {rElec rF++ rC++ MR++ AC+5}
 70016 | Vaults:5 | Got a silver rune of Zot
 70033 | Vaults:5 | Got a pair of translucent boots
 70036 | Vaults:5 | Identified the +1 pair of boots "Nulif" {rF+ Dex+4 Slay+2}
                  | (You found it on level 5 of the Vaults)
 70036 | Vaults:5 | Redear: rfr levftim
 70036 | Vaults:5 | Redear: поменять на боты скорости&
 70036 | Vaults:5 | Redear: ?
 70096 | Vaults:5 | Identified a +0 dire flail
 70096 | Vaults:5 | Identified a +0 chain mail
 70096 | Vaults:5 | Identified a +0 great sword
 70096 | Vaults:5 | Identified a +0 chain mail
 70159 | Vaults:5 | Identified a +1 long sword
 70159 | Vaults:5 | Identified a +0 chain mail
 70345 | Vaults:5 | Identified a +0 arbalest
 70348 | Vaults:5 | Identified a +3 battleaxe of electrocution
 70348 | Vaults:5 | Identified a +0 chain mail
 70348 | Vaults:5 | Identified a +1 arbalest of flaming
 70349 | Vaults:5 | Identified a +0 arbalest
 70436 | Vaults:5 | Identified a +0 great mace
 70436 | Vaults:5 | Identified a +0 plate armour
 70447 | Vaults:5 | Identified a +0 troll leather armour
 70512 | Vaults:5 | TheNamelessOne: F - an uncursed ring of protection from
                  | fire I - an uncursed ring of protection from cold M - an
                  | uncursed ring of protection from magic
 70512 | Vaults:5 | TheNamelessOne: лишнее
 70512 | Vaults:5 | Redear: почему
 70512 | Vaults:5 | Redear: доп резы при паники
 70512 | Vaults:5 | Redear: ну я выложу ок
 70512 | Vaults:5 | TheNamelessOne: P - a ring of poison resistance (right
                  | hand) S - an uncursed ring of see invisible
 70512 | Vaults:5 | TheNamelessOne: тоже лишнее
 70512 | Vaults:5 | TheNamelessOne: у тебя хорошие резы
 70512 | Vaults:5 | TheNamelessOne: находишь гда - и вообще топ
 70544 | Vaults:5 | Redear: всмысле где -
 70546 | Vaults:5 | TheNamelessOne: gold dragon armor
 70546 | Vaults:5 | Redear: его апать надо
 70546 | Vaults:5 | Redear: )
 70546 | Vaults:5 | TheNamelessOne: ye nfr
 70546 | Vaults:5 | TheNamelessOne: у тебя свитков должно быть норм
 70546 | Vaults:5 | Redear: или лучше щит апнуть
 70546 | Vaults:5 | TheNamelessOne: нет
 70546 | Vaults:5 | TheNamelessOne: вместо кольца на рпоиз - рНег надень
 70554 | Vaults:5 | Redear: элементал стаф
 70554 | Vaults:5 | Redear: топчик
 70554 | Vaults:5 | Redear: )
 70554 | Vaults:5 | TheNamelessOne: нинужен
 70554 | Vaults:5 | Redear: а этот ринг
 70554 | Vaults:5 | Redear: хуевенький же
 70554 | Vaults:5 | TheNamelessOne: нинужен
 71119 | Slime:1  | Reached skill level 23 in Armour
 71127 | Slime:1  | Gained mutation: Your magical capacity is very low. (-20%
                  | MP) [a shining eye]
 71132 | Slime:1  | Gained mutation: Your spells are a little easier to cast,
                  | but a little less powerful. [a shining eye]
 71477 | Slime:2  | Gained mutation: You are clumsy. (Dex -2) [a shining eye]
 71480 | Slime:1  | Paralysed by a floating eye for 4 turns
 71528 | Slime:2  | Gained mutation: You are very clumsy. (Dex -4) [a shining
                  | eye]
 71530 | Slime:2  | Gained mutation: You are frail. (-10% HP) [a shining eye]
 71810 | Slime:2  | Reached XP level 26. HP: 184/208 MP: 27/27
 72144 | Slime:1  | Reached skill level 24 in Armour
 72240 | Slime:3  | Gained mutation: Your body sometimes deteriorates upon
                  | taking damage. [a shining eye]
 72329 | Slime:3  | Gained mutation: Your spells are easier to cast, but less
                  | powerful. [a shining eye]
 72647 | Slime:5  | Entered Level 5 of the Pits of Slime
 72966 | Slime:5  | Reached skill level 25 in Armour
 73089 | Slime:5  | Gained mutation: You are weak. (Str -2) [a shining eye]
 73094 | Slime:5  | Gained mutation: You tend to lose your temper in combat. [a
                  | shining eye]
 73184 | Slime:5  | Found a viscous altar of Jiyva.
 73186 | Slime:5  | Noticed the Royal Jelly
 73195 | Slime:5  | Gained mutation: You are very frail. (-20% HP) [a shining
                  | eye]
 73203 | Slime:5  | Killed the Royal Jelly
 73248 | Slime:5  | Got a coiled copper ring
 73277 | Slime:5  | Got a slimy rune of Zot
 73292 | Slime:5  | Got a bound bronze ring
 73304 | Slime:5  | Identified the ring "Xuyxiosi" {MR+ MP+9} (You found it on
                  | level 5 of the Pits of Slime)
 73306 | Slime:5  | Identified the ring of Keroa {rF+ rC+ Stlth+} (You found it
                  | on level 5 of the Pits of Slime)
 73310 | Slime:5  | Got a steaming copper ring
 73315 | Slime:5  | Identified the ring "Niloassede" {Wiz rN+ SInv} (You found
                  | it on level 5 of the Pits of Slime)
 73327 | Slime:5  | Identified the Grimoire of Confrontation
 73374 | Slime:5  | Identified the Tome of Aid and Changing
 73455 | Slime:5  | Got an ancient chain mail
 73458 | Slime:5  | Identified the +6 chain mail of Ennui {-Cast Int+10 Dex-2
                  | Stlth+} (You found it on level 5 of the Pits of Slime)
 73623 | Lair:5   | Lost mutation: Your spells are easier to cast, but less
                  | powerful. [potion of mutation]
 73623 | Lair:5   | Lost mutation: Scrolls take you a little longer to read.
                  | [potion of mutation]
 73623 | Lair:5   | Lost mutation: You tend to lose your temper in combat.
                  | [potion of mutation]
 73623 | Lair:5   | Lost mutation: You are very frail. (-20% HP) [potion of
                  | mutation]
 73623 | Lair:5   | Gained mutation: You have a pair of large horns on your
                  | head. [potion of mutation]
 73625 | Lair:5   | Lost mutation: You are very clumsy. (Dex -4) [potion of
                  | mutation]
 73625 | Lair:5   | Lost mutation: You are frail. (-10% HP) [potion of
                  | mutation]
 73625 | Lair:5   | Lost mutation: Your spells are a little easier to cast, but
                  | a little less powerful. [potion of mutation]
 73625 | Lair:5   | Lost mutation: You are weak. (Str -2) [potion of mutation]
 73625 | Lair:5   | Lost mutation: Your magical capacity is very low. (-20% MP)
                  | [potion of mutation]
 73625 | Lair:5   | Gained mutation: You passively map a small area around you.
                  | [potion of mutation]
 73625 | Lair:5   | Gained mutation: Your flesh is cold resistant. (rC+)
                  | [potion of mutation]
 73897 | Temple   | Fell from the grace of Makhleb
 73897 | Temple   | Became a worshipper of Zin the Law-Giver
 73897 | Temple   | Reached * piety under Zin
 73897 | Temple   | Reached ** piety under Zin
 74215 | Crypt:1  | Entered Level 1 of the Crypt
 74256 | Crypt:1  | Identified a cursed +3 halberd
 74256 | Crypt:1  | Identified a +0 robe
 74259 | Crypt:1  | Identified a cursed +0 morningstar
 74259 | Crypt:1  | Identified a +0 robe
 74261 | Crypt:1  | Identified a +0 great sword
 74261 | Crypt:1  | Identified a +0 robe of fire resistance
 74270 | Crypt:1  | Reached *** piety under Zin
 74318 | Crypt:1  | Identified a +3 great sword of electrocution
 74318 | Crypt:1  | Identified a +0 chain mail
 74351 | Crypt:1  | Noticed a lich
 74352 | Crypt:1  | Identified a +0 robe
 74358 | Crypt:1  | Killed a lich
 74361 | Crypt:1  | Identified a cursed +0 battleaxe
 74361 | Crypt:1  | Identified a +0 robe
 74373 | Crypt:1  | Found a shimmering altar of Xom.
 74404 | Crypt:1  | Identified a +0 dagger
 74404 | Crypt:1  | Identified a +0 robe
 74409 | Crypt:1  | Identified a +0 dagger of flaming
 74409 | Crypt:1  | Identified a +0 robe
 74420 | Crypt:1  | Reached **** piety under Zin
 74505 | Crypt:1  | Identified a +0 war axe
 74506 | Crypt:1  | Identified a cursed -3 scimitar
 74509 | Crypt:1  | Identified a +0 long sword
 74522 | Crypt:1  | Reached skill level 8 in Throwing
 74535 | Crypt:1  | Identified a +0 robe
 74536 | Crypt:1  | Identified a +0 dagger
 74536 | Crypt:1  | Identified a +0 robe
 74537 | Crypt:1  | Identified a +0 war axe
 74540 | Crypt:1  | Identified a +2 hand axe of electrocution
 74541 | Crypt:1  | Identified a cursed -1 robe
 74549 | Crypt:1  | Identified a cursed -3 scimitar
 74567 | Crypt:1  | Identified a +0 dire flail
 74567 | Crypt:1  | Identified a +0 robe
 74567 | Crypt:1  | Identified a +0 hand axe
 74567 | Crypt:1  | Identified a +0 robe
 74634 | Crypt:1  | Identified a +0 hand axe
 74638 | Crypt:1  | Identified a +0 long sword
 74638 | Crypt:1  | Identified a +0 ring mail
 74638 | Crypt:1  | Identified a +2 broad axe
 74638 | Crypt:1  | Identified a +0 chain mail
 74639 | Crypt:1  | Identified a +0 dire flail
 74641 | Crypt:1  | Identified a +0 dire flail
 74644 | Crypt:1  | Identified a +0 scimitar
 74645 | Crypt:1  | Identified a +0 halberd
 74645 | Crypt:1  | Identified a +0 hand axe
 74835 | Crypt:1  | Identified a +0 demon whip of venom
 74943 | Crypt:1  | Reached ***** piety under Zin
 75008 | Crypt:1  | Identified a +1 demon whip of venom
 75050 | Crypt:2  | Identified a +0 flail
 75052 | Crypt:2  | Identified a cursed +0 dagger
 75052 | Crypt:2  | Identified a +0 robe
 75054 | Crypt:2  | Identified a +0 flail
 75054 | Crypt:2  | Identified a +0 glaive
 75077 | Crypt:2  | Identified a +0 long sword
 75097 | Crypt:2  | Reached skill level 19 in Axes
 75142 | Crypt:2  | Noticed a curse skull
 75148 | Crypt:2  | Identified a +0 scimitar
 75150 | Crypt:2  | Identified a +5 halberd
 75150 | Crypt:2  | Identified a +0 robe
 75153 | Crypt:2  | Identified a +4 dagger
 75153 | Crypt:2  | Identified a +0 robe
 75153 | Crypt:2  | Identified a +0 scimitar
 75156 | Crypt:2  | Identified a +0 flail
 75157 | Crypt:2  | Killed a curse skull
 75158 | Crypt:2  | Identified a +0 glaive
 75161 | Crypt:2  | Identified a +0 flail of protection
 75164 | Crypt:2  | Identified a +4 short sword
 75167 | Crypt:2  | Identified a +0 robe
 75167 | Crypt:2  | Identified a +3 vampiric battleaxe
 75167 | Crypt:2  | Identified a +0 plate armour
 75169 | Crypt:2  | Identified a +0 robe
 75173 | Crypt:2  | Identified a +0 dagger
 75173 | Crypt:2  | Identified a +0 robe
 75174 | Crypt:2  | HP: 41/234 [flayed ghost/flay_damage (23)]
 75177 | Crypt:1  | Reached skill level 9 in Throwing
 75305 | Crypt:2  | Identified a +0 dagger
 75305 | Crypt:2  | Identified a +0 robe
 75367 | Crypt:2  | Identified a +0 robe
 75448 | Crypt:2  | Identified a +0 war axe
 75454 | Crypt:2  | Identified a +0 plate armour
 75777 | Crypt:3  | Entered Level 3 of the Crypt
 75777 | Crypt:3  | Identified a +0 hand axe
 75777 | Crypt:3  | Identified a +0 battleaxe
 75777 | Crypt:3  | Identified a +0 short sword
 75820 | Crypt:3  | Identified a +0 dagger
 75829 | Crypt:3  | Noticed a curse skull
 75829 | Crypt:3  | Identified a +0 rapier
 75834 | Crypt:3  | Identified a +5 halberd
 75834 | Crypt:3  | Identified a +0 robe
 75837 | Crypt:3  | Identified a cursed -3 flail
 75837 | Crypt:3  | Identified a +0 robe
 75841 | Crypt:3  | HP: 52/234 [flayed ghost/flay_damage (25)]
 75849 | Crypt:3  | Killed a curse skull
 75849 | Crypt:3  | Reached skill level 19 in Fighting
 75880 | Crypt:3  | Found a staircase to the Tomb.
 75882 | Crypt:3  | Reached ****** piety under Zin
 75886 | Crypt:3  | Identified a +0 robe
 75895 | Crypt:3  | Identified a cursed +3 falchion
 75895 | Crypt:3  | Identified a +0 robe
 75900 | Crypt:3  | Identified a +4 falchion
 75900 | Crypt:3  | Identified a +0 robe
 75939 | Crypt:3  | Found a basalt altar of Yredelemnul.
 75961 | Crypt:3  | Identified a +0 scimitar
 75967 | Crypt:3  | Identified a +0 great mace
 76137 | Crypt:3  | Identified a +4 glaive
 76137 | Crypt:3  | Identified a +0 chain mail of poison resistance
 76142 | Crypt:3  | Identified a +0 short sword
 76142 | Crypt:3  | Identified a +0 chain mail
 76158 | Crypt:3  | Reached skill level 20 in Axes
 76266 | Crypt:3  | Identified a +1 great sword of draining
 76266 | Crypt:3  | Identified a +0 plate armour
 76272 | Crypt:3  | Reached skill level 10 in Throwing
 76302 | Crypt:3  | Reached XP level 27. HP: 190/244 MP: 30/30
 76306 | Crypt:3  | Identified a +0 robe
 76373 | Crypt:3  | Identified a +0 halberd
 76375 | Crypt:3  | Identified a +0 flail
 76377 | Crypt:3  | Identified a +0 trident
 76387 | Crypt:3  | Identified a +0 halberd
 76388 | Crypt:3  | Identified a +0 short sword
 76389 | Crypt:3  | Identified a +0 flail
 76389 | Crypt:3  | Identified a +0 long sword
 76391 | Crypt:3  | Identified a +3 great mace of flaming
 76391 | Crypt:3  | Identified a +0 chain mail
 76394 | Crypt:3  | Identified a +0 hand axe
 76396 | Crypt:3  | Identified a +0 glaive
 76402 | Crypt:3  | Identified a +0 glaive
 76402 | Crypt:3  | Identified a +0 halberd
 76402 | Crypt:3  | Identified a +0 dire flail
 76404 | Crypt:3  | Identified a +0 glaive
 76407 | Crypt:3  | Identified a +0 long sword
 76412 | Crypt:3  | Identified a +0 halberd
 76418 | Crypt:3  | Identified a +0 great mace of pain
 76418 | Crypt:3  | Identified a +0 chain mail
 76456 | Crypt:3  | Identified a +0 war axe
 76458 | Crypt:3  | Found an ancient bone altar of Kikubaaqudgha.
 76500 | Crypt:3  | Noticed a lich
 76500 | Crypt:3  | Identified a +0 long sword
 76500 | Crypt:3  | Identified a +0 scimitar
 76511 | Crypt:3  | Killed a lich
 76540 | Crypt:3  | Identified a +3 scimitar
 76540 | Crypt:3  | Identified a +0 hand axe
 76545 | Crypt:3  | Identified a +0 short sword
 76545 | Crypt:3  | Identified a +0 hand axe
 76589 | Crypt:3  | Identified a +3 battleaxe of chopping
 76589 | Crypt:3  | Identified a +0 chain mail
 76612 | Crypt:3  | Identified a +0 halberd
 76619 | Crypt:3  | Identified a +0 long sword
 76665 | Crypt:3  | Noticed an ancient lich
 76695 | Crypt:3  | Killed an ancient lich
 76695 | Crypt:3  | Reached skill level 21 in Axes
 76710 | Crypt:3  | Reached skill level 11 in Throwing
 76741 | Crypt:3  | Identified Coboapne's Volume of Calling and Contamination
 76770 | Crypt:3  | Got a jewelled scale mail
 76771 | Crypt:3  | Identified the +0 scale mail of Undesirable Species {rN++
                  | MR- Regen+ Slay+2} (You found it on level 3 of the Crypt)
 76776 | Crypt:3  | Got a transparent wooden ring
 76777 | Crypt:3  | Identified the ring "Zunano" {rC++ rN+ Str-2 Dex+2 SInv}
                  | (You found it on level 3 of the Crypt)
 76829 | Crypt:3  | Identified a +0 scimitar
 76963 | Crypt:3  | Identified a +0 scimitar
 76963 | Crypt:3  | Identified a +0 hand axe
 76970 | Crypt:3  | Identified a +0 dire flail
 76970 | Crypt:3  | Identified a cursed -2 flail
 76991 | Crypt:3  | Identified a +0 scimitar
 76994 | Crypt:3  | Identified a +0 battleaxe
 76994 | Crypt:3  | Identified a +0 hand axe
 76995 | Crypt:3  | Identified a +1 great sword of pain
 76995 | Crypt:3  | Identified a +7 plate armour of ponderousness
 77020 | Crypt:3  | Found the cursed +13 scythe of Curses {drain, *Curse}
 77086 | Crypt:3  | Identified a +0 mace
 77086 | Crypt:3  | Identified a +0 trident
 77086 | Crypt:3  | Noticed a lich
 77087 | Crypt:3  | Noticed a Brimstone Fiend
 77105 | Crypt:3  | Killed a lich
 77545 | Tomb:1   | Entered Level 1 of the Tomb of the Ancients
 77830 | Tomb:1   | Reached skill level 20 in Fighting
 77871 | Tomb:1   | Identified a +3 falchion
 77871 | Tomb:1   | Identified a +0 robe
 78160 | Tomb:1   | Noticed a greater mummy
 78170 | Tomb:1   | Identified a +3 great sword of draining
 78170 | Tomb:1   | Identified a +0 plate armour
 78179 | Tomb:1   | Killed a greater mummy
 78179 | Tomb:1   | Reached skill level 22 in Axes
 78182 | Tomb:1   | HP: 40/245 [something (28)]
 78672 | Tomb:1   | TheNamelessOne: !stalk redear
 78674 | Tomb:1   | beem: Redear the L27 MiMo^Zin in Tomb:1 (cue tiles),
                  | 8:34:17, T:77545, runes: 5 (slimy, silver, abyssal...),
                  | defenses: 43/22/32, stats: 20/7/18, >15 skills:
                  | Fighting,Axes,Armour,Dodging,Shields,Invocations
 78675 | Tomb:1   | TheNamelessOne: Почему не тсо?
 78675 | Tomb:1   | Noticed a lich
 78682 | Tomb:1   | Identified a +2 long sword of electrocution
 78684 | Tomb:1   | Identified a +0 war axe
 78686 | Tomb:1   | Killed a lich
 78686 | Tomb:1   | Reached skill level 12 in Throwing
 78694 | Tomb:1   | Redear: где блять скил
 78694 | Tomb:1   | Redear: у зина
 78694 | Tomb:1   | Redear: который зелья мутации правит
 78730 | Tomb:1   | Identified a +0 demon whip
 78731 | Tomb:1   | TheNamelessOne: ЭТО НЕ СКИЛЛ А ПАССИВКА
 78746 | Tomb:1   | Redear: да ну нахуй
 78746 | Tomb:1   | Lost mutation: Your body sometimes deteriorates upon taking
                  | damage. [potion of mutation]
 78746 | Tomb:1   | Lost mutation: Your magical capacity is low. (-10% MP)
                  | [potion of mutation]
 78747 | Tomb:1   | Lost mutation: You have a pair of large horns on your head.
                  | [potion of mutation]
 78747 | Tomb:1   | Lost mutation: You passively map a small area around you.
                  | [potion of mutation]
 78747 | Tomb:1   | Lost mutation: You are clumsy. (Dex -2) [potion of
                  | mutation]
 78747 | Tomb:1   | Lost mutation: You are partially covered in molten scales.
                  | (AC +2) [potion of mutation]
 78748 | Tomb:1   | Redear: бреееддддддд
 78748 | Tomb:1   | Redear: cerf
 78748 | Tomb:1   | Redear: сука
 78748 | Tomb:1   | Redear: взял мои мутации плюсовые снял
 78748 | Tomb:1   | Redear: сука зин
 78748 | Tomb:1   | TheNamelessOne: А ты чего ждал?
 78750 | Tomb:1   | TheNamelessOne: Он не плохие мутации не любит
 78750 | Tomb:1   | TheNamelessOne: а все
 78750 | Tomb:1   | Redear: мда
 78750 | Tomb:1   | Redear: у меня были большие рога
 78750 | Tomb:1   | Redear: ну и хуй с ними
 78753 | Tomb:1   | Identified a +0 lajatang
 78786 | Tomb:1   | Redear: без апартейшена не взять&
 78786 | Tomb:1   | Redear: что ли
 78788 | Tomb:1   | Learned a level 1 spell: Apportation
 78788 | Tomb:1   | Redear: как сохранить сетку то
 78788 | Tomb:1   | TheNamelessOne: сетка уничтожается
 78788 | Tomb:1   | Redear: так забрать же раньше можно было
 78794 | Tomb:1   | TheNamelessOne: только если не попал
 78820 | Tomb:1   | Noticed a greater mummy
 78833 | Tomb:1   | Killed a greater mummy
 78833 | Tomb:1   | Identified a +0 scythe of distortion
 78844 | Tomb:1   | HP: 50/247 [??? (31)]
 78874 | Tomb:1   | HP: 57/246 [ushabti] (7)]
 79048 | Tomb:1   | Identified a +1 scythe of slicing
 79488 | Depths:4 | Killed an ancient lich
 79498 | Depths:4 | Killed an ancient lich
 79539 | Depths:4 | Killed Luoqi's ghost
 79558 | Depths:4 | Was forgiven by Makhleb
 79559 | Depths:4 | Identified a +1 demon whip of draining
 79572 | Depths:4 | Got a translucent zirconium amulet
 79574 | Depths:4 | Identified the amulet of Wigije {Spirit rC+} (You found it
                  | on level 4 of the Depths)
 79579 | Depths:4 | Redear: реген хп
 79579 | Depths:4 | Redear: нет амулета
 79579 | Depths:4 | TheNamelessOne: быват
 79844 | Pan      | Entered Pandemonium
 79854 | Pan      | Identified a +1 demon whip of draining
 79855 | Pan      | Identified a +3 trident
 79860 | Pan      | Identified a +0 trident
 79869 | Pan      | Identified a +0 long sword
 79869 | Pan      | Identified a +0 robe
 79935 | Pan      | Identified a +1 robe of magic resistance
 80054 | Pan      | Identified a +1 demon whip of freezing
 80058 | Pan      | Identified a +0 scythe of venom
 80084 | Pan      | Noticed Heluo the pandemonium lord
 80089 | Pan      | Redear: @??helio
 80089 | Pan      | beem: unknown monster: "helio"
 80089 | Pan      | Redear: сколько копье по кубикам
 80089 | Pan      | Redear: продамажить может
 80089 | Pan      | TheNamelessOne: какое копьё
 80089 | Pan      | TheNamelessOne: а
 80089 | Pan      | TheNamelessOne: понял
 80089 | Pan      | TheNamelessOne: зависит от моба
 80089 | Pan      | Redear: ??Heluo
 80089 | Pan      | beem: I don't have a page labeled Heluo in my learndb.
 80089 | Pan      | Redear: ??Lehudib's Crystal Spear
 80089 | Pan      | TheNamelessOne: это рандомный лорд
 80089 | Pan      | beem: lehudib's crystal spear[1/1]: AKA: Crystal spear or
                  | the acronym LCS. Level 8 Conjurations/Earth spell, found
                  | only in Book of Annihilations, randart Sif gifts, and
                  | Vehumet offerings. 10d22.3 at max power, theoretically, and
                  | unresistable. The strongest single target conjuration, but
                  | its range is one square less than that of Iron Shot.
                  | To-hit: 10+power/15.
 80089 | Pan      | Redear: хз короче
 80089 | Pan      | TheNamelessOne: у игрока 200+ может пробить
 80089 | Pan      | TheNamelessOne: мобы около 150 бьют вроде максимум
 80099 | Pan      | Redear: нехера не попадаю
 80099 | Pan      | Redear: мб санктуари
 80099 | Pan      | TheNamelessOne: переходи к тсо и делай себе холибренд
 80099 | Pan      | TheNamelessOne: да в святилище
 80099 | Pan      | TheNamelessOne: он сейчас может ваншотнуть
 80099 | Pan      | Redear: тоже так думаю
 80099 | Pan      | Identified a +0 scythe of flaming
 80116 | Pan      | HP: 60/249 [smoke demon/divine providence (12)]
 80125 | Pan      | Redear: ой блять я думал выход
 80125 | Pan      | Redear: )
 80125 | Pan      | TheNamelessOne: выход белый
 80125 | Pan      | Redear: забыл уже
 80229 | Pan      | Identified a +0 great sword
 80229 | Pan      | Identified a +0 scale mail
 80232 | Pan      | Identified a +0 chain mail
 80245 | Pan      | Reached skill level 23 in Axes
 80263 | Pan      | Identified a cursed +0 halberd
 80263 | Pan      | Identified a +0 ring mail
 80266 | Pan      | Identified a +2 vampiric demon whip
 80266 | Pan      | Identified a +0 scale mail
 80270 | Pan      | Identified a +1 demon trident of draining
 80270 | Pan      | Identified a +0 scale mail
 80277 | Pan      | Reached skill level 21 in Fighting
 80293 | Pan      | Reached skill level 13 in Throwing
 80296 | Pan      | Noticed Woly the pandemonium lord
 80301 | Pan      | Noticed an Ice Fiend
 80312 | Pan      | Killed Woly the pandemonium lord
 80323 | Pan      | Redear: зином тут делать нехуй вообще
 80339 | Pan      | HP: 39/250 [??? (24)]
 80355 | Pan      | Noticed a Tzitzimitl
 80364 | Pan      | HP: 56/250 [smoke demon/divine providence (12)]
 81111 | Pan      | Identified a +0 demon trident
 81111 | Pan      | Identified a +2 vampiric demon trident
 81118 | Pan      | Identified a +0 trident
 81119 | Pan      | Identified a +0 demon whip
 81380 | Pan      | Identified a +2 demon whip of freezing
 81380 | Pan      | Identified a cursed +0 leather armour
 81380 | Pan      | Identified a +2 buckler
 81382 | Pan      | Noticed an Ice Fiend
 81394 | Pan      | Identified a +0 war axe
 81394 | Pan      | Identified a +0 ring mail
 81394 | Pan      | Identified a +0 great mace
 81394 | Pan      | Identified a +0 scale mail
 81394 | Pan      | Identified a +0 great mace
 81394 | Pan      | Identified a +0 ring mail
 81399 | Pan      | Identified a +0 great mace
 81399 | Pan      | Identified a +0 falchion
 81399 | Pan      | Identified a +0 scale mail
 81399 | Pan      | Identified a +0 war axe
 81399 | Pan      | Identified a +0 scale mail
 81406 | Pan      | Redear: и за этого доброго упыря ауру абжуракии непрокачаь
 81409 | Pan      | Redear: а не она онли самонинг
 81409 | Pan      | Redear: же
 81415 | Pan      | Learned a level 5 spell: Aura of Abjuration
 81555 | Pan      | Reached skill level 1 in Summonings
 81584 | Pan      | Identified a +0 scale mail
 81587 | Pan      | Identified a +0 morningstar
 81587 | Pan      | Identified a +0 ring mail
 81589 | Pan      | Identified a +2 demon whip of venom
 81589 | Pan      | Identified a +0 arbalest of velocity
 81589 | Pan      | Identified +2 fire dragon scales
 81592 | Pan      | Identified a +0 demon blade
 81592 | Pan      | Identified a +0 chain mail
 81606 | Pan      | Reached skill level 2 in Summonings
 81800 | Pan      | Identified an amulet of reflection (You found it in
                  | Pandemonium)
 81821 | Pan      | Reached skill level 3 in Summonings
 82169 | Pan      | Identified a +0 chain mail
 82169 | Pan      | Identified a +1 shield of poison resistance
 82169 | Pan      | Identified a +0 ring mail
 82170 | Pan      | Identified a +0 glaive
 82170 | Pan      | Identified a +0 chain mail
 82187 | Pan      | Reached skill level 4 in Summonings
 82213 | Pan      | Identified a +0 demon trident of pain
 82213 | Pan      | Identified a cursed +0 scale mail
 82216 | Pan      | Identified a +0 demon whip
 82216 | Pan      | Identified a +0 scale mail
 82219 | Pan      | Noticed Hutam the pandemonium lord
 82219 | Pan      | Identified a +2 scythe of venom
 82219 | Pan      | Identified a +2 demon trident of freezing
 82219 | Pan      | Identified a cursed +0 plate armour
 82219 | Pan      | Identified a +0 large shield of protection
 82246 | Pan      | Killed Hutam the pandemonium lord
 82267 | Pan      | Reached skill level 5 in Summonings
 82551 | Pan      | Identified a +0 plate armour
 82551 | Pan      | Identified a +0 buckler
 82834 | Pan      | Identified a +0 demon whip
 82834 | Pan      | Identified a +0 plate armour
 82870 | Pan      | Identified a +2 scythe of slicing
 82887 | Pan      | Noticed a Brimstone Fiend
 82892 | Pan      | Reached skill level 6 in Summonings
 82897 | Pan      | Identified a +1 demon whip of venom
 82902 | Pan      | Noticed Erghuc the pandemonium lord
 82904 | Pan      | Killed a Brimstone Fiend
 82910 | Pan      | Redear: бреж какойто а не спсобность)
 82922 | Pan      | Identified a +1 scythe of freezing
 82927 | Pan      | Redear: у него квиксливер болт
 82927 | Pan      | Redear: это пизда рулю
 82930 | Pan      | Killed Erghuc the pandemonium lord
 83147 | Depths:4 | Escaped Pandemonium
 83446 | Temple   | Fell from the grace of Zin
 83446 | Temple   | Became a worshipper of the Shining One
 83446 | Temple   | Reached * piety under the Shining One
 83446 | Temple   | Reached ** piety under the Shining One
 83446 | Temple   | Reached *** piety under the Shining One
 83918 | Pan      | Entered the realm of Cerebov.
 83918 | Pan      | Entered Pandemonium
 83918 | Pan      | Identified a +0 demon whip of venom
 83918 | Pan      | Identified a +0 demon whip of draining
 83918 | Pan      | Identified a +1 demon whip of draining
 83918 | Pan      | Identified the +6 sword of Cerebov {flame}
 83918 | Pan      | Noticed Cerebov
 83918 | Pan      | Identified a +0 demon whip
 83919 | Pan      | Redear: да ну нахуй
 83919 | Pan      | Redear: ебаный бред
 83921 | Pan      | Noticed a Brimstone Fiend
 83927 | Pan      | Redear: это смешно?
 83927 | Pan      | Redear: wtf
 83929 | Pan      | Identified a +2 demon whip of electrocution
 83932 | Pan      | Redear: ахааа
 83948 | Pan      | Identified a +2 scimitar of flaming
 83948 | Pan      | Reached **** piety under the Shining One
 84128 | Pan      | Reached skill level 7 in Summonings
 84129 | Pan      | Identified a +2 demon whip of venom
 84213 | Pan      | Identified a +0 scimitar of flaming
 84454 | Pan      | Identified a +2 demon whip of freezing
 84471 | Pan      | Identified a +1 scimitar of flaming
 84474 | Pan      | Reached ***** piety under the Shining One
 84524 | Pan      | Identified a +1 scimitar of flaming
 84692 | Pan      | Identified a +1 demon trident of flaming
 84702 | Pan      | Identified a +1 demon whip of pain
 84752 | Pan      | Reached skill level 8 in Summonings
 84793 | Pan      | Identified a +1 scimitar of flaming
 84814 | Pan      | Identified a +4 vampiric scythe
 84814 | Pan      | Identified the cursed ring "Bochoij" {EV-4 Str+3 Int+2}
 85000 | Pan      | Identified the cursed +1 lajatang "Hydra's Demise" {drain,
                  | Str+6}
 85000 | Pan      | Identified a +0 demon whip
 85011 | Pan      | Identified a +2 demon whip of pain
 85011 | Pan      | Identified a +2 trident of flaming
 85011 | Pan      | Identified a +0 trident
 85011 | Pan      | Identified a +5 trident
 85120 | Pan      | Got an ichor-stained hand axe
 85131 | Pan      | Identified the +2 hand axe "Qix Ceeng" {speed, rC+ rN+ MP-9
                  | Str+3} (You found it in Pandemonium)
 85135 | Pan      | Noticed a Brimstone Fiend
 85147 | Pan      | Killed a Brimstone Fiend
 85169 | Pan      | Got a brightly glowing halberd
 85171 | Pan      | Identified the +3 halberd "Dauthaxa" {flame, rF+ Str-2
                  | Int+3} (You found it in Pandemonium)
 85355 | Pan      | Identified a +1 demon whip of venom
 85390 | Pan      | Reached skill level 9 in Summonings
 85410 | Pan      | Killed a Brimstone Fiend
 85522 | Pan      | Identified Tehanoto's Almanac of Fetching Creation
 85600 | Pan      | Killed Cerebov
 85600 | Pan      | Reached skill level 10 in Summonings
 85846 | Pan      | Identified a +2 demon whip of venom
 85848 | Pan      | Identified a +2 antimagic trident
 85848 | Pan      | Identified a +0 trident
 85849 | Pan      | Identified a +0 trident
 85879 | Pan      | Got a fiery rune of Zot
 85908 | Pan      | Noticed a Brimstone Fiend
 85916 | Pan      | Killed a Brimstone Fiend
 85918 | Pan      | Identified a +0 trident
 85918 | Pan      | Identified a +2 demon whip of venom
 85919 | Pan      | Identified a +2 trident of venom
 85999 | Pan      | Reached ****** piety under the Shining One
 86054 | Pan      | Identified a +0 trident
 86054 | Pan      | Identified a +0 demon whip of draining
 86055 | Pan      | Identified a +0 trident
 86115 | Pan      | Identified a +9 broad axe of holy wrath (a +9 broad axe of
                  | flaming blessed by the Shining One)
 86115 | Pan      | Received a gift from the Shining One
 86306 | Pan      | Found a runed translucent door.
 86309 | Pan      | Identified a +0 mace
 86309 | Pan      | Identified a +0 plate armour
 86309 | Pan      | Identified a +0 demon blade
 86309 | Pan      | Identified a +0 leather armour
 86310 | Pan      | Identified a +4 demon blade of freezing
 86310 | Pan      | Identified a +0 plate armour
 86317 | Pan      | Identified a +0 long sword
 86317 | Pan      | Identified a +0 scale mail
 86359 | Pan      | Identified a +0 long sword
 86359 | Pan      | Identified a +0 leather armour
 86491 | Pan      | Identified a +2 longbow of freezing
 86491 | Pan      | Identified a +1 plate armour of positive energy
 86493 | Pan      | Gained mutation: Potions are less effective at restoring
                  | your health. [a neqoxec]
 86495 | Pan      | Identified a +4 scimitar of holy wrath
 86495 | Pan      | Identified a +0 large shield
 86501 | Pan      | Identified a +0 dagger
 86501 | Pan      | Identified a +2 robe of magic resistance
 86537 | Pan      | Noticed Joll the pandemonium lord
 86554 | Pan      | Killed Joll the pandemonium lord
 86563 | Pan      | Reached skill level 18 in Invocations
 86567 | Pan      | Entered the realm of Gloorx Vloq.
 86742 | Pan      | Noticed a curse skull
 86744 | Pan      | Noticed a curse skull
 86749 | Pan      | Identified a +1 whip of holy wrath
 86749 | Pan      | Identified a +0 robe
 86752 | Pan      | Identified a +4 eudemon blade of holy wrath
 86752 | Pan      | Identified a +0 large shield
 86754 | Pan      | Killed a curse skull
 86755 | Pan      | Killed a curse skull
 86847 | Pan      | Noticed Gloorx Vloq
 86850 | Pan      | Identified a +2 long sword of holy wrath
 86850 | Pan      | Identified a +0 large shield
 86862 | Pan      | Killed Gloorx Vloq
 86894 | Pan      | Got a dark rune of Zot
 86916 | Pan      | Reached skill level 19 in Invocations
 87383 | Pan      | Identified a +2 whip of holy wrath
 87383 | Pan      | Identified a +0 robe
 87405 | Pan      | Identified a +2 demon trident of venom
 87405 | Pan      | Identified a +1 chain mail of fire resistance
 87408 | Pan      | Identified a +2 demon whip of draining
 87408 | Pan      | Identified a +0 chain mail
 87408 | Pan      | Identified a +0 scale mail
 87459 | Pan      | Identified a +0 scimitar
 87459 | Pan      | Identified a +0 chain mail
 87508 | Pan      | Identified a +2 demon whip of venom
 87508 | Pan      | Identified a +0 scale mail
 87509 | Pan      | Noticed Lymo the pandemonium lord
 87509 | Pan      | Noticed an Ice Fiend
 87510 | Pan      | Noticed an Ice Fiend
 87510 | Pan      | Identified a +0 mace
 87510 | Pan      | Identified a +0 scale mail
 87511 | Pan      | Identified a +0 trident
 87511 | Pan      | Identified a +0 leather armour
 87513 | Pan      | Killed an Ice Fiend
 87522 | Pan      | HP: 56/250 [Ice Fiend/bolt of cold (17)]
 87524 | Pan      | Killed Lymo the pandemonium lord
 87526 | Pan      | TheNamelessOne: a-b
 87531 | Pan      | Killed an Ice Fiend
 87796 | Pan      | Redear: jyf yt[thf yt lfvf;bn gjrf
 87796 | Pan      | Redear: не домажит пока
 87809 | Pan      | Identified a +5 scimitar of holy wrath
 87809 | Pan      | Identified a cursed +0 large shield
 87823 | Pan      | Identified a +0 halberd
 87823 | Pan      | Identified a +0 ring mail
 87826 | Pan      | Gained mutation: Your mind is acute. (Int +2) [a neqoxec]
 87829 | Pan      | Reached skill level 20 in Invocations
 87830 | Pan      | Identified a +1 whip of holy wrath
 87830 | Pan      | Identified a cursed +0 robe
 87832 | Pan      | Gained mutation: Your body sometimes deteriorates upon
                  | taking damage. [a neqoxec]
 87864 | Pan      | Found an exit through the horrors of the Abyss.
 87872 | Pan      | Identified a +0 demon blade of electrocution
 87872 | Pan      | Identified a +0 scale mail
 87874 | Pan      | Identified a +0 vampiric demon blade
 87874 | Pan      | Identified a +0 scale mail
 87874 | Pan      | Identified a +0 quarterstaff
 87874 | Pan      | Identified a +0 robe
 87874 | Pan      | Identified a +0 dagger
 87874 | Pan      | Identified a +0 robe of magic resistance
 87983 | Pan      | Entered the realm of Lom Lobon.
 88007 | Pan      | Identified a +0 dagger
 88007 | Pan      | Identified a +0 robe
 88007 | Pan      | Identified a +0 dagger
 88007 | Pan      | Identified a +0 robe
 88020 | Pan      | Identified a +2 dagger of electrocution
 88020 | Pan      | Identified a +0 robe
 88117 | Pan      | Identified a +5 scimitar of holy wrath
 88117 | Pan      | Identified a +2 large shield
 88118 | Pan      | Identified a +2 scimitar of holy wrath
 88118 | Pan      | Identified a +0 large shield
 88119 | Pan      | Identified a +3 scimitar of holy wrath
 88119 | Pan      | Identified a +0 large shield
 88133 | Pan      | Identified a +0 long sword
 88133 | Pan      | Identified a +0 short sword
 88133 | Pan      | Identified a +0 leather armour
 88190 | Pan      | Identified a +0 rapier
 88190 | Pan      | Identified a +0 cloak
 88190 | Pan      | Identified a +0 dagger
 88190 | Pan      | Identified a +0 cloak
 88200 | Pan      | Identified a +0 long sword
 88200 | Pan      | Identified a +0 cloak
 88352 | Pan      | Noticed Lom Lobon
 88368 | Pan      | HP: 55/250 [Lom Lobon/great icy blast (49)]
 88990 | Pan      | Killed Lom Lobon
 88990 | Pan      | Reached skill level 21 in Invocations
 89042 | Pan      | Got a magical rune of Zot
 89160 | Pan      | Identified +0 storm dragon scales
 89294 | Pan      | Identified a +0 chain mail
 89352 | Pan      | Identified a cursed +0 chain mail
 89352 | Pan      | Identified a +0 shield
 89354 | Pan      | Identified a +0 spear
 89354 | Pan      | Identified a +0 robe
 89355 | Pan      | Identified a +0 battleaxe
 89355 | Pan      | Identified a +0 plate armour
 89355 | Pan      | Identified a +0 scale mail
 89356 | Pan      | Identified a +0 dire flail
 89356 | Pan      | Identified a +2 whip of holy wrath
 89356 | Pan      | Identified a +0 robe
 89363 | Pan      | Gained mutation: Scrolls take you a little longer to read.
                  | [a cacodemon]
 89515 | Pan      | Noticed a Tzitzimitl
 89523 | Pan      | HP: 46/250 [??? (22)]
 89524 | Pan      | Killed a Tzitzimitl
 89798 | Pan      | Identified a +0 vampiric demon whip
 89808 | Pan      | Identified a +0 leather armour
 89811 | Pan      | Identified a +0 chain mail
 89811 | Pan      | Identified a +0 demon trident of draining
 89811 | Pan      | Identified a +0 ring mail
 89816 | Pan      | Identified a +0 quarterstaff
 89816 | Pan      | Identified a +0 robe
 89891 | Pan      | Entered the realm of Mnoleg.
 89893 | Pan      | Noticed Mnoleg
 89894 | Pan      | Paralysed by a floating eye for 4 turns
 89903 | Pan      | Got a glowing rune of Zot
 89907 | Pan      | Paralysed by a floating eye for 3 turns
 89915 | Pan      | Paralysed by a floating eye for 2 turns
 89921 | Pan      | Paralysed by a floating eye for 3 turns
 89932 | Pan      | Killed Mnoleg
 89932 | Pan      | Reached skill level 22 in Invocations
 89932 | Pan      | Paralysed by a floating eye for 2 turns
 89939 | Pan      | Found an exit through the horrors of the Abyss.
 89975 | Pan      | Gained mutation: Your body often deteriorates upon taking
                  | damage. [a cacodemon]
 90120 | Pan      | Noticed a Brimstone Fiend
 90120 | Pan      | Identified a +0 scimitar
 90120 | Pan      | Identified a +0 plate armour
 90121 | Pan      | Identified a +1 plate armour of poison resistance
 90121 | Pan      | Identified a +1 shield of positive energy
 90124 | Pan      | Identified a +0 trident
 90124 | Pan      | Identified a +0 demon trident
 90124 | Pan      | Identified a +2 chain mail of magic resistance
 90126 | Pan      | Noticed an Ice Fiend
 90133 | Pan      | Identified a +2 demon whip of venom
 90137 | Pan      | Identified a +0 morningstar
 90137 | Pan      | Identified a +0 chain mail
 90142 | Pan      | Identified a +2 demon whip of freezing
 90142 | Pan      | Identified a +0 plate armour
 90143 | Pan      | Identified a cursed -3 great sword
 90143 | Pan      | Identified a +0 ring mail
 90148 | Pan      | Found a transporter.
 90213 | Pan      | Identified a +0 dagger
 90213 | Pan      | Identified a +0 robe
 90214 | Pan      | Identified a +3 demon whip of draining
 90244 | Pan      | Identified a +0 halberd
 90244 | Pan      | Identified a +0 scale mail
 90245 | Pan      | Identified a +1 antimagic demon trident
 90245 | Pan      | Identified a +0 plate armour
 90246 | Pan      | Identified a +0 demon whip
 90246 | Pan      | Identified a +0 chain mail
 90248 | Pan      | Gained mutation: Scrolls take you longer to read. [a
                  | neqoxec]
 90252 | Pan      | Identified a +2 long sword of holy wrath
 90252 | Pan      | Identified a +0 large shield
 90253 | Pan      | Identified a +0 battleaxe of chopping
 90253 | Pan      | Identified a +0 arbalest of freezing
 90253 | Pan      | Identified a +0 chain mail
 90255 | Pan      | Identified a +0 demon blade of venom
 90255 | Pan      | Identified a +0 leather armour
 90255 | Pan      | Identified a +0 buckler
 90292 | Pan      | Identified a +3 antimagic scythe
 90294 | Pan      | Identified a +0 scythe of slicing
 90294 | Pan      | Identified a +3 scythe of venom
 90294 | Pan      | Identified a +0 scythe of slicing
 90513 | Pan      | Identified a +2 sacred scourge of holy wrath
 90513 | Pan      | Identified a +0 robe
 90518 | Pan      | Identified a +3 whip of holy wrath
 90518 | Pan      | Identified a +0 robe
 90533 | Pan      | Identified a +2 scythe of flaming
 90553 | Pan      | Gained mutation: Scrolls take you much longer to read. [a
                  | cacodemon]
 90618 | Pan      | Identified a +0 demon whip of draining
 90622 | Pan      | Identified a +0 trident
 90869 | Pan      | Reached skill level 22 in Fighting
 90917 | Pan      | Identified a +2 hat (You acquired it in Pandemonium)
 90961 | Pan      | Noticed an Ice Fiend
 90968 | Pan      | Killed an Ice Fiend
 91310 | Pan      | Identified a +0 great sword
 91310 | Pan      | Identified a +0 scale mail
 91310 | Pan      | Noticed Nemokati the pandemonium lord
 91310 | Pan      | Identified a +1 long sword of slicing
 91310 | Pan      | Identified a +0 ring mail
 91325 | Pan      | Killed Nemokati the pandemonium lord
 91337 | Pan      | Got a demonic rune of Zot
 91339 | Pan      | Redear: локацая с ангелами
 91339 | Pan      | Redear: она ж без руны
 91339 | Pan      | TheNamelessOne: c heyjq
 91339 | Pan      | TheNamelessOne: с руной
 91339 | Pan      | Redear: и где она тут
 91339 | Pan      | TheNamelessOne: но ты её уже нашёл
 91339 | Pan      | TheNamelessOne: только что
 91339 | Pan      | Redear: ясно)
 91382 | Pan      | Noticed a Brimstone Fiend
 91387 | Pan      | Killed a Brimstone Fiend
 91611 | Pan      | Found a transporter.
 91611 | Pan      | Identified a +0 ring mail
 91611 | Pan      | Identified a +3 demon whip
 91613 | Pan      | Redear: втф
 91613 | Pan      | TheNamelessOne: лол
 91613 | Pan      | TheNamelessOne: впервые вижу такое
 91613 | Pan      | TheNamelessOne: скринь
 91613 | Pan      | Redear: отправил в группу
 91619 | Pan      | Identified a +3 whip of holy wrath
 91619 | Pan      | Identified a +0 robe
 91623 | Pan      | Identified a +3 falchion of flaming
 91623 | Pan      | Identified a +0 hunting sling
 91623 | Pan      | Identified a +0 robe
 91623 | Pan      | Identified a +0 buckler
 91623 | Pan      | Identified a +3 whip of holy wrath
 91623 | Pan      | Identified a +0 robe
 91628 | Pan      | Identified a +0 demon trident
 91628 | Pan      | Identified a +0 ring mail
 91628 | Pan      | Identified a +0 demon blade
 91628 | Pan      | Identified a +0 plate armour
 91628 | Pan      | Identified a +0 buckler
 91628 | Pan      | Identified a +0 leather armour
 91628 | Pan      | Identified a +0 chain mail
 91628 | Pan      | Identified a +0 halberd
 91628 | Pan      | Identified a +0 leather armour
 91628 | Pan      | Identified a +0 ring mail
 91628 | Pan      | Identified a +0 great sword
 91628 | Pan      | Identified a +0 chain mail
 91628 | Pan      | Identified a +0 demon trident of draining
 91628 | Pan      | Identified a +0 scale mail
 91628 | Pan      | Identified a +0 great sword
 91628 | Pan      | Identified a +0 scale mail
 91633 | Pan      | Identified a +0 flail
 91633 | Pan      | Identified a +0 falchion
 91633 | Pan      | Identified a +0 ring mail
 91644 | Pan      | Identified a +0 mace
 91644 | Pan      | Identified a +0 ring mail
 91672 | Pan      | Got a pitted ivory ring
 91677 | Pan      | Identified the ring "Vygor" {rPois Str+8 Int+3} (You found
                  | it in Pandemonium)
 91702 | Pan      | Got a clouded copper ring
 91708 | Pan      | Identified the ring of Yziyssug {rC+ Int+2} (You found it
                  | in Pandemonium)
 91721 | Pan      | Identified a +0 morningstar
 91721 | Pan      | Identified a +0 scale mail
 91721 | Pan      | Identified a +1 shield of protection
 91721 | Pan      | Identified a +0 scimitar
 91721 | Pan      | Identified a +0 ring mail
 91725 | Pan      | Identified a +0 demon whip of venom
 91726 | Pan      | Identified a +1 demon trident of electrocution
 91745 | Pan      | Gained mutation: Your magical capacity is very low. (-20%
                  | MP) [a cacodemon]
 91798 | Pan      | Reached skill level 23 in Fighting
 91802 | Pan      | Identified a +0 demon trident of electrocution
 91802 | Pan      | Identified a +0 leather armour
 91804 | Pan      | Identified a +0 trident
 91806 | Pan      | Identified a +3 demon whip
 91806 | Pan      | Identified a +0 scale mail
 91806 | Pan      | Identified a +0 scale mail
 91876 | Pan      | Identified a +0 demon whip of flaming
 91876 | Pan      | Identified a +0 scale mail
 91914 | Pan      | Redear: выход еще сложнее найти
 91914 | Pan      | Redear: чем руны)
 91914 | Pan      | TheNamelessOne: изи же
 91935 | Pan      | TheNamelessOne: он почти в каждом реалме есть
 91937 | Pan      | TheNamelessOne: через бездну
 91938 | Pan      | Identified a +1 glaive of protection
 91938 | Pan      | Identified a +0 plate armour
 91938 | Pan      | Identified a +0 scythe of freezing
 91939 | Pan      | Identified the +10 spear of Demonkind {pierce, rN+}
 91939 | Pan      | Identified a cursed +0 plate armour
 91940 | Pan      | Noticed Amofil the pandemonium lord
 91954 | Pan      | Identified a +2 demon trident of venom
 91954 | Pan      | Identified a +0 plate armour
 91954 | Pan      | Identified a +0 buckler
 91966 | Pan      | Identified a +1 demon blade of flaming
 91966 | Pan      | Identified a +3 chain mail of fire resistance
 91966 | Pan      | Identified a +1 large shield of reflection
 91997 | Pan      | Noticed a Tzitzimitl
 92006 | Pan      | TheNamelessOne: иди в теле
 92026 | Pan      | Identified a +0 great sword
 92026 | Pan      | Identified a +0 chain mail
 92026 | Pan      | Noticed an Ice Fiend
 92026 | Pan      | Identified a +1 demon whip of venom
 92026 | Pan      | Identified a +0 trident
 92026 | Pan      | Identified a +2 antimagic trident
 92027 | Pan      | Noticed Dakhigg the pandemonium lord
 92031 | Pan      | Redear: чет я устал
 92031 | Pan      | Redear: разруливаем и спать
 92031 | Pan      | TheNamelessOne: как уладишь - читай маппинг
 92031 | Pan      | Redear: у меня долгий скрол
 92031 | Pan      | Redear: я пока читал тп
 92031 | Pan      | Redear: меня чуть не били
 92031 | Pan      | Redear: убили
 92031 | Pan      | Redear: по мне так нужна хаста
 92031 | Pan      | Redear: отойду в туалет
 92031 | Pan      | TheNamelessOne: я спать
 92031 | Pan      | TheNamelessOne: гуднайт
 92031 | Pan      | HP: 55/259 [balrug/divine providence (13)]
 92036 | Pan      | Identified a +0 great sword
 92036 | Pan      | Identified a +0 chain mail
 92049 | Pan      | Killed an Ice Fiend
 92050 | Pan      | Identified a +2 halberd of chopping
 92050 | Pan      | Identified a +0 robe
 92051 | Pan      | Noticed a Tzitzimitl
 92051 | Pan      | Identified a +0 dire flail
 92051 | Pan      | Identified a +0 leather armour
 92051 | Pan      | Identified a cursed -2 mace
 92051 | Pan      | Identified a +0 plate armour
 92051 | Pan      | Identified a +0 mace
 92051 | Pan      | Identified a +0 chain mail
 92052 | Pan      | Identified a +0 eveningstar
 92052 | Pan      | Identified a +0 chain mail
 92053 | Pan      | Identified a +1 sacred scourge of holy wrath
 92053 | Pan      | Identified a +0 robe
 92054 | Pan      | Identified a +1 whip of holy wrath
 92054 | Pan      | Identified a +0 robe
 92055 | Pan      | Identified a +1 sacred scourge of holy wrath
 92055 | Pan      | Identified a +0 robe
 92058 | Pan      | Identified a +0 trident
 92058 | Pan      | Identified a +0 chain mail
 92060 | Pan      | Killed Dakhigg the pandemonium lord
 92065 | Pan      | Identified a +3 demon blade of electrocution
 92065 | Pan      | Identified a +0 scale mail
 92070 | Pan      | Identified a +3 demon blade
 92070 | Pan      | Identified a +0 leather armour
 92144 | Pan      | Noticed a Brimstone Fiend
 92152 | Pan      | Killed a Brimstone Fiend
 92152 | Pan      | Reached skill level 24 in Fighting
 92395 | Pan      | Identified a +4 scimitar of holy wrath
 92395 | Pan      | Identified a cursed +0 large shield
 92404 | Pan      | Identified a +0 trident
 92420 | Pan      | Identified a +0 scale mail
 92552 | Pan      | Identified a +0 trident
 92553 | Pan      | Identified a +1 demon whip of venom
 92557 | Pan      | Identified a +0 scale mail
 92557 | Pan      | Identified a +2 morningstar of protection
 92557 | Pan      | Identified a +0 chain mail
 92569 | Pan      | Identified a +2 whip of holy wrath
 92569 | Pan      | Identified a +0 robe
 92569 | Pan      | Identified a +0 morningstar
 92569 | Pan      | Identified a +0 ring mail
 92570 | Pan      | Identified a +3 sacred scourge of holy wrath
 92570 | Pan      | Identified a +0 robe
 92590 | Pan      | Noticed a Brimstone Fiend
 92596 | Pan      | Killed a Brimstone Fiend
 92597 | Pan      | Noticed Suvvuxt the pandemonium lord
 92608 | Pan      | Killed Suvvuxt the pandemonium lord
 92609 | Pan      | Identified a +0 trident
 92611 | Pan      | Identified a +0 trident
 92611 | Pan      | Identified a +0 robe
 92628 | Pan      | Got a steaming falchion
 92701 | Pan      | Found an exit through the horrors of the Abyss.
 92708 | Pan      | Took an exit into the Abyss.
 92708 | Abyss:1  | Escaped into the Abyss
 92844 | Depths:3 | Escaped the Abyss
 92847 | Depths:3 | wingboner: Ты чего на диете?
 92949 | Hell     | Entered the Vestibule of Hell
 92949 | Hell     | Noticed Geryon
 92951 | Hell     | Identified a +2 scimitar of holy wrath
 92951 | Hell     | Identified a +0 large shield
 92952 | Hell     | Identified a +5 scimitar of holy wrath
 92952 | Hell     | Identified a cursed +0 large shield
 92953 | Hell     | Identified a +0 scythe of protection
 92972 | Hell     | Killed Geryon
 93061 | Hell     | Reached skill level 25 in Fighting
 93066 | Hell     | Found a gateway to the Iron City of Dis.
 93147 | Hell     | Identified a +0 trident
 93153 | Hell     | Reached skill level 1 in Spellcasting
 93153 | Hell     | Identified a +0 trident
 93155 | Hell     | Identified a +2 long sword
 93157 | Hell     | Identified a +0 demon whip of venom
 93160 | Hell     | Identified a +0 trident
 93160 | Hell     | Identified a +2 scythe of freezing
 93163 | Hell     | Identified a +0 scimitar
 93179 | Hell     | Identified a +0 demon whip of draining
 93182 | Hell     | Identified a +0 dagger
 93182 | Hell     | Identified a +0 robe
 93183 | Hell     | Reached skill level 2 in Spellcasting
 93186 | Hell     | Found a gateway to the ashen valley of Gehenna.
 93204 | Hell     | Identified a +0 trident
 93205 | Hell     | Identified a +0 scimitar
 93207 | Hell     | Identified a +0 scythe of venom
 93210 | Hell     | Identified a +3 great mace
 93210 | Hell     | Identified a +0 chain mail
 93212 | Hell     | Identified a +0 glaive
 93214 | Hell     | Identified a +0 battleaxe of draining
 93214 | Hell     | Identified a +0 chain mail
 93214 | Hell     | Identified a +0 battleaxe
 93215 | Hell     | Identified a +0 flail
 93228 | Hell     | Identified a +0 trident
 93228 | Hell     | Identified a cursed -3 dire flail
 93233 | Hell     | Reached skill level 3 in Spellcasting
 93233 | Hell     | Identified a +1 scythe of venom
 93236 | Hell     | Reached skill level 11 in Summonings
 93236 | Hell     | Identified a +1 war axe of venom
 93238 | Hell     | Identified a +0 war axe
 93240 | Hell     | Identified a +1 antimagic scythe
 93243 | Hell     | Identified a +0 mace
 93250 | Hell     | Identified a +0 hand axe
 93265 | Hell     | Identified a +0 hand axe
 93335 | Hell     | Found a gateway to the decaying netherworld of Tartarus.
 93444 | Hell     | Found a gateway to the freezing wastes of Cocytus.
 93621 | Geh:1    | Entered Level 1 of Gehenna
 93630 | Geh:1    | Identified a +2 sacred scourge of holy wrath
 93630 | Geh:1    | Identified a +0 robe
 93638 | Geh:1    | Reached skill level 4 in Spellcasting
 93714 | Geh:2    | Identified a cursed +5 great sword of freezing
 93714 | Geh:2    | Identified a +0 robe
 93715 | Geh:2    | Identified a +0 spear
 93715 | Geh:2    | Identified a +0 robe
 93716 | Geh:2    | Identified a +3 whip of holy wrath
 93716 | Geh:2    | Identified a +0 robe
 93716 | Geh:2    | Identified a cursed +4 mace
 93716 | Geh:2    | Identified a +0 robe
 93717 | Geh:2    | Identified a +0 dagger
 93717 | Geh:2    | Identified a +0 robe
 93734 | Geh:2    | Identified a +3 scythe of venom
 93751 | Geh:3    | Identified a +1 scimitar of flaming
 93784 | Geh:3    | Identified a cursed -2 dagger
 93784 | Geh:3    | Identified a +0 robe
 93795 | Geh:3    | Identified a +5 battleaxe
 93795 | Geh:3    | Identified a +0 robe
 93801 | Geh:3    | Identified a cursed +3 hand axe
 93801 | Geh:3    | Identified a +0 robe
 93802 | Geh:3    | Identified a +0 falchion
 93802 | Geh:3    | Identified a +0 robe
 93846 | Geh:4    | Identified a +0 hand axe
 93846 | Geh:4    | Identified a +0 flail
 93846 | Geh:4    | Identified a +0 scale mail
 93856 | Geh:4    | Identified a cursed +4 trident
 93856 | Geh:4    | Identified a +0 robe
 93856 | Geh:4    | Identified a cursed +0 halberd
 93856 | Geh:4    | Identified a +0 robe
 93856 | Geh:4    | Identified a cursed +0 dagger
 93856 | Geh:4    | Identified a +0 robe
 93856 | Geh:4    | Identified a cursed +3 morningstar
 93856 | Geh:4    | Identified a +0 robe
 93870 | Geh:4    | Identified a +3 scimitar of freezing
 93870 | Geh:4    | Identified a +0 robe
 93870 | Geh:4    | Identified a cursed +3 dagger of freezing
 93870 | Geh:4    | Identified a +0 robe
 93871 | Geh:4    | Identified a +5 scythe of slicing
 93873 | Geh:4    | Identified a +0 falchion
 93873 | Geh:4    | Identified a +0 robe
 93873 | Geh:4    | Identified a cursed +5 war axe
 93873 | Geh:4    | Identified a +0 robe of cold resistance
 93875 | Geh:4    | Noticed a lich
 93875 | Geh:4    | Identified a +0 flail
 93875 | Geh:4    | Identified a +0 robe
 93882 | Geh:4    | Killed a lich
 93908 | Geh:5    | Identified a +5 trident
 93908 | Geh:5    | Identified a +1 demon whip of pain
 93981 | Geh:5    | Reached skill level 5 in Spellcasting
 93997 | Geh:5    | Identified a +2 scythe of freezing
 93997 | Geh:5    | Identified a +4 scimitar of flaming
 94045 | Geh:6    | Identified a +4 scythe of protection
 94078 | Geh:6    | Identified a +4 eudemon blade of holy wrath
 94078 | Geh:6    | Identified a +0 large shield
 94080 | Geh:6    | Identified a +0 trident of protection
 94086 | Geh:6    | Identified a +2 war axe
 94086 | Geh:6    | Identified a +0 chain mail
 94086 | Geh:6    | Identified a +0 dagger
 94086 | Geh:6    | Identified a +0 robe
 94086 | Geh:6    | Identified a +2 demon whip of distortion
 94086 | Geh:6    | Identified a +0 plate armour
 94089 | Geh:6    | Lost mutation: Scrolls take you much longer to read.
                  | [potion of mutation]
 94089 | Geh:6    | Lost mutation: Potions are less effective at restoring your
                  | health. [potion of mutation]
 94089 | Geh:6    | Gained mutation: You are somewhat resistant to further
                  | mutation. [potion of mutation]
 94089 | Geh:6    | Gained mutation: You passively map a small area around you.
                  | [potion of mutation]
 94090 | Geh:6    | Lost mutation: You passively map a small area around you.
                  | [potion of mutation]
 94090 | Geh:6    | Lost mutation: Scrolls take you longer to read. [potion of
                  | mutation]
 94090 | Geh:6    | Lost mutation: Your mind is acute. (Int +2) [potion of
                  | mutation]
 94090 | Geh:6    | Lost mutation: You are somewhat resistant to further
                  | mutation. [potion of mutation]
 94090 | Geh:6    | Gained mutation: You are clumsy. (Dex -2) [potion of
                  | mutation]
 94090 | Geh:6    | Gained mutation: Your flesh is heat resistant. (rF+)
                  | [potion of mutation]
 94090 | Geh:6    | Gained mutation: Your muscles are strong. (Str +2) [potion
                  | of mutation]
 94090 | Geh:6    | Identified a +2 demon blade
 94090 | Geh:6    | Identified a +0 plate armour
 94090 | Geh:6    | Identified a +0 dagger
 94090 | Geh:6    | Identified a +0 robe
 94112 | Geh:6    | Identified a +1 scythe of slicing
 94113 | Geh:6    | Identified a +4 great sword
 94113 | Geh:6    | Identified a +0 plate armour
 94159 | Geh:6    | Identified a +2 scythe of venom
 94212 | Geh:6    | Noticed a Brimstone Fiend
 94215 | Geh:6    | Killed a Brimstone Fiend
 94337 | Geh:6    | Identified a +0 trident
 94342 | Geh:6    | Reached skill level 12 in Summonings
 94388 | Geh:6    | Noticed a Brimstone Fiend
 94390 | Geh:6    | Killed a Brimstone Fiend
 94415 | Geh:6    | Identified a cursed +0 dagger
 94415 | Geh:6    | Identified a +0 robe
 94415 | Geh:6    | Identified a cursed +0 scimitar
 94415 | Geh:6    | Identified a +0 robe
 94417 | Geh:6    | Identified a +0 spear
 94417 | Geh:6    | Identified a +0 robe
 94440 | Geh:6    | Reached skill level 6 in Spellcasting
 94446 | Geh:7    | Entered Level 7 of Gehenna
 94462 | Geh:7    | Identified a +0 mace
 94483 | Geh:7    | Noticed the Serpent of Hell
 94489 | Geh:7    | Identified a +0 great sword of flaming
 94489 | Geh:7    | Identified a +0 trident
 94494 | Geh:7    | Noticed a Brimstone Fiend
 94496 | Geh:7    | Identified a +0 demon whip
 94497 | Geh:7    | Identified a +5 scimitar of holy wrath
 94497 | Geh:7    | Identified a +2 large shield
 94498 | Geh:7    | Identified a +5 scimitar of holy wrath
 94498 | Geh:7    | Identified a +0 large shield
 94503 | Geh:7    | Identified a +1 trident of flaming
 94503 | Geh:7    | Killed the Serpent of Hell
 94509 | Geh:7    | Killed a Brimstone Fiend
 94599 | Geh:7    | Identified a +0 trident
 94599 | Geh:7    | Identified a +4 vampiric scythe
 94655 | Geh:7    | Identified a +0 spear
 94655 | Geh:7    | Identified a +0 robe
 94655 | Geh:7    | Identified a +4 hand axe
 94655 | Geh:7    | Identified a +0 robe
 94655 | Geh:7    | Identified a cursed +7 falchion
 94655 | Geh:7    | Identified a +0 robe
 94691 | Geh:7    | Noticed a Brimstone Fiend
 94697 | Geh:7    | Identified a +1 demon whip of pain
 94708 | Geh:7    | Killed a Brimstone Fiend
 94811 | Geh:7    | Identified a +0 trident
 94826 | Geh:7    | Identified a +0 trident
 94871 | Geh:7    | Identified a +0 trident
 94875 | Geh:7    | Identified a +0 great sword of flaming
 94891 | Geh:7    | Identified a +0 trident
 94925 | Geh:7    | Reached skill level 7 in Spellcasting
 94932 | Geh:7    | Identified a +0 demon whip of draining
 94932 | Geh:7    | Noticed a Brimstone Fiend
 94938 | Geh:7    | Killed a Brimstone Fiend
 94962 | Geh:7    | Identified the Tome of the Oath and Cold
 94988 | Geh:7    | Noticed a Brimstone Fiend
 94994 | Geh:7    | Killed a Brimstone Fiend
 95065 | Geh:7    | Identified a +0 trident
 95096 | Geh:7    | Identified a +0 great sword of electrocution
 95145 | Geh:7    | Identified a +2 scimitar
 95145 | Geh:7    | Identified a +0 chain mail
 95145 | Geh:7    | Identified a +0 dagger
 95145 | Geh:7    | Identified a +0 robe
 95145 | Geh:7    | Identified a +3 broad axe
 95145 | Geh:7    | Identified a +0 chain mail
 95145 | Geh:7    | Identified a +0 demon trident of piercing
 95145 | Geh:7    | Identified a +0 chain mail
 95145 | Geh:7    | Identified a +3 long sword of draining
 95145 | Geh:7    | Identified a +0 plate armour
 95165 | Geh:7    | Identified a +0 demon whip of electrocution
 95174 | Geh:7    | Got a heavily runed pewter ring
 95175 | Geh:7    | Identified the Catalogue of the Burning Rocks
 95181 | Geh:7    | Identified the ring "Plog" {Int+2 Stlth-} (You found it on
                  | level 7 of Gehenna)
 95182 | Geh:7    | Identified a +4 scythe of venom
 95186 | Geh:7    | Identified a +1 demon whip of venom
 95189 | Geh:7    | Noticed a Brimstone Fiend
 95196 | Geh:7    | Killed a Brimstone Fiend
 95211 | Geh:7    | Identified a +1 demon whip of flaming
 95366 | Geh:7    | Identified the +7 sceptre of Asmodeus
 95366 | Geh:7    | Noticed Asmodeus
 95366 | Geh:7    | Noticed a Brimstone Fiend
 95369 | Geh:7    | Identified a +1 whip of holy wrath
 95369 | Geh:7    | Identified a +0 robe
 95370 | Geh:7    | Identified a +3 eudemon blade of holy wrath
 95370 | Geh:7    | Identified a +0 large shield
 95371 | Geh:7    | Identified a +3 sacred scourge of holy wrath
 95371 | Geh:7    | Identified a +0 robe
 95378 | Geh:7    | Killed a Brimstone Fiend
 95380 | Geh:7    | Identified a +1 scimitar of flaming
 95380 | Geh:7    | Identified a +4 scimitar of flaming
 95382 | Geh:7    | Killed Asmodeus
 95425 | Geh:7    | Identified a +0 flail
 95425 | Geh:7    | Identified a +0 robe
 95428 | Geh:7    | Identified a +0 war axe
 95446 | Geh:7    | Got an obsidian rune of Zot
 95523 | Geh:7    | Identified a +2 flail of protection
 95525 | Geh:7    | Identified a cursed +0 mace
 95530 | Geh:7    | Identified a +0 mace
 95530 | Geh:7    | Identified a +0 mace
 95618 | Coc:1    | Entered Level 1 of Cocytus
 95622 | Coc:1    | Identified a +0 flail
 95625 | Coc:1    | Identified a +0 battleaxe
 95626 | Coc:1    | Identified a +0 glaive
 95634 | Coc:1    | Identified a +0 trident
 95641 | Coc:1    | Identified a +0 short sword
 95798 | Coc:2    | Identified a +0 glaive
 95798 | Coc:2    | Identified a +1 mace of pain
 95800 | Coc:2    | Identified a +0 halberd
 95801 | Coc:2    | Identified a +0 glaive
 95802 | Coc:2    | Identified a cursed -1 scimitar
 95826 | Coc:2    | Reached skill level 26 in Fighting
 95920 | Coc:3    | You fall through a shaft for 2 floors!
 95946 | Coc:5    | Identified a +0 dire flail
 95966 | Coc:6    | Identified a +4 scythe of freezing
 95988 | Coc:7    | Entered Level 7 of Cocytus
 96004 | Coc:7    | Identified +0 ice dragon scales
 96069 | Coc:7    | Identified +0 ice dragon scales
 96171 | Coc:7    | Identified +0 ice dragon scales
 96195 | Coc:7    | Redear: 5 min afk
 96230 | Coc:7    | Identified a +1 battleaxe of freezing
 96230 | Coc:7    | Noticed an Ice Fiend
 96246 | Coc:7    | Identified +0 ice dragon scales
 96247 | Coc:7    | Killed an Ice Fiend
 96248 | Coc:7    | Identified +0 ice dragon scales
 96306 | Coc:7    | Identified a +0 flail
 96309 | Coc:7    | Identified a cursed +0 mace
 96312 | Coc:7    | Identified a +0 flail
 96323 | Coc:7    | Identified a +1 battleaxe of freezing
 96333 | Coc:7    | Identified a +2 sacred scourge of holy wrath
 96333 | Coc:7    | Identified a +0 robe
 96340 | Coc:7    | Identified +0 ice dragon scales
 96342 | Coc:7    | Identified a +3 long sword
 96343 | Coc:7    | Identified +0 ice dragon scales
 96346 | Coc:7    | Reached skill level 27 in Fighting
 96346 | Coc:7    | Reached skill level 1 in Evocations
 96346 | Coc:7    | Identified a +0 short sword
 96347 | Coc:7    | Redear: ??in Germany sit.
 96347 | Coc:7    | beem: I don't have a page labeled in_Germany_sit. in my
                  | learndb.
 96347 | Coc:7    | Redear: ??phantom mirrors
 96347 | Coc:7    | beem: phantom mirrors ~ phantom mirror[1/5]: An evocable -
                  | creates a friendly illusory duplicate of a target monster;
                  | consumed on use. Duration increases with Evocations and
                  | decreases with target's MR (minimum duration is 6). Stacks
                  | in your inventory! For the rakshasa ability, see
                  | {rakshasa[2]}.
 96347 | Coc:7    | Identified a +0 dire flail
 96350 | Coc:7    | Identified +0 ice dragon scales
 96350 | Coc:7    | Noticed an Ice Fiend
 96350 | Coc:7    | Identified a +0 glaive
 96353 | Coc:7    | Identified +0 ice dragon scales
 96353 | Coc:7    | Reached skill level 2 in Evocations
 96354 | Coc:7    | Noticed an Ice Fiend
 96355 | Coc:7    | Identified a cursed +0 short sword
 96366 | Coc:7    | Killed an Ice Fiend
 96366 | Coc:7    | Killed an Ice Fiend
 96371 | Coc:7    | Reached skill level 14 in Throwing
 96433 | Coc:7    | Identified a +0 long sword
 96433 | Coc:7    | Identified a +0 war axe
 96433 | Coc:7    | Identified a +4 scythe of venom
 96435 | Coc:7    | Identified a +1 glaive of protection
 96473 | Coc:7    | Got a pitted silver ring
 96475 | Coc:7    | Got a sparkling pewter ring
 96479 | Coc:7    | Identified the ring "Yvegem" {rC- MR+ Dex+4 Stlth+} (You
                  | found it on level 7 of Cocytus)
 96479 | Coc:7    | TheNamelessOne: ох
 96481 | Coc:7    | Identified the ring "Bycza" {-Tele rN+ MR+ Dex+4} (You
                  | found it on level 7 of Cocytus)
 96481 | Coc:7    | TheNamelessOne: сейчас бы быть осьминогом
 96490 | Coc:7    | Got a brightly glowing golden ring
 96493 | Coc:7    | Identified an amulet of guardian spirit (You found it on
                  | level 7 of Cocytus)
 96495 | Coc:7    | Identified the ring of Hedonism {rCorr Dex+2} (You found it
                  | on level 7 of Cocytus)
 96632 | Coc:7    | Identified a +1 scythe of freezing
 96651 | Coc:7    | Identified a cursed +0 short sword
 96651 | Coc:7    | Identified a +2 halberd of protection
 96656 | Coc:7    | Identified a +0 war axe
 96656 | Coc:7    | Identified a +0 scimitar
 96824 | Coc:7    | Reached skill level 15 in Throwing
 96851 | Coc:7    | Identified a +2 scythe of protection
 96859 | Coc:7    | Noticed an Ice Fiend
 96863 | Coc:7    | Noticed an Ice Fiend
 96870 | Coc:7    | Killed an Ice Fiend
 96870 | Coc:7    | Noticed an Ice Fiend
 96872 | Coc:7    | Noticed an Ice Fiend
 96874 | Coc:7    | Killed an Ice Fiend
 96878 | Coc:7    | Killed an Ice Fiend
 96883 | Coc:7    | Killed an Ice Fiend
 96891 | Coc:7    | Identified a +1 lajatang of electrocution
 96891 | Coc:7    | Noticed Antaeus
 96893 | Coc:7    | Identified a +3 long sword of holy wrath
 96893 | Coc:7    | Identified a +0 large shield
 96894 | Coc:7    | Identified a +2 whip of holy wrath
 96894 | Coc:7    | Identified a +0 robe
 96895 | Coc:7    | Identified a +3 scimitar of holy wrath
 96895 | Coc:7    | Identified a +2 large shield of poison resistance
 96902 | Coc:7    | Found the +4 moon troll leather armour {Spirit, Regen++
                  | MP+5}
 96903 | Coc:7    | Noticed an Ice Fiend
 96911 | Coc:7    | Killed an Ice Fiend
 96928 | Coc:7    | Got an icy rune of Zot
 96944 | Coc:7    | Identified a +6 scythe of venom
 96947 | Coc:7    | Identified +0 ice dragon scales
 96968 | Coc:7    | Killed Antaeus
 96968 | Coc:7    | Reached skill level 16 in Throwing
 97088 | Coc:7    | Identified a +5 vampiric scythe
 97436 | Tar:1    | Entered Level 1 of Tartarus
 97436 | Tar:1    | Identified a cursed +0 great sword
 97436 | Tar:1    | Identified a +0 robe
 97436 | Tar:1    | Identified a +4 mace
 97436 | Tar:1    | Identified a +0 robe
 97436 | Tar:1    | Identified a +5 vampiric spear
 97436 | Tar:1    | Identified a +0 robe
 97436 | Tar:1    | Identified a +0 dire flail
 97436 | Tar:1    | Identified a +0 robe
 97436 | Tar:1    | Identified a cursed -2 short sword
 97436 | Tar:1    | Identified a +0 robe
 97438 | Tar:1    | Identified a +0 halberd of chopping
 97438 | Tar:1    | Identified a cursed +0 robe
 97438 | Tar:1    | Identified a +0 war axe
 97438 | Tar:1    | Identified a +0 robe
 97438 | Tar:1    | Identified a cursed +0 trident
 97438 | Tar:1    | Identified a +0 robe
 97500 | Dis:1    | Entered Level 1 of the Iron City of Dis
 97503 | Dis:1    | Identified a cursed +5 dagger
 97503 | Dis:1    | Identified a +0 robe
 97503 | Dis:1    | Identified a +3 long sword
 97503 | Dis:1    | Identified a +0 robe
 97504 | Dis:1    | Identified a +5 long sword
 97504 | Dis:1    | Identified a +0 robe
 97504 | Dis:1    | Identified a +0 mace
 97504 | Dis:1    | Identified a +0 robe
 97505 | Dis:1    | Identified a +3 long sword
 97505 | Dis:1    | Identified a +0 robe
 97534 | Dis:1    | Identified a +0 trident
 97589 | Dis:1    | Noticed a Tzitzimitl
 97589 | Dis:1    | Identified a +0 flail
 97589 | Dis:1    | Identified a +0 robe
 97589 | Dis:1    | Identified a cursed +0 spear
 97589 | Dis:1    | Identified a cursed +0 robe
 97589 | Dis:1    | Identified a cursed +3 great sword
 97589 | Dis:1    | Identified a cursed +0 robe
 97597 | Dis:1    | Killed a Tzitzimitl
 97611 | Dis:1    | Identified a cursed +0 hand axe
 97611 | Dis:1    | Identified a +0 robe
 97613 | Dis:1    | Identified a +4 scythe of freezing
 97615 | Dis:1    | Identified a +3 long sword
 97615 | Dis:1    | Identified a cursed +0 robe
 97618 | Dis:1    | Identified a +0 flail
 97618 | Dis:1    | Identified a +0 robe
 97622 | Dis:1    | Identified a +0 trident
 97689 | Dis:1    | Identified a +2 demon whip of electrocution
 97690 | Dis:2    | Identified a +1 short sword
 97690 | Dis:2    | Identified a +0 robe
 97699 | Dis:2    | Identified a +0 hand axe
 97699 | Dis:2    | Identified a +0 robe
 97699 | Dis:2    | Identified a cursed +0 short sword
 97699 | Dis:2    | Identified a +0 robe
 97709 | Dis:2    | Identified a +0 short sword
 97711 | Dis:2    | Identified a +0 battleaxe
 97712 | Dis:2    | Identified a +0 scimitar
 97734 | Dis:2    | Identified a +5 spear
 97734 | Dis:2    | Identified a +0 robe
 97742 | Dis:3    | Identified a +0 spear
 97742 | Dis:3    | Identified a +0 robe
 97742 | Dis:3    | Identified a cursed +0 dire flail
 97742 | Dis:3    | Identified a +0 robe
 97742 | Dis:3    | Identified a cursed +3 battleaxe
 97742 | Dis:3    | Identified a +0 robe
 97742 | Dis:3    | Identified a cursed +4 dire flail
 97742 | Dis:3    | Identified a +0 robe
 97742 | Dis:3    | Identified a cursed +4 flail
 97742 | Dis:3    | Identified a +0 robe
 97769 | Dis:3    | Identified a +0 long sword
 97771 | Dis:3    | Identified a +0 trident
 97771 | Dis:3    | Identified a +0 long sword
 97776 | Dis:3    | Identified a +0 short sword
 97797 | Dis:3    | Identified a +0 giant club
 97800 | Dis:3    | Identified a +1 battleaxe
 97800 | Dis:3    | Identified a +0 plate armour
 97802 | Dis:3    | Identified a +3 great sword
 97802 | Dis:3    | Identified a +0 chain mail
 97814 | Dis:3    | Reached skill level 26 in Armour
 97853 | Dis:3    | Identified a cursed +0 falchion
 97853 | Dis:3    | Identified a +0 robe
 97855 | Dis:3    | Identified a cursed +3 scimitar of freezing
 97855 | Dis:3    | Identified a +1 robe of magic resistance
 97855 | Dis:3    | Identified a +0 dire flail
 97855 | Dis:3    | Identified a +0 robe
 97856 | Dis:3    | Identified a cursed +2 great sword
 97856 | Dis:3    | Identified a +0 robe
 97856 | Dis:3    | Identified a +2 morningstar
 97856 | Dis:3    | Identified a +0 robe
 97859 | Dis:3    | Identified a +2 short sword
 97859 | Dis:3    | Identified a +0 robe
 97862 | Dis:3    | Identified a +1 mace
 97862 | Dis:3    | Identified a +0 robe
 97862 | Dis:3    | Identified a +0 long sword
 97862 | Dis:3    | Identified a +0 robe
 97862 | Dis:3    | Identified a +0 dagger
 97862 | Dis:3    | Identified a +0 robe
 97880 | Dis:3    | You fall through a shaft for 2 floors!
 97880 | Dis:5    | Noticed a lich
 97885 | Dis:5    | Killed a lich
 97906 | Dis:5    | Identified a +4 scythe of freezing
 97951 | Dis:5    | Identified a +0 glaive
 97951 | Dis:5    | Identified a +0 glaive
 97952 | Dis:5    | Identified a +0 hand axe
 97959 | Dis:5    | Identified a cursed -3 glaive
 97959 | Dis:5    | Identified a +1 hand axe of electrocution
 97962 | Dis:5    | Identified a +1 great sword
 97962 | Dis:5    | Identified a +0 chain mail
 97974 | Dis:5    | Identified a +0 giant club
 97979 | Dis:5    | Identified a +1 great mace of crushing
 97979 | Dis:5    | Identified a +0 plate armour
 98104 | Dis:6    | Identified a +3 vampiric scythe
 98133 | Dis:6    | Noticed an Ice Fiend
 98136 | Dis:6    | Killed an Ice Fiend
 98254 | Dis:6    | Noticed a Tzitzimitl
 98254 | Dis:6    | Identified a +0 antimagic glaive
 98254 | Dis:6    | Identified a +0 trident
 98254 | Dis:6    | Identified a +0 war axe
 98257 | Dis:6    | Killed a Tzitzimitl
 98311 | Dis:6    | Identified a +1 scythe of distortion
 98347 | Dis:7    | Entered Level 7 of the Iron City of Dis
 98360 | Dis:7    | Identified a +0 giant club
 98360 | Dis:7    | Identified a +2 great mace of draining
 98360 | Dis:7    | Identified a +0 chain mail
 98360 | Dis:7    | Identified a +1 great sword of draining
 98360 | Dis:7    | Identified a +1 chain mail of fire resistance
 98360 | Dis:7    | Identified a +0 giant club
 98360 | Dis:7    | Identified a +0 great mace of draining
 98360 | Dis:7    | Identified a +0 chain mail
 98362 | Dis:7    | Identified a +3 scythe of flaming
 98370 | Dis:7    | Identified a +2 great sword of flaming
 98370 | Dis:7    | Identified a +0 chain mail
 98387 | Dis:7    | Identified a +0 scythe of pain
 98419 | Dis:7    | Identified a +0 morningstar
 98419 | Dis:7    | Identified a +0 great mace
 98421 | Dis:7    | Identified a +0 flail
 98437 | Dis:7    | Identified a +0 troll leather armour
 98446 | Dis:7    | Identified a +3 morningstar of freezing
 98458 | Dis:7    | Identified a +0 giant club
 98458 | Dis:7    | Identified a +2 great mace of draining
 98458 | Dis:7    | Identified a +0 plate armour
 98458 | Dis:7    | Identified a +0 battleaxe of draining
 98458 | Dis:7    | Identified a +0 chain mail
 98479 | Dis:7    | Identified a +0 dire flail
 98482 | Dis:7    | Reached skill level 26 in Shields
 98483 | Dis:7    | Identified a +1 flail of crushing
 98524 | Dis:7    | Identified a +2 flail of protection
 98527 | Dis:7    | Identified a +0 flail
 98546 | Dis:7    | Identified a +0 glaive
 98546 | Dis:7    | Identified a +0 battleaxe
 98546 | Dis:7    | Identified a +0 short sword
 98564 | Dis:7    | Identified a +0 dire flail
 98566 | Dis:7    | Identified a +0 morningstar
 98598 | Dis:7    | Identified a +0 troll leather armour
 98617 | Dis:7    | Identified a +2 morningstar of protection
 98621 | Dis:7    | Identified a +0 troll leather armour
 98624 | Dis:7    | Identified a +0 troll leather armour
 98637 | Dis:7    | Identified a +0 troll leather armour
 98685 | Dis:7    | Identified a +2 morningstar of venom
 98685 | Dis:7    | Identified a +0 great mace
 98685 | Dis:7    | Identified a +0 dire flail of crushing
 98685 | Dis:7    | Identified a +0 dire flail of pain
 98685 | Dis:7    | Identified a +2 scythe of slicing
 98696 | Dis:7    | Reached skill level 27 in Armour
 98718 | Dis:7    | Identified a +0 lajatang
 98718 | Dis:7    | Identified a +0 morningstar
 98720 | Dis:7    | Identified a +1 morningstar of holy wrath
 98720 | Dis:7    | Identified a +0 morningstar
 98728 | Dis:7    | Identified a +0 morningstar of flaming
 98728 | Dis:7    | Identified a +0 morningstar
 98736 | Dis:7    | Identified a +0 dire flail
 98736 | Dis:7    | Identified a +1 morningstar of draining
 98767 | Dis:7    | Identified the Incunabulum of Supportive Venom
 98851 | Dis:7    | Noticed an Ice Fiend
 98856 | Dis:7    | Identified a +3 scythe of freezing
 98856 | Dis:7    | Killed an Ice Fiend
 98871 | Dis:7    | Noticed a Brimstone Fiend
 98875 | Dis:7    | Killed a Brimstone Fiend
 98901 | Dis:7    | Noticed a Brimstone Fiend
 98906 | Dis:7    | Killed a Brimstone Fiend
 98906 | Dis:7    | Reached skill level 27 in Shields
 98929 | Dis:7    | Learned a level 2 spell: Passwall
 99020 | Dis:7    | Noticed an Ice Fiend
 99024 | Dis:7    | Killed an Ice Fiend
 99050 | Dis:7    | Got a clouded copper ring
 99053 | Dis:7    | Identified the ring "Tueruxt" {+Inv +Fly rPois Dex+2 SInv}
                  | (You found it on level 7 of the Iron City of Dis)
 99069 | Dis:7    | Noticed a Tzitzimitl
 99072 | Dis:7    | Killed a Tzitzimitl
 99072 | Dis:7    | Reached skill level 1 in Transmutations
 99072 | Dis:7    | Reached skill level 1 in Earth Magic
 99153 | Dis:7    | Identified a +2 scythe of slicing
 99158 | Dis:7    | Reached skill level 2 in Transmutations
 99158 | Dis:7    | Reached skill level 2 in Earth Magic
 99229 | Dis:7    | Identified a +3 long sword of holy wrath
 99229 | Dis:7    | Identified a +0 large shield
 99230 | Dis:7    | Identified a +4 scimitar of holy wrath
 99230 | Dis:7    | Identified a +0 large shield
 99231 | Dis:7    | Identified a +3 whip of holy wrath
 99231 | Dis:7    | Identified a +0 robe
 99281 | Dis:7    | Identified a +0 giant spiked club
 99281 | Dis:7    | Identified a +0 great mace of crushing
 99281 | Dis:7    | Identified a +0 chain mail
 99281 | Dis:7    | Identified a +1 great sword
 99281 | Dis:7    | Identified a +0 plate armour
 99281 | Dis:7    | Identified a +0 giant spiked club
 99281 | Dis:7    | Identified a +1 battleaxe of flaming
 99281 | Dis:7    | Identified a +0 plate armour
 99281 | Dis:7    | Identified a +0 battleaxe
 99281 | Dis:7    | Identified a +0 plate armour
 99284 | Dis:7    | Reached skill level 3 in Transmutations
 99284 | Dis:7    | Reached skill level 3 in Earth Magic
 99289 | Dis:7    | HP: 67/268 [???[the effects of Hell] (34)]
 99301 | Dis:7    | Identified an amulet of the gourmand (You found it on level
                  | 7 of Cocytus)
 99310 | Dis:7    | Identified a +0 trident
 99319 | Dis:7    | Noticed a Brimstone Fiend
 99319 | Dis:7    | HP: 62/268 [??? (31)]
 99323 | Dis:7    | Killed a Brimstone Fiend
 99323 | Dis:7    | Identified the +4 staff of Dispater
 99323 | Dis:7    | Noticed Dispater
 99357 | Dis:7    | Gained mutation: You are dopey. (Int -2) [a cacodemon]
 99361 | Dis:7    | Lost mutation: Your muscles are strong. (Str +2) [mutagenic
                  | glow]
 99506 | Dis:7    | Identified a +2 scythe of protection
 99506 | Dis:7    | Reached skill level 4 in Transmutations
 99506 | Dis:7    | Reached skill level 4 in Earth Magic
 99588 | Dis:7    | Noticed an Ice Fiend
 99596 | Dis:7    | Killed an Ice Fiend
 99612 | Dis:7    | Noticed an Ice Fiend
 99612 | Dis:7    | Identified a +4 long sword of holy wrath
 99612 | Dis:7    | Identified a +0 large shield
 99613 | Dis:7    | Identified a +3 whip of holy wrath
 99613 | Dis:7    | Identified a +0 robe
 99630 | Dis:7    | Killed Dispater
 99649 | Dis:7    | Reached skill level 5 in Transmutations
 99649 | Dis:7    | Reached skill level 5 in Earth Magic
 99670 | Dis:7    | Identified a cursed -3 giant club
 99670 | Dis:7    | Identified a +2 great sword of slicing
 99670 | Dis:7    | Identified a +0 plate armour
 99670 | Dis:7    | Identified a +0 battleaxe of freezing
 99670 | Dis:7    | Identified a +0 chain mail
 99709 | Dis:7    | Found the ring of the Octopus King
 99723 | Dis:7    | Got a pair of spiked boots
 99736 | Dis:7    | Got a ring of the Octopus King
 99741 | Dis:7    | Got an iron rune of Zot
 99761 | Dis:7    | Identified the +0 pair of boots of Roixzutse {MP+9 Int+5}
                  | (You found it on level 7 of the Iron City of Dis)
 99763 | Dis:7    | Identified a ring of the Octopus King {rF+ AC+1 EV+1 Str+1
                  | Int+1 Dex+1} (You found it on level 7 of the Iron City of
                  | Dis)
 99780 | Dis:7    | Got an ancient arbalest
 99784 | Dis:7    | Identified the +8 arbalest "Arcanum" {flame, rElec rC-
                  | Str+3} (You found it on level 7 of the Iron City of Dis)
 99812 | Dis:7    | Identified a +3 scythe
 99985 | Tar:1    | Noticed a Tzitzimitl
 99991 | Tar:1    | Killed a Tzitzimitl
100015 | Tar:1    | Noticed a Tzitzimitl
100024 | Tar:1    | Killed a Tzitzimitl
100059 | Tar:1    | Identified a +0 robe
100066 | Tar:1    | Reached skill level 10 in Translocations
100067 | Tar:1    | Identified a +2 hand axe of flaming
100068 | Tar:1    | Identified a +0 short sword
100068 | Tar:1    | Identified a +4 vampiric war axe
100071 | Tar:1    | Noticed a Tzitzimitl
100073 | Tar:1    | Identified a +0 halberd
100077 | Tar:1    | Killed a Tzitzimitl
100097 | Tar:2    | Identified a +2 whip of holy wrath
100097 | Tar:2    | Identified a +0 robe
100114 | Tar:2    | Identified a +2 scythe of protection
100126 | Tar:2    | Identified a +0 trident
100129 | Tar:2    | Identified a +0 scimitar
100130 | Tar:2    | Identified a +0 battleaxe
100136 | Tar:2    | Identified a +0 glaive
100173 | Tar:2    | Identified a +0 war axe
100178 | Tar:2    | Identified a +0 short sword
100183 | Tar:2    | Identified a +0 war axe
100185 | Tar:2    | Identified a +0 war axe
100187 | Tar:2    | Identified a +0 war axe
100206 | Tar:2    | Identified a +2 scimitar of draining
100208 | Tar:2    | Identified a +2 flail of draining
100208 | Tar:2    | Identified a +0 glaive
100208 | Tar:2    | Identified a +0 hand axe
100209 | Tar:2    | Identified a +0 glaive
100234 | Tar:2    | Reached skill level 11 in Translocations
100410 | Tar:2    | Noticed a Tzitzimitl
100413 | Tar:2    | Killed a Tzitzimitl
100428 | Tar:2    | Identified a +1 scythe of venom
100448 | Tar:2    | Noticed a Tzitzimitl
100451 | Tar:2    | Killed a Tzitzimitl
100492 | Tar:2    | Identified +0 shadow dragon scales
100688 | Tar:3    | Reached skill level 12 in Translocations
100715 | Tar:3    | Identified a +2 whip of holy wrath
100715 | Tar:3    | Identified a +0 robe
100796 | Tar:4    | Identified a +2 scythe of venom
100815 | Tar:4    | Noticed a Tzitzimitl
100819 | Tar:4    | Killed a Tzitzimitl
100901 | Tar:5    | Identified a +0 halberd
100901 | Tar:5    | Identified a +0 trident
100901 | Tar:5    | Identified a +0 flail
100901 | Tar:5    | Identified a +0 battleaxe
100920 | Tar:5    | Identified a +5 scythe of venom
100920 | Tar:5    | Identified a +0 trident
100920 | Tar:5    | Identified a +0 mace
100921 | Tar:5    | Identified a +0 mace
100922 | Tar:5    | Identified a +0 hand axe
100955 | Tar:5    | Noticed a Tzitzimitl
100955 | Tar:5    | Identified a +3 scythe of flaming
100965 | Tar:5    | Killed a Tzitzimitl
101014 | Tar:5    | Identified a +0 flail
101015 | Tar:5    | Identified a +0 halberd
101016 | Tar:5    | Identified a +2 mace
101018 | Tar:5    | Identified a +0 long sword
101080 | Tar:7    | Entered Level 7 of Tartarus
101093 | Tar:7    | Reached skill level 13 in Translocations
101125 | Tar:7    | Noticed a Tzitzimitl
101129 | Tar:7    | Identified a +0 scythe of protection
101131 | Tar:7    | Killed a Tzitzimitl
101133 | Tar:7    | Identified a +0 flail
101133 | Tar:7    | Identified a +0 halberd
101133 | Tar:7    | Identified a +0 glaive
101136 | Tar:7    | Identified a +0 mace
101136 | Tar:7    | Identified a +0 robe
101136 | Tar:7    | Identified a +0 great sword
101136 | Tar:7    | Identified a +0 robe
101136 | Tar:7    | Identified a +0 morningstar
101136 | Tar:7    | Identified a +0 robe
101158 | Tar:7    | Identified a +2 scythe of freezing
101186 | Tar:7    | Identified a +2 scythe of venom
101199 | Tar:7    | Noticed a Tzitzimitl
101204 | Tar:7    | Killed a Tzitzimitl
101244 | Tar:7    | Identified a +6 scythe of flaming
101251 | Tar:7    | Identified a +1 glaive of protection
101251 | Tar:7    | Identified a +0 plate armour
101292 | Tar:7    | Identified a +0 trident
101312 | Tar:7    | Identified a +0 scythe of venom
101313 | Tar:7    | Identified a +5 scimitar of holy wrath
101313 | Tar:7    | Identified a +0 large shield
101314 | Tar:7    | Identified a +1 whip of holy wrath
101314 | Tar:7    | Identified a +0 robe
101315 | Tar:7    | Identified a +3 whip of holy wrath
101315 | Tar:7    | Identified a +0 robe
101319 | Tar:7    | Noticed a Tzitzimitl
101325 | Tar:7    | Killed a Tzitzimitl
101325 | Tar:7    | Noticed Ereshkigal
101330 | Tar:7    | Noticed a Tzitzimitl
101338 | Tar:7    | Noticed a Tzitzimitl
101338 | Tar:7    | Killed Ereshkigal
101338 | Tar:7    | Reached skill level 14 in Translocations
101341 | Tar:7    | Killed a Tzitzimitl
101345 | Tar:7    | Killed a Tzitzimitl
101352 | Tar:7    | Identified a +2 scythe of slicing
101362 | Tar:7    | Got a fine short sword
101371 | Tar:7    | Identified the +10 short sword of Unpleasantness {venom,
                  | rF+ Str+4 Dex+5} (You found it on level 7 of Tartarus)
101371 | Tar:7    | Noticed a Tzitzimitl
101377 | Tar:7    | Noticed a Tzitzimitl
101380 | Tar:7    | HP: 62/268 [Tzitzimitl[a doom hound] (11)]
101381 | Tar:7    | Redear: ??howl
101381 | Tar:7    | beem: doom hound[1/3]: In 0.18+, a demon that appears in
                  | Tartarus, has a smite-targeted MR-ignoring hex that summons
                  | relatively nasty tar monsters. Lasts 12-18 turns. Has
                  | non-existent MR.
101381 | Tar:7    | Redear: ??howl [2
101381 | Tar:7    | beem: doom hound[2/3]: alright, so the scene begins with
                  | Eresh smoking a cigarette, sitting at her kitchen table,
                  | which is made of bones and skulls. Her starcursed hair is
                  | twinkling, but frizzled and unkempt, and she's staring
                  | blankly out into space in between drags. A doom hound is
                  | heard howling in the distant background.
101383 | Tar:7    | Noticed a Tzitzimitl
101384 | Tar:7    | Identified a +2 scythe of protection
101385 | Tar:7    | Identified a +3 scythe of protection
101385 | Tar:7    | HP: 46/268 [??? (23)]
101386 | Tar:7    | Killed a Tzitzimitl
101386 | Tar:7    | Killed a Tzitzimitl
101387 | Tar:7    | TheNamelessOne: шо ты чудишь
101387 | Tar:7    | Killed a Tzitzimitl
101395 | Tar:7    | Identified a +0 glaive
101400 | Tar:7    | Identified a +0 war axe of freezing
101401 | Tar:7    | Identified a +0 trident
101401 | Tar:7    | Identified a +2 scythe of venom
101403 | Tar:7    | Identified a +0 hand axe
101422 | Tar:7    | Identified +0 shadow dragon scales
101425 | Tar:7    | Noticed a lich
101428 | Tar:7    | Identified a +3 scythe of protection
101434 | Tar:7    | Killed a lich
101434 | Tar:7    | Identified a +0 robe
101436 | Tar:7    | Identified a +3 scythe of venom
101440 | Tar:7    | Identified a +0 scythe of protection
101451 | Tar:7    | Reached skill level 15 in Translocations
101521 | Tar:7    | Noticed a Tzitzimitl
101533 | Tar:7    | Killed a Tzitzimitl
101591 | Tar:7    | Identified a +0 battleaxe
101619 | Tar:7    | Identified a +0 glaive
101620 | Tar:7    | Identified a cursed +0 scimitar
101636 | Tar:7    | Got a bone rune of Zot
101643 | Tar:7    | Identified a +3 great mace
101643 | Tar:7    | Identified a +0 plate armour
101701 | Tar:7    | Noticed a Tzitzimitl
101702 | Tar:7    | Identified a +3 scythe of freezing
101707 | Tar:7    | Identified a +0 hand axe
101711 | Tar:7    | Killed a Tzitzimitl
101791 | Tar:7    | Identified a +0 dire flail
101795 | Tar:7    | Identified a +0 halberd
101796 | Tar:7    | Identified a +0 war axe
101796 | Tar:7    | Identified a +0 dire flail
101821 | Tar:7    | Identified a +0 robe
101830 | Tar:7    | Reached skill level 16 in Translocations
102549 | Tomb:1   | Identified a +3 scimitar of holy wrath
102549 | Tomb:1   | Identified a +0 large shield
102550 | Tomb:1   | Identified a +5 scimitar of holy wrath
102550 | Tomb:1   | Identified a +0 large shield
102582 | Tomb:1   | Identified a +0 scythe of protection
102691 | Tomb:1   | Identified a +0 halberd
102717 | Tomb:2   | Identified a +1 scimitar of freezing
102717 | Tomb:2   | Identified a +0 hand axe
102717 | Tomb:2   | Identified a +0 war axe
102720 | Tomb:2   | Identified a +2 great sword of protection
102720 | Tomb:2   | Identified a +0 robe
102905 | Tomb:2   | Identified a +2 scimitar of holy wrath
102905 | Tomb:2   | Identified a +0 large shield
102911 | Tomb:2   | Identified a +0 dire flail
102911 | Tomb:2   | Identified a +1 scythe of protection
102939 | Tomb:2   | Identified a +2 halberd
102939 | Tomb:2   | Identified a cursed +0 robe
102950 | Tomb:2   | Identified a cursed +4 falchion
102950 | Tomb:2   | Identified a +0 robe
102989 | Tomb:2   | Identified a +0 mace of protection
102989 | Tomb:2   | Identified a +0 trident
102990 | Tomb:2   | Identified a +5 dagger
102990 | Tomb:2   | Identified a +0 robe
103003 | Tomb:2   | Identified a +1 whip of holy wrath
103003 | Tomb:2   | Identified a +0 robe
103005 | Tomb:2   | Identified a cursed +0 hand axe
103005 | Tomb:2   | Identified a +0 robe
103007 | Tomb:2   | Identified a +2 scythe of protection
103275 | Tomb:2   | Noticed a greater mummy
103275 | Tomb:2   | Identified a +0 war axe
103275 | Tomb:2   | Identified a +0 robe
103275 | Tomb:2   | Noticed a greater mummy
103275 | Tomb:2   | Identified a +1 great sword of freezing
103275 | Tomb:2   | Identified a +0 chain mail
103275 | Tomb:2   | Identified a +0 mace
103278 | Tomb:2   | Identified a +0 demon trident
103278 | Tomb:2   | Noticed a greater mummy
103281 | Tomb:2   | Noticed a greater mummy
103282 | Tomb:2   | Identified a +2 great mace of pain
103282 | Tomb:2   | Identified a +0 plate armour
103282 | Tomb:2   | Identified a +1 battleaxe
103282 | Tomb:2   | Identified a +0 chain mail
103327 | Tomb:2   | Identified a +0 great sword of draining
103327 | Tomb:2   | Identified a +0 plate armour
103328 | Tomb:2   | Identified a +0 spear
103328 | Tomb:2   | Identified a +0 robe
103336 | Tomb:2   | Killed a greater mummy
103337 | Tomb:2   | Identified a +1 whip of holy wrath
103337 | Tomb:2   | Identified a +0 robe
103342 | Tomb:2   | Identified a +0 glaive
103342 | Tomb:2   | Killed a greater mummy
103343 | Tomb:2   | Identified a cursed -1 dire flail
103345 | Tomb:2   | Reached skill level 17 in Translocations
103347 | Tomb:2   | Killed a greater mummy
103353 | Tomb:2   | Killed a greater mummy
103743 | Tomb:1   | Noticed a greater mummy
103746 | Tomb:1   | Noticed a greater mummy
103746 | Tomb:1   | Noticed a greater mummy
103748 | Tomb:1   | Noticed a greater mummy
103749 | Tomb:1   | Identified a +5 long sword of holy wrath
103749 | Tomb:1   | Identified a +0 large shield
103750 | Tomb:1   | Noticed a greater mummy
103751 | Tomb:1   | HP: 57/256 [??? (29)]
103754 | Tomb:1   | Killed a greater mummy
103756 | Tomb:1   | Identified a +2 morningstar of freezing
103756 | Tomb:1   | Identified a +0 robe
103757 | Tomb:1   | HP: 46/256 [??? (23)]
103761 | Tomb:1   | Killed a greater mummy
103762 | Tomb:1   | Killed a greater mummy
103762 | Tomb:1   | Identified a +1 scythe of slicing
103763 | Tomb:1   | HP: 38/253 [greater mummy (16)]
103767 | Tomb:1   | Killed a greater mummy
103770 | Tomb:1   | Killed a greater mummy
103771 | Tomb:1   | Noticed a greater mummy
103778 | Tomb:1   | HP: 32/248 [??? (15)]
103779 | Tomb:1   | Killed a greater mummy
103779 | Tomb:1   | Reached skill level 18 in Translocations
104156 | Tomb:1   | Noticed a greater mummy
104168 | Tomb:1   | Killed a greater mummy
104210 | Tomb:1   | Noticed a greater mummy
104214 | Tomb:1   | Noticed a greater mummy
104219 | Tomb:1   | Killed a greater mummy
104224 | Tomb:1   | Killed a greater mummy
104224 | Tomb:1   | Identified a +0 scythe of venom
104257 | Tomb:1   | Noticed a greater mummy
104276 | Tomb:1   | Killed a greater mummy
104433 | Tomb:1   | Noticed a greater mummy
104434 | Tomb:1   | Noticed a greater mummy
104444 | Tomb:1   | Killed a greater mummy
104445 | Tomb:1   | Killed a greater mummy
104445 | Tomb:1   | Identified a +2 scythe of pain
104447 | Tomb:1   | Noticed a greater mummy
104452 | Tomb:1   | Noticed a greater mummy
104454 | Tomb:1   | Noticed a greater mummy
104456 | Tomb:1   | Killed a greater mummy
104458 | Tomb:1   | Identified a +0 trident
104462 | Tomb:1   | Killed a greater mummy
104468 | Tomb:1   | Killed a greater mummy
104468 | Tomb:1   | Identified a +2 scythe of distortion
104525 | Tomb:1   | Identified a +3 dire flail
104525 | Tomb:1   | Identified a +0 robe
104525 | Tomb:1   | Noticed a greater mummy
104530 | Tomb:1   | Identified a +2 whip of holy wrath
104530 | Tomb:1   | Identified a +0 robe
104552 | Tomb:1   | Killed a greater mummy
104552 | Tomb:1   | Reached skill level 19 in Translocations
104846 | Tomb:3   | Entered Level 3 of the Tomb of the Ancients
104851 | Tomb:3   | Identified a +1 great mace of flaming
104851 | Tomb:3   | Identified a +0 plate armour
104851 | Tomb:3   | Noticed a greater mummy
104853 | Tomb:3   | Identified a +0 mace
104856 | Tomb:3   | Identified a cursed +5 battleaxe
104856 | Tomb:3   | Identified a +0 robe
104858 | Tomb:3   | TheNamelessOne: ab
104859 | Tomb:3   | Noticed a greater mummy
104860 | Tomb:3   | TheNamelessOne: пей курінги
104860 | Tomb:3   | TheNamelessOne: rjulf e,mtim b[
104860 | Tomb:3   | Noticed a greater mummy
104861 | Tomb:3   | TheNamelessOne: когда убьёшь их
104861 | Tomb:3   | Identified a +6 scythe of freezing
104861 | Tomb:3   | Noticed a greater mummy
104862 | Tomb:3   | TheNamelessOne: абжур
104862 | Tomb:3   | TheNamelessOne: аура абжур
104862 | Tomb:3   | TheNamelessOne: и свиток дыма
104863 | Tomb:3   | HP: 44/253 [??? (22)]
104868 | Tomb:3   | HP: 36/253 [greater mummy/divine providence (11)]
104869 | Tomb:3   | TheNamelessOne: а-б
104870 | Tomb:3   | TheNamelessOne: повтор
104870 | Tomb:3   | TheNamelessOne: можно дерево
104870 | Tomb:3   | Redear: @??with the great mother the mummy.
104870 | Tomb:3   | beem: unknown monster: "with the great mother the mummy."
104870 | Tomb:3   | Redear: @??greater mummy
104870 | Tomb:3   | beem: greater mummy (M)
                  | Spd:
    10 | HD: 15   | HP: 162-226
                  | | AC/EV: 10/6
                  | Dam: 35
                  | undead, weapons, items, doors,
                  | evil, spellcaster, see invisible, unbreathing
                  | Res:
                  | magic(160), cold, elec, poison+++, drown, rot+++, neg+++,
                  | torm
                  | Vul: holy
                  | XP: 6163
                  | Sp: smiting (7-17),
                  | s.torment, sum.demon, sum.emperor scorpions / smiting
                  | (7-17), s.torment, sum.demon, sum.undead
104870 | Tomb:3   | beem: / smiting (7-17), s.torment, sum.emperor scorpions,
                  | sum.scarabs / smiting (7-17), s.torment, sum.mana viper,
                  | sum.undead
                  | Sz: Medium
                  | Int: human.
104875 | Tomb:3   | Killed a greater mummy
104877 | Tomb:3   | HP: 38/253 [???[Khufu] (18)]
104879 | Tomb:3   | Killed a greater mummy
104880 | Tomb:3   | Killed a greater mummy
104880 | Tomb:3   | Identified a +1 scythe of venom
104882 | Tomb:3   | Noticed Khufu
104889 | Tomb:3   | Killed Khufu
104889 | Tomb:3   | HP: 40/253 [torment (20)]
104891 | Tomb:3   | Noticed a greater mummy
104900 | Tomb:3   | Killed a greater mummy
104954 | Tomb:3   | Noticed a greater mummy
104961 | Tomb:3   | Noticed a greater mummy
104965 | Tomb:3   | HP: 56/257 [greater mummy/divine providence (10)]
104968 | Tomb:3   | HP: 24/257 [greater mummy/divine providence (10)]
104969 | Tomb:3   | Killed a greater mummy
104980 | Tomb:3   | HP: 26/256 [??? (12)]
104985 | Tomb:3   | Identified a +0 shield
104985 | Tomb:3   | Identified a +0 club
104985 | Tomb:3   | Noticed a greater mummy
104985 | Tomb:3   | Noticed a greater mummy
104985 | Tomb:3   | HP: 20/256 [??? (9)]
104988 | Tomb:3   | Identified a +3 whip of holy wrath
104988 | Tomb:3   | Identified a +0 robe
104995 | Tomb:3   | Identified a +3 long sword of holy wrath
104995 | Tomb:3   | Identified a +0 large shield
105000 | Tomb:3   | Identified a +4 long sword of holy wrath
105000 | Tomb:3   | Identified a +0 large shield
105002 | Tomb:3   | HP: 17/270 [greater mummy/divine providence (11)]
105004 | Tomb:3   | HP: 8/273 [greater mummy/divine providence (14)]
105007 | Tomb:3   | Reached skill level 20 in Translocations
105009 | Tomb:3   | Killed from afar by a greater mummy

Table legend:
 A = Turns spent in this place as a percentage of turns spent in the entire game.
 B = Non-inter-level travel turns spent in this place as a percentage of non-inter-level travel turns spent in the entire game.
 C = Inter-level travel turns spent in this place as a percentage of turns spent in this place.
 D = Turns resting spent in this place as a percentage of non-inter-level travel turns spent in this place.
 E = Turns spent auto-exploring this place as a percentage of non-inter-level travel turns spent in this place.
 F = Non-inter-level travel turns spent in this place divided by the number of levels of this place that you've seen.
                   A       B       C       D       E      F
               +-------+-------+-------+-------+-------+----------------------
         Total | 100.0 | 100.0 |   8.3 |  17.4 |  34.4 | 860.0
       Dungeon |  19.4 |  18.7 |  11.8 |  22.6 |  47.2 | 1200.6
        Temple |   0.3 |   0.2 |  27.3 |   0.0 |  88.5 | 200.0
          Lair |   9.8 |   9.6 |  10.0 |  20.5 |  40.6 | 1536.8
         Swamp |   4.3 |   4.4 |   5.7 |   6.8 |  48.9 | 1061.0
   Spider Nest |   6.4 |   6.6 |   5.7 |  34.8 |  23.3 | 1584.0
    Slime Pits |   2.4 |   2.4 |   7.6 |  11.5 |  34.9 | 463.6
  Orcish Mines |   2.5 |   2.3 |  14.5 |   7.4 |  54.3 | 1111.5
   Elven Halls |   4.8 |   5.0 |   4.3 |   5.7 |  38.0 | 1610.0
        Vaults |   7.8 |   7.4 |  12.6 |   0.0 |  58.4 | 1426.4
         Crypt |   3.1 |   3.0 |  12.8 |   0.4 |  47.0 | 949.7
          Tomb |   4.1 |   4.3 |   5.0 |  36.0 |   0.5 | 1373.3
        Depths |   9.3 |   8.5 |  16.1 |  12.7 |  35.6 | 1633.2
          Hell |   0.8 |   0.7 |  21.7 |   0.0 |  51.4 | 696.0
           Dis |   2.3 |   2.5 |   0.3 |  17.6 |  12.1 | 404.2
       Gehenna |   1.8 |   1.9 |   3.2 |  28.1 |   0.2 | 267.6
       Cocytus |   1.7 |   1.8 |   3.7 |  13.7 |   1.3 | 285.7
      Tartarus |   1.8 |   1.9 |   0.6 |   0.0 |  20.2 | 268.1
           Zot |   2.4 |   2.5 |   7.5 |  13.2 |  42.7 | 789.7
         Abyss |   1.1 |   1.2 |   0.0 |  13.6 |   9.1 | 392.7
   Pandemonium |  11.5 |  12.6 |   0.0 |  23.5 |  21.1 | 575.9
      Ice Cave |   0.6 |   0.7 |   0.0 |  55.7 |   0.0 | 643.0
    Desolation |   1.7 |   1.9 |   0.0 |  10.5 |   6.0 | 1802.0
               +-------+-------+-------+-------+-------+----------------------

Table legend:
 A = Kills in this place as a percentage of kills in entire the game.
 B = Kills by you in this place as a percentage of kills by you in the entire game.
 C = Kills by friends in this place as a percentage of kills by friends in the entire game.
 D = Other kills in this place as a percentage of other kills in the entire game.
 E = Experience gained in this place as a percentage of experience gained in the entire game.
 F = Experience gained in this place divided by the number of levels of this place that you have seen.
                   A       B       C       D       E      F
               +-------+-------+-------+-------+-------+----------------------
         Total | 100.0 | 100.0 | 100.0 | 100.0 | 100.0 | 30135.9
       Dungeon |  10.2 |  11.0 |   0.0 |   2.9 |   2.1 | 4702.4
          Lair |   4.9 |   5.0 |   3.9 |   1.4 |   2.0 | 11014.8
         Swamp |   2.6 |   2.5 |   4.6 |   0.0 |   1.7 | 14238.2
   Spider Nest |   4.4 |   3.5 |  19.0 |   4.3 |   2.4 | 20243.8
    Slime Pits |   3.5 |   3.8 |   0.0 |   0.0 |   3.8 | 25547.8
  Orcish Mines |   1.8 |   1.8 |   0.4 |   2.9 |   0.4 | 6655.0
   Elven Halls |   3.6 |   3.3 |   7.0 |   5.7 |   3.3 | 36780.7
        Vaults |  11.0 |  11.0 |   4.9 |  34.3 |  12.4 | 83583.6
         Crypt |   4.6 |   5.0 |   0.0 |   0.0 |   4.8 | 53766.0
          Tomb |   5.1 |   5.0 |   6.3 |   1.4 |   9.2 | 103336.0
        Depths |   6.5 |   6.3 |   2.8 |  32.9 |   9.0 | 60604.0
          Hell |   2.2 |   1.9 |   7.0 |   0.0 |   2.0 | 68115.0
           Dis |   5.8 |   6.0 |   4.9 |   0.0 |   7.3 | 40931.7
       Gehenna |   4.9 |   4.6 |  10.2 |   2.9 |   4.3 | 20653.0
       Cocytus |   4.6 |   4.8 |   2.5 |   1.4 |   4.9 | 27436.0
      Tartarus |   5.7 |   6.0 |   2.1 |   1.4 |   7.5 | 36194.7
           Zot |   1.2 |   1.3 |   0.0 |   0.0 |   2.6 | 29454.7
         Abyss |   1.7 |   1.8 |   0.4 |   1.4 |   1.4 | 15563.0
   Pandemonium |  13.4 |  13.0 |  21.1 |   5.7 |  17.6 | 28281.5
      Ice Cave |   0.2 |   0.3 |   0.0 |   0.0 |   0.1 | 3004.0
    Desolation |   2.0 |   1.9 |   2.8 |   1.4 |   1.4 | 48808.0
               +-------+-------+-------+-------+-------+----------------------

Skill      XL: |  1  2  3  4  5  6  7  8  9 10 11 12 13 14 15 16 17 18 19 20 21 22 23 24 25 26 27 |
---------------+----------------------------------------------------------------------------------+-----
Armour         | 1 2 3 4 5 6 8 9 10 11 12 13 15 16 17 19 23 25 27 | 27.0
Fighting       | 4 5 6 7 9 10 12 14 15 16 18 19 27 | 27.0
Axes           | 4 5 7 9 10 11 12 14 15 16 18 20 23 | 23.3
Dodging        | 4 5 6 7 8 9 17 | 17.2
Throwing       | 3 4 5 7 10 16 | 16.7
Shields        | 7 10 11 12 15 16 17 18 19 20 22 24 25 27 | 27.0
Invocations    | 1 10 12 13 14 16 17 22 | 22.8
Translocations | 8 9 20 | 20.0
Hexes          | 5 |  5.7
Charms         | 7 |  7.1
Summonings     | 12 | 12.8
Spellcasting   | 7 |  7.4
Evocations     | 2 |  2.1
Transmutations | 5 |  5.3
Earth Magic    | 5 |  5.3
Stealth        | |  1.5

Action                   |  1- 3 |  4- 6 |  7- 9 | 10-12 | 13-15 | 16-18 | 19-21 | 22-24 | 25-27 || total
-------------------------+-------+-------+-------+-------+-------+-------+-------+-------+-------++-------
Melee: Hand axe          |    78 |   174 |   328 |   987 |  2165 |  1626 |   378 |       |       ||  5736
       Headbutt          |    15 |    44 |    85 |   249 |   629 |   684 |   750 |   570 |  1937 ||  4963
       Broad axe         |       |       |       |       |       |  1110 |  2357 |  2078 |  5945 || 11490
       Short sword       |       |       |       |       |       |       |       |       |   187 ||   187
 Fire: Fustibalus        |       |       |       |       |       |       |    17 |    25 |    46 ||    88
Throw: Stone             |       |       |     1 |       |    84 |     4 |     2 |       |       ||    91
       Tomahawk          |       |       |       |     5 |    28 |    35 |    13 |       |       ||    81
       Javelin           |       |       |       |     3 |    35 |    11 |       |       |   117 ||   166
 Cast: Aura of Abjuratio |       |       |       |       |       |       |       |       |     8 ||     8
       Portal Projectile |       |       |       |       |       |       |       |       |     3 ||     3
       Lesser Beckoning  |       |       |       |       |       |       |       |       |     3 ||     3
       Spectral Weapon   |       |       |       |       |       |       |       |       |     2 ||     2
Invok: Major Destruction |       |       |       |       |    30 |    93 |       |       |     3 ||   126
       Lesser Servant of |       |       |       |       |     7 |    33 |       |       |       ||    40
       Greater Servant o |       |       |       |       |     8 |     6 |     9 |     9 |       ||    32
       Vitalisation      |       |       |       |       |       |       |       |       |    15 ||    15
       Recite            |       |       |       |       |       |       |       |       |    13 ||    13
       Summon Divine War |       |       |       |       |       |       |       |       |    58 ||    58
       Cleansing Flame   |       |       |       |       |       |       |       |       |    47 ||    47
       Divine Shield     |       |       |       |       |       |       |       |       |    39 ||    39
       Sanctuary         |       |       |       |       |       |       |       |       |     1 ||     1
       Brand Weapon With |       |       |       |       |       |       |       |       |     1 ||     1
 Abil: Evoke Flight      |       |       |       |       |       |       |     1 |       |       ||     1
       Evoke Berserk Rag |       |       |       |       |       |       |       |     1 |     1 ||     2
Evoke: Wand              |       |       |       |    10 |       |     7 |    12 |       |     4 ||    33
       Lamp of fire      |       |       |       |       |       |     1 |       |       |       ||     1
  Use: Scroll            |       |     6 |     7 |    12 |     9 |    18 |    16 |    22 |    60 ||   150
       Potion            |       |       |     2 |    18 |     6 |    15 |     5 |     7 |    38 ||    91
 Stab: Sleeping          |     5 |       |     1 |     1 |       |       |       |       |       ||     7
       Petrified         |       |       |       |     3 |    18 |       |       |       |       ||    21
       Distracted        |       |       |       |     2 |     4 |    22 |     5 |     2 |       ||    35
       Invisible         |       |       |       |       |    14 |       |       |     2 |       ||    16
       Confused          |       |       |       |       |       |       |       |     1 |    12 ||    13
  Eat: Chunk             |     2 |     8 |     8 |    22 |    28 |    33 |    32 |    29 |    13 ||   175
       Ration            |       |       |     2 |     3 |     4 |     6 |     3 |     2 |    40 ||    60
Armor: Robe              |     6 |       |       |       |       |       |       |       |       ||     6
       Chain mail        |    14 |    99 |    60 |       |       |       |       |       |       ||   173
       Ring mail         |       |       |    52 |   364 |       |       |       |       |       ||   416
       Skin              |       |       |       |    30 |       |       |       |       |       ||    30
       Plate armour      |       |       |       |    12 |   123 |       |       |     1 |   789 ||   925
       Ice dragon scales |       |       |       |       |  1140 |  1260 |   861 |   468 |   495 ||  4224
       Troll leather arm |       |       |       |       |       |       |       |       |     1 ||     1
Dodge: Dodged            |    38 |    82 |   156 |   636 |  1032 |   993 |   711 |   445 |  1636 ||  5729
       Deflected         |       |       |       |       |       |    30 |    52 |    49 |    77 ||   208
Block: Buckler           |       |       |       |   210 |   150 |       |       |       |       ||   360
       Large shield      |       |       |       |       |  1990 |  2824 |  3027 |  2280 |  7397 || 17518
       Reflection        |       |       |       |       |       |       |   120 |   146 |   124 ||   390

Vanquished Creatures
  Cerebov (Pan)
  Antaeus (Coc:7)
  the Royal Jelly (Slime:5)
  Ereshkigal (Tar:7)
  Mnoleg (Pan)
  Lom Lobon (Pan)
  Khufu (Tomb:3)
  Dispater (Dis:7)
  6 pandemonium lords (Pan)
  6 ancient liches
  Mennas (Vaults:3)
  A juggernaut (Depths:5)
  26 greater mummies
  Margery (Vaults:4)
  Frederick (Vaults:4)
  4 shard shrikes (Coc:7)
  A caustic shrike (Depths:2)
  Saint Roka (Depths:1)
  A curse toe (Zot:2)
  Nikola (Swamp:3)
  5 doom hounds
  2 golden dragons (Vaults:5)
  19 Tzitzimimeh
  16 Brimstone Fiends
  7 iron giants
  11 bone dragons
  6 tentacled monstrosities
  A hellephant (Pan)
  2 electric golems (Zot:1)
  10 Hell Sentinels
  12 titans
  16 Ice Fiends
  3 deep elf blademasters
  6 quicksilver dragons
  A deep elf master archer (Elf:3)
  22 acid blobs
  14 liches
  18 Executioners
  25 ancient champions
  Agnes (Spider:4)
  7 death cobs
  3 tentacled starspawn (Abyss:4)
  Kirke (D:14)
  11 sphinxes
  17 shadow dragons
  A thorn hunter (Swamp:2)
  A draconian monk (Zot:2)
  8 tengu reavers
  7 storm dragons
  20 azure jellies
  12 fire giants
  3 revenants
  A draconian knight (Zot:1)
  5 blood saints (Pan)
  5 ghost moths
  An orc warlord (Orc:2)
  9 deep elf sorcerers
  4 emperor scorpions
  The ghost of temitten the Impaler, a journeyman MfGl of Makhleb (D:14)
  9 frost giants
  The ghost of Luoqi the Imperceptible, an adept SpEn of Dithmenos (Depths:4)
  3 iron dragons
  29 cacodemons
  A spectral juggernaut (Depths:4)
  A draconian shifter (Zot:1)
  3 curse skulls
  41 balrugs
  5 deep elf elementalists
  A caustic shrike zombie (Depths:3)
  17 vault wardens
  5 warmongers (Pan)
  2 draconian scorchers (Zot:1)
  15 ironheart preservers
  An imperial myrmidon (Desolation)
  47 reapers
  3 draconian stormcallers
  15 stone giants
  2 spriggan defenders (Depths:3)
  25 war gargoyles
  2 draconian annihilators (Pan)
  8 very ugly things
  2 elemental wellsprings (Coc:7)
  Nessos (Lair:6)
  5 bennus
  6 vampire knights
  8 black suns (Pan)
  7 corrupters (Pan)
  3 black draconians
  2 entropy weavers
  8 deep elf demonologists
  3 green draconians
  5 purple draconians
  3 white draconians
  A spectral titan (Depths:4)
  5 spark wasps
  4 halazid warlocks (Desolation)
  2 red draconians
  5 deep elf annihilators
  3 yellow draconians
  18 lorocyprocas
  12 ettins
  29 mummy priests
  An eidolon (Crypt:2)
  2 spectral golden dragons (Depths:4)
  7 deep elf death magi
  31 blizzard demons
  Josephine (D:15)
  17 death oozes
  12 fire dragons
  20 jiangshi
  A crystal guardian (Desolation)
  3 deep elf high priests
  18 green deaths
  A merfolk impaler (Abyss:4)
  4 quicksilver dragon zombies
  128 slime creatures
  Harold (Lair:1)
  18 hydras
  6 rakshasas
  11 yaktaur captains
  2 naga warriors (Abyss:2)
  Fannar (Lair:3)
  12 great orbs of eyes
  6 ragged hierophants (Desolation)
  29 vault guards
  7 servants of whispers (Desolation)
  A juggernaut simulacrum (Depths:4)
  8 peacekeepers (Desolation)
  4 quicksilver dragon skeletons
  3 hell beasts
  6 monstrous demonspawn (Pan)
  3 ghost crabs
  32 ice dragons
  3 spriggan air magi
  3 catoblepae
  3 death knights
  8 deep troll shamans
  A shambling mangrove (Swamp:4)
  43 two-headed ogres
  13 centaur warriors
  5 alligators
  14 ogre magi
  3 tengu warriors
  30 dancing weapons
  15 hell hogs
  39 death scarabs
  9 deep troll earth magi
  5 orc high priests
  12 vampire magi
  8 death yaks
  4 spectral elves (Depths:4)
  Urug (Lair:5)
  3 shock serpents (Pan)
  12 spriggan berserkers
  11 iron golems
  60 sun demons
  12 deep elf knights
  Sonja (D:10)
  21 hell knights
  5 titan zombies
  39 soul eaters
  21 shadow wraiths
  4 thrashing horrors
  A fire crab (shapeshifter) (Depths:2)
  A salamander mystic (Depths:4)
  4 wretched stars
  A storm dragon zombie (Crypt:2)
  3 ghost moth zombies
  3 golden dragon zombies
  13 iron trolls
  A spatial maelstrom (Abyss:2)
  8 titan skeletons
  26 sixfirhies
  172 skeletal warriors
  29 deep trolls
  A spriggan druid (Swamp:4)
  3 storm dragon skeletons
  8 unseen horrors
  12 torturous demonspawn (Pan)
  2 death drakes (shapeshifter)
  The ghost of CrazyMind the Merchant of Misery, a novice DsNe of Kikubaaqudgha (D:8)
  9 flayed ghosts
  25 shadow demons
  13 anaconda zombies
  2 spectral iron dragons (Depths:4)
  8 glowing orange brains
  A glowing orange brain (shapeshifter) (Vaults:5)
  17 ironbrand convokers
  2 orange crystal statues
  7 infernal demonspawn (Pan)
  Pikel (D:5)
  10 gelid demonspawn
  10 wizards
  14 swamp dragons
  12 deep elf archers
  An iron giant skeleton (Crypt:3)
  19 orc knights
  3 shadow dragon zombies
  5 anaconda skeletons
  An obsidian statue (Zot:2)
  5 golden dragon skeletons
  14 phantasmal warriors
  2 wolf spider zombies
  13 orb spiders
  4 fire giant zombies
  A mana viper (Abyss:4)
  A harpy (shapeshifter) (Vaults:2)
  16 necromancers
  8 shining eyes
  63 deep elf magi
  4 manticores
  A frost giant zombie (Abyss:2)
  26 ugly things
  4 shadow dragon skeletons
  9 orc sorcerers
  5 oklob plants
  7 cyclopes
  A salamander (shapeshifter) (Vaults:3)
  26 wolf spiders
  4 stone giant zombies
  An elephant (shapeshifter) (Depths:3)
  5 iron dragon zombies
  6 salamanders
  A manticore (shapeshifter) (Vaults:5)
  4 stone giant skeletons
  10 moths of wrath
  4 elephants (Lair:6)
  4 centaur zombies
  32 rust devils
  An apocalypse crab (Abyss:2)
  7 frost giant skeletons
  4 iron dragon skeletons
  4 ice statues
  13 vault sentinels
  A black mamba (shapeshifter) (Depths:2)
  2 molten gargoyles
  3 dire elephant zombies
  49 smoke demons
  6 guardian serpents
  A storm dragon simulacrum (Depths:3)
  5 eyes of devastation
  3 fire giant skeletons
  A gargoyle (D:15)
  2 torpor snails (Spider:1)
  4 black mambas
  4 dire elephant skeletons
  23 orange demons
  3 spriggan skeletons
  46 hellions
  17 spiny frogs
  19 demonic crawlers
  An emperor scorpion zombie (Geh:7)
  8 rime drakes
  5 komodo dragons
  A catoblepas zombie (Tar:7)
  An anaconda simulacrum (Tar:3)
  2 yaktaurs (shapeshifter) (Vaults:5)
  2 golden dragon simulacra
  A white draconian zombie (Crypt:2)
  30 freezing wraiths
  32 hellwings
  A yaktaur skeleton (Depths:1)
  A catoblepas skeleton (Crypt:1)
  50 yaktaurs
  10 hydra zombies
  A queen bee (shapeshifter) (Vaults:4)
  27 guardian mummies
  A minotaur skeleton (Crypt:1)
  2 silent spectres (Tar:5)
  8 efreet
  26 tormentors
  A black draconian skeleton (Crypt:2)
  2 wolf spider simulacra
  An ancient zyme (Abyss:4)
  27 ice devils
  19 jumping spiders
  2 polar bears
  2 tyrant leeches
  35 red devils
  2 tengu conjurers (Depths:2)
  A queen bee (D:9)
  A tengu simulacrum (Depths:3)
  13 trolls
  2 harpy zombies
  3 meliai (D:15)
  13 bog bodies
  48 saltlings (Desolation)
  Prince Ribbit (D:5)
  18 raiju
  A harpy skeleton (Crypt:1)
  A stone giant simulacrum (Crypt:1)
  8 hydra skeletons
  15 hippogriffs
  5 alligator zombies
  17 hornets
  13 dream sheep (Lair:6)
  9 blink frogs
  3 ettin zombies
  3 fire dragon zombies
  A hippogriff (shapeshifter) (Vaults:4)
  A meliai zombie (D:14)
  2 ettin skeletons
  A frost giant simulacrum (Crypt:2)
  3 air elementals
  6 ice dragon zombies
  7 fire dragon skeletons
  A fire giant simulacrum (Crypt:2)
  57 redbacks
  12 shadows
  4 starcursed masses
  A black mamba zombie (Crypt:1)
  A redback (shapeshifter) (Depths:5)
  27 ynoxinuls
  6 ice dragon skeletons
  25 tarantellas
  105 flying skulls
  25 wraiths
  3 alligator skeletons
  10 spriggans
  7 water elementals
  9 wyverns
  2 black mamba skeletons (Crypt:3)
  21 humans (D:14)
  46 yaks
  20 fire elementals
  4 hogs (D:14)
  5 golden eyes (Slime:3)
  4 hungry ghosts
  7 ushabtiu
  A steam dragon (shapeshifter) (D:15)
  A steam dragon (D:14)
  A golden eye (shapeshifter) (Elf:1)
  20 chaos spawn (Pan)
  9 neqoxecs
  9 basilisks
  A torturous demonspawn zombie (Crypt:2)
  Menkaure (D:6)
  22 swamp worms
  25 large abominations
  18 vampire mosquitoes
  10 wargs
  A spatial vortex (Coc:5)
  Edmund (D:5)
  5 acid dragons
  A glowing shapeshifter zombie (Crypt:2)
  A soldier ant (shapeshifter) (Depths:5)
  5 spiny frog zombies
  4 hydra simulacra
  A naga (Abyss:2)
  2 water moccasins (shapeshifter)
  40 orc warriors
  A merfolk skeleton (Geh:2)
  45 hell hounds
  5 spiny frog skeletons
  3 floating eyes
  5 porcupines
  9 swamp drakes
  An ice beast (shapeshifter) (Vaults:1)
  14 water moccasins
  A faun skeleton (Crypt:2)
  An eye of draining (shapeshifter) (Vaults:2)
  2 slaves
  3 manticore zombies
  11 eyes of draining
  2 sky beasts
  3 swamp dragon zombies
  A black bear (Lair:2)
  3 snapping turtle zombies
  16 ice beasts
  6 phantoms
  26 necrophages
  15 wolves
  30 ogres
  5 boggarts
  7 snapping turtle skeletons
  A torpor snail zombie (Crypt:1)
  28 centaurs
  A swamp dragon skeleton (Geh:3)
  19 crocodiles
  A dream sheep skeleton (Crypt:3)
  2 big kobolds
  8 bullfrogs
  A komodo dragon zombie (Crypt:2)
  An elf zombie (Geh:6)
  Blork the orc (D:4)
  A glowing shapeshifter simulacrum (Depths:4)
  A hippogriff skeleton (Crypt:2)
  An earth elemental (Elf:1)
  2 wyvern zombies
  An elf skeleton (Tar:3)
  A warg zombie (Crypt:2)
  A spiny frog simulacrum (Coc:7)
  A gnoll sergeant (D:9)
  5 scorpions
  A yak zombie (Crypt:1)
  A wyvern skeleton (D:7)
  8 small abominations
  17 killer bees (D:9)
  68 wights
  9 howler monkeys
  5 electric eels (Lair:2)
  A wyvern simulacrum (D:14)
  20 crimson imps
  A demonspawn zombie (Crypt:1)
  6 hounds
  A human zombie (Dis:5)
  14 iron imps
  3 jellies
  2 bullfrog zombies
  27 orc priests
  32 orc wizards
  A bullfrog skeleton (D:7)
  3 centaur skeletons
  A human skeleton (Coc:1)
  A demonspawn skeleton (Crypt:3)
  2 iguanas
  4 lightning spires
  7 hell rats (Hell)
  8 worker ants
  A troll simulacrum (Crypt:2)
  A killer bee zombie (Crypt:3)
  2 naga zombies
  2 ogre zombies
  An ogre skeleton (Geh:6)
  45 mummies
  9 gnolls
  14 adders
  A swamp drake skeleton (Crypt:2)
  14 shadow imps
  19 white imps
  2 adder zombies (D:7)
  An adder skeleton (D:9)
  2 worms
  A ball lightning (Pan)
  6 dart slugs
  5 leopard geckos
  132 orcs
  6 bats
  6 giant cockroaches
  13 hobgoblins
  4 jackals (D:3)
  20 kobolds
  5 quokkas
  A ball python (D:2)
  A ball python zombie (Crypt:1)
  4 frilled lizards
  7 goblins
  A leopard gecko skeleton (D:7)
  An orc zombie (Dis:7)
  A quokka skeleton (D:5)
  3 rats
  A crawling corpse (Elf:3)
  11 fire vortices (Pan)
  4 fungi
  A pillar of salt (Vaults:1)
  4 plants
  4 starspawn tentacles (Abyss:4)
  12 withered plants (Crypt:3)
4473 creatures vanquished.

Vanquished Creatures (collateral kills)
  Asmodeus (Geh:7)
  the Serpent of Hell (Geh:7)
  A greater mummy (Tomb:2)
  A shard shrike (Coc:7)
  Xtahua (Vaults:3)
  Geryon (Hell)
  A bone dragon (Depths:5)
  Arachne (Spider:3)
  2 pandemonium lords (Pan)
  2 Brimstone Fiends
  2 Tzitzimimeh (Tar:7)
  An iron giant (Dis:7)
  2 Hell Sentinels (Pan)
  A titan (Pan)
  5 Executioners (Pan)
  3 ancient champions (Dis:7)
  2 thorn hunters (Swamp:4)
  A shadow dragon (Depths:2)
  A fire giant (Vaults:5)
  A frost giant (Coc:7)
  An azure jelly (Lair:5)
  3 iron dragons
  A warmonger (Pan)
  A curse skull (Pan)
  A black sun (Pan)
  A cacodemon (Pan)
  3 deep elf sorcerers (Elf:3)
  6 emperor scorpions
  Aizul (Spider:3)
  A corrupter (Pan)
  An ironheart preserver (Vaults:3)
  A stone giant (Vaults:5)
  2 entropy weavers (Spider:3)
  A draconian annihilator (Pan)
  5 reapers
  A bennu (Tomb:2)
  7 deep elf annihilators
  A deep elf demonologist (Elf:3)
  3 spark wasps
  A quicksilver dragon zombie (Abyss:2)
  An ettin (Vaults:5)
  A deep elf high priest (Elf:3)
  2 mummy priests
  2 ragged hierophants (Desolation)
  A vault guard (Vaults:5)
  A servant of whispers (Desolation)
  A peacekeeper (Desolation)
  A hell beast (Dis:7)
  2 hydras (Swamp:2)
  A catoblepas (Lair:6)
  An ice dragon (Coc:7)
  A monstrous demonspawn (Pan)
  A two-headed ogre (Vaults:3)
  A shambling mangrove (Swamp:2)
  9 death scarabs
  3 death yaks (Lair:6)
  A deep troll shaman (Vaults:3)
  3 hell hogs
  A titan zombie (Geh:6)
  A dancing weapon (Vaults:5)
  A deep elf knight (Elf:3)
  4 sun demons
  6 soul eaters
  A storm dragon zombie (Geh:1)
  7 iron golems
  2 skeletal warriors (Hell)
  2 sixfirhies (Pan)
  2 anaconda zombies
  An infernal demonspawn (Pan)
  5 deep elf archers
  A gelid demonspawn (Pan)
  3 shadow demons
  A swamp dragon (Swamp:4)
  8 wolf spiders
  7 deep elf magi
  A moth of wrath (Spider:4)
  A fire giant zombie (Geh:7)
  5 orb spiders
  3 rust devils (Hell)
  5 orange demons (Pan)
  A frost giant skeleton (Pan)
  2 smoke demons (Pan)
  3 molten gargoyles (Geh:7)
  A storm dragon simulacrum (Tomb:3)
  4 hellions
  A freezing wraith (Tar:2)
  3 tormentors
  10 demonic crawlers
  6 jumping spiders
  3 red devils
  A guardian mummy (Tomb:2)
  A tyrant leech (Swamp:2)
  4 saltlings (Desolation)
  5 hornets
  5 large abominations (Pan)
  A fire giant simulacrum (Coc:7)
  13 redbacks
  5 flying skulls
  2 ynoxinuls (Pan)
  2 spriggans
  An ushabti (Tomb:2)
  4 tarantellas
  4 fire elementals (Geh:6)
  2 chaos spawn (Pan)
  6 yaks
  A black mamba skeleton (Tar:7)
  3 neqoxecs (Pan)
  2 vampire mosquitoes (Swamp:2)
  A swamp worm (Swamp:4)
  4 hell hounds
  An ice dragon simulacrum (Hell)
  A phantom (Geh:2)
  An ogre (Vaults:3)
  A wight (Geh:2)
  An electric eel (Spider:3)
  An orc wizard (Orc:2)
  2 mummies (Tomb:2)
  2 white imps (Coc:7)
  A briar patch (Swamp:2)
286 creatures vanquished.

Vanquished Creatures (others)
  Gloorx Vloq (Pan)
  3 eldritch tentacles
  A sphinx (Tomb:1)
  2 fire giants (Depths:4)
  A deep elf elementalist (Elf:3)
  3 stone giants
  A deep elf demonologist (Elf:3)
  A large abomination (Elf:3)
  A deep elf high priest (Vaults:5)
  4 yaktaur captains
  2 vault guards
  A necromancer (Depths:1)
  A deep elf archer (Vaults:4)
  A deep elf mage (Elf:1)
  3 cyclopes
  A molten gargoyle (Geh:7)
  A rust devil (Abyss:4)
  21 yaktaurs
  A red devil (Pan)
  A tengu conjurer (D:14)
  A jumping spider (Spider:4)
  A tyrant leech (Swamp:3)
  A saltling (Desolation)
  A wraith (Geh:7)
  A water elemental (Elf:1)
  3 tarantellas
  A yak (Lair:5)
  3 chaos spawn (Pan)
  A hell hound (Tar:2)
  A swamp drake (Swamp:3)
  2 orc warriors
  A necrophage (Dis:5)
  An ogre (Vaults:3)
  6 centaurs
  3 wights (Geh:6)
  An orc wizard (Orc:2)
  2 white imps
  4 ball lightnings (Pan)
  2 orcs
  2 briar patches (Swamp:2)
  14 fungi
  A pillar of salt (Crypt:3)
  17 plants
  A spectral weapon (Geh:7)
  11 starspawn tentacles (Abyss:4)
133 creatures vanquished.

Grand Total: 4892 creatures vanquished
